Workbook

Sheet Listados
A1: PROCESOS | B1: ÁREAS | C1: RESPONSABLE | D1: TIPO DE INDICADOR | F1: Cumple
A2: Direccionamiento Estratégico y Planeación | B2: Oficina Asesora de Planeación | C2: Jefe Oficina Asesora de Planeación | D2: Eficiencia | E2: Este tipo de indicadores pretenden medir la relación existente entre el avance en el logro de un determinado objetivo y los recursos empleados para la consecución de este | F2: Si
A3: Articulación y Cooperación Interinstitucional | B3: Oficina Asesora Jurídica | C3: Jefe Oficina Asesora Jurídica | D3: Eficacia | E3: determinar el nivel de cumplimiento de los objetivos específicos respecto a las metas establecidas previamente | F3: No
A4: Gestión del Patrimonio Arqueológico | B4: Oficina de Control Interno | C4: Jefe Oficina de Control Interno | D4: Efectividad | E4: detallan propiamente los efectos reales del accionar del proceso sobre sus usuarios; en particular cómo el logro de lo propuesto contribuye a resolver sus necesidades Ej. Satisfacción) | F4: No se midió
A5: Investigación y Publicación | B5: Oficina de Control Disciplinario Interno | C5: Jefe Oficina de Control Interno Disciplinario | D5: Estadística | F5: Medición inadecuada
A6: Participación, Diálogo Social y Relacionamiento con el Ciudadano | B6: Subdirección de Gestión del Patrimonio | F6: En avance
A7: Gestión Jurídica | B7: Área funcional de Tecnologías aplicadas al Patrimonio y Patrimonio Cultural Sumergido | C7: Coordinador del Grupo Financiero
A8: Gestión Financiera | B8: Grupo de Arqueología | C8: Coordinar Área de TI
A9: Gestión Contractual | B9: Grupo de Patrimonio | C9: Coordinador de Gestión Documental y Correspondencia
A10: Gestión Administrativa y Logística | B10: Subdirección de Investigación y Producción Científica | C10: Coordinador de Talento Humano
A11: Gestión Documental y Correspondencia | B11: Área Funcional de Publicaciones | C11: Subdirector de apropiación y relacionamiento con el ciudadano
A12: Comunicaciones | B12: Área Funcional de Librería | C12: Subdirector de Investigación y Producción Científica
A13: Talento y Desarrollo Humano | B13: Área Funcional de Investigación Arqueológica | C13: Subdirector de Gestión del Patrimonio
A14: Gestión de Tecnologías de la Información | B14: Grupo de Investigación | C14: Director General
A15: Control Disciplinario | B15: Subdirección de Apropiación Social y Relacionamiento con el Ciudadano. | C15: Secretaria General
A16: Mejoramiento Continuo | B16: Comunicaciones
A17: Evaluación y Control | B17: Área de Biblioteca Especializada
B18: Área Funcional de Museografía
B19: Área Funcional de Relacionamiento con el Ciudadano
B20: Área Funcional de Talento Humano
B21: Área de Correspondencia
B22: Área de Gestión Documental
B23: Área Funcional de Tecnologías y Sistemas de Información
B24: Área Funcional Presupuesto
B25: Área Funcional de Almacén
B26: Área Funcional De Tesorería
B27: Área Funcional de Contabilidad
B28: Área Funcional de Gestión de Contratos y Convenios
B29: Grupo Financiero
... B32: Área Funcional de Talento Humano - SST

Sheet Estadística a marzo
A1: PROCESO | B1: No. INDICADORES | C1: OPORTUNIDAD | D1: CALIDAD | E1: SATISFACCIÓN | F1: EFICACIA | G1: EFICIENCIA | H1: EFECTIVIDAD | I1: MEDICIÓN 2022 | J1: OBSERVACIÓN
A2: DIRECCIONAMIENTO ESTRATEGIO Y PLANEACION | B2: =SUM(C2:H2) -> 3 | C2: 1 | F2: 1 | H2: 1 | I2: AGENDADA
A3: GESTIÓN DE TECNOLOGÍAS DE LA INFORMACIÓN | B3: =SUM(C3:H3) -> 3 | C3: 1 | F3: 2 | I3: PENDIENTE
A4: COMUNICACIONES | B4: =SUM(C4:H4) -> 3 | C4: 1 | E4: 2 | I4: AGENDADA
A5: INVESTIGACIÓN Y DIVULGACIÓN | B5: =SUM(C5:H5) -> 3 | F5: 3 | I5: AGENDADA
A6: GESTIÓN DEL PATRIMONIO ARQUEOLÓGICO | B6: =SUM(C6:H6) -> 2 | F6: 1 | G6: 1 | I6: AGENDADA
A7: GESTIÓN DEL TALENTO HUMANO | B7: =SUM(C7:H7) -> 8 | C7: 3 | E7: 2 | F7: 3 | I7: EJECUTADA
A8: GESTIÓN JURÍDICA | B8: =SUM(C8:H8) -> 3 | F8: 2 | H8: 1 | I8: AGENDADA
A9: GESTIÓN DOCUMENTAL Y CORRESPONDENCIA | B9: =SUM(C9:H9) -> 2 | F9: 2 | I9: EJECUTADA
A10: PARTICIPACIÓN, DIÁLOGO SOCIAL Y RELACIONAMIENTO CON EL CIUDADANO | B10: =SUM(C10:H10) -> 6 | F10: 6 | I10: EJECUTADA
A11: GESTIÓN FINANCIERA | B11: =SUM(C11:H11) -> 5 | F11: 4 | H11: 1 | I11: AGENDADA
A12: EVALUACIÓN Y CONTROL | B12: =SUM(C12:H12) -> 2 | C12: 1 | H12: 1 | I12: AGENDADA
A13: CONTROL DISCIPLINARIO | B13: =SUM(C13:H13) -> 2 | C13: 1 | E13: 1 | I13: EJECUTADA
A14: MEJORAMIENTO CONTÍNUO | B14: =SUM(C14:H14) -> 2 | F14: 2 | I14: AGENDADA
A15: GESTIÓN DE CONTRACTUAL | B15: =SUM(C15:H15) -> 2 | F15: 2 | I15: PENDIENTE
A16: COOPERACIÓN Y ARTICULACIÓN INTERINSTITUCIONAL | B16: =SUM(C16:H16) -> 2 | F16: 1 | H16: 1 | I16: AGENDADA
A17: GESTIÓN ADMINISTRATIVA Y LOGÍSTICA | B17: =SUM(C17:H17) -> 7 | F17: 6 | G17: 1 | I17: EJECUTADA | J17: Pendiente aprobación de la propuesta entregada
A18: TOTAL | B18: =SUM(B2:B17) -> 55 | C18: =SUM(C2:C17) -> 8 | D18: =SUM(D2:D17) -> 0 | E18: =SUM(E2:E17) -> 5 | F18: =SUM(F2:F17) -> 35 | H18: =SUM(H2:H17) -> 5
A21: AGENDADA
A22: EJECUTADA
A23: PENDIENTE

Sheet Base de datos Indicadores ICANH
A1: MATRIZ DE INDICADORES DE GESTIÓN ICANH AÑO 2023 | K1: MEDICIÓN DEL INDICADOR (RESULTADO) Segundo semestre del 2022 | X1: SEGUIMIENTO Y ANÁLISIS LÍDER DE PROCESO O DELEGADO | AA1: OFICINA ASESORA DE PLANEACIÓN
A2: PROCESO | B2: AREA RESPONSABLE | C2: NOMBRE DEL INDICADOR | D2: OBJETIVO DEL INDICADOR | E2: TIPO DE INDICADOR | F2: FÓRMULA | G2: UNIDAD DE MEDIDA | H2: FRECUENCIA DE MEDICIÓN | I2: META | J2: FUENTE | K2: Enero | L2: Febrero | M2: Marzo | N2: Abril | O2: Mayo | P2: Junio | Q2: Julio | R2: Agosto | S2: Septiembre | T2: Octubre | U2: Noviembre | V2: Diciembre | W2: RUTA DE EVIDENCIA | X2: Cumple la meta establecida | Y2: Fecha del seguimiento | Z2: Observaciones | AA2: Observaciones
A3: Direccionamiento Estratégico y Planeación | B3: Oficina Asesora de Planeación | C3: Oportunidad en la formulación de planes estratégicos. | D3: Medir la formulación oportuna de los planes, programas y proyectos, para propender por el cumplimiento eficiente de los objetivos institucionales, sectoriales y metas de gobierno. | E3: Eficacia | F3: (No. planes formulados a tiempo* / total de planes establecidos) x 100 | G3: PORCENTAJE | H3: Trimestral | I3: > 95% SOBRESALIENTE > 90% ACEPTABLE | J3: Matriz de publicacion de planes institucionales | M3: 0.79 | W3: https://docs.google.com/spreadsheets/d/1Zd34V0rBk4bCmZO_tuUeBOaoJexPoWVU/edit#gid=366280517 | X3: No | Y3: 45026 | Z3: Tres (3) planes de 14 planes en total no se publicaron dentro de los tiempos establecidos: Plan Institucional de Capacitación - PIC, Plan de Bienestar e Incentivos Institucionales y Plan de Tratamiento de Riesgos de Seguridad y Privacidad de la Información. Se propone realizar un seguimiento más oportuno desde la formulación, implementación y publicación de los planes.
A4: Direccionamiento Estratégico y Planeación | B4: Oficina Asesora de Planeación | C4: Eficacia en la implementación de los planes institucionales | D4: Medir el cumplimiento de los planes institucionales a cargo de la OAP que permiten el direccionamiento estratégico institucional , para propender por el cumplimiento eficiente de los objetivos institucionales, sectoriales y metas de gobierno. | E4: Eficacia | F4: (# de planes ejecutados dentro del tiempo definido/total de planes formulados) x 100 | G4: PORCENTAJE | H4: Cuatrimestral | I4: > 95% SOBRESALIENTE > 90% ACEPTABLE ≤ 90% DEFICIENTE | J4: Cumplimiento planes OAP | N4: 0.14563333 | W4: https://docs.google.com/spreadsheets/d/1g0vmVi2WRSm-a63yiYq_GFkgmCfAjv1y/edit#gid=1397510375 | Y4: 45069 | Z4: Se cuenta con un promedio de ejecución de los planes de 14,56%. Se propone realizar fichas de indicadores de cada actividad y proyectar la ejecución de cada linea
A5: Direccionamiento Estratégico y Planeación | B5: Oficina Asesora de Planeación | C5: Cumplimiento de la ejecución presupuestal | D5: Medir la capacidad institucional para comprometer y recibir los productos final oportunamente y asi propender por el cumplimiento eficiente de los objetivos institucionales, sectoriales y metas de gobierno. | E5: Eficacia | F5: (Recursos comprometidos / recursos apropiados*) x 100 por línea de inversión. | G5: PORCENTAJE | H5: Semestral | I5: ≥ 85% para inversión | J5: Reporte SIIF
A6: Direccionamiento Estratégico y Planeación | B6: Oficina Asesora de Planeación | C6: Cumplimiento de la ejecución presupuestal | D6: Medir la capacidad institucional para comprometer y recibir los productos final oportunamente y asi propender por el cumplimiento eficiente de los objetivos institucionales, sectoriales y metas de gobierno. | E6: Eficacia | F6: (Recursos obligados / recursos apropiados*) x 100 línea de funcionamiento. | G6: PORCENTAJE | H6: Semestral | I6: ≥ 98 % para funcionamiento | J6: Reporte SIIF
A7: Articulación y Cooperación Interinstitucional | B7: Dirección General | C7: Oportunidad en la ejecución de las actividades planteadas para la cooperación | D7: Determinar la oportunidad de la acciones planteadas para realizar actividades de cooperación en la entidad. | E7: Eficacia | F7: (#actividades ejecutadas dentro de los tiempos definidos / total de actividades) x 100 | G7: PORCENTAJE | H7: Semestral | I7: ≥ 90% SOBRESALIENTE > 85% ACEPTABLE ≤ 70% DEFICIENTE | J7: Plan estrategico Objetivo 4 indicador 1 y 2
A8: Articulación y Cooperación Interinstitucional | B8: Dirección General | C8: Cobertura temática de la cooperación | D8: Determinar la cobertura de las acciones de cooperación formalizadas frente a las temáticas requeridas por la entidad. | E8: Efectividad | F8: (Temáticas abordadas en la alianza o cooperación / total de temáticas institucionales) x 100 | G8: PORCENTAJE | H8: Anual | I8: ≥ 90% SOBRESALIENTE > 85% ACEPTABLE ≤ 70% DEFICIENTE | J8: Evidencias del reporte de Plan estrategico Objetivo 4 indicador 1 y 2
A9: Mejoramiento Continuo | B9: Oficina Asesora de Planeación | C9: Desempeño Institucional | D9: Determinar el grado de cumplimiento de la entidad frente a los requisitos establecidos por el MIPG. | E9: Eficacia | F9: (Puntaje obtenido en FURAG vigencia actual - Puntaje obtenido en FURAG vigencia anterior) | G9: PORCENTAJE | H9: Anual | I9: ≥0 | J9: Resultados FURAG 2020/2021
A10: Mejoramiento Continuo | B10: Oficina Asesora de Planeación | C10: Eficacia del Sistema de Gestión | D10: Establecer el aporte de los planes de mejora a las políticas de MIPG. | E10: Eficacia | F10: (# políticas que se mantuvieron o mejoraron en la vigencia/ total de políticas de la vigencia) x 100 | G10: PORCENTAJE | H10: Anual | I10: ≥ 90% SOBRESALIENTE > 85% ACEPTABLE ≤ 70% DEFICIENTE | J10: Resultados FURAG 2021
A11: Comunicaciones | B11: Subdirección de Apropiación Social y Relacionamiento con el Ciudadano. | C11: Oportunidad en la atención a los requerimientos recibidos | D11: Gestionar la comunicación interna y externa de la entidad de manera oportuna de forma que permita la proyección y el posicionamiento de la imagen institucional. | E11: Eficacia | F11: (# de requerimientos con respuesta dentro de los tiempos establecidos*/ total de requerimientos del período) x 100 por tipo de requerimiento *Tiempos establecidos por el proceso en el procedimiento de | G11: PORCENTAJE | H11: Trimestral | I11: ≥ 85% SOBRESALIENTE > 75% ACEPTABLE | J11: Formulario de solicitudes | M11: 85 | P11: 85 | Y11: 45166 | Z11: De las actividades solicitadas, por el formulario en reuniones y otros espacios se ha entregado el 100% de 59 solicitudes se han cumplido con la entrega de todas y se reporta 91 solicitudes adicionales, en publicaciones en redes sociales se ha aumentado la divulgación paulatinamente como quedan en los informes: FORMULARIO DE SOLICITUDES: https://docs.google.com/spreadsheets/d/1aPgQ_Ql4qkoBTTPDnMsoZ4xvXOzTS8mOuZTYKEdAIjs/edit?usp=sharing FORMULARIO DE PUBLICACIONES EN LA PÁGINA: https://docs.google.com/spreadsheets/d/1zl9r9p4RW4mC98o2D-UuCr09zJ3D6Cx70_0VC9zqeus/edit?usp=sharing ACUMULADO DE ACTIVIDADES: https://docs.google.com/spreadsheets/d/1tHlojnjOGlcYkAgXmAYy1tuiYmIOqkow/edit?usp=sharing&ouid=114662844445812194962&rtpof=true&sd=true
A12: Comunicaciones | B12: Subdirección de Apropiación Social y Relacionamiento con el Ciudadano. | C12: Alcance de las publicaciones en la sede electrónica. | D12: Mantener o aumentar el número de visitas en la sede electrónica. | E12: Efectividad | F12: # visitantes del periodo anterior - # visitantes del periodo evaluado | G12: VALOR ABSOLUTO | H12: Cuatrimestral | I12: ≥1 | J12: Analítica web | N12: 5461 | W12: https://drive.google.com/file/d/1AgCnvPHVFqnjvv0lkQgD5ozuTy5lX7Wd/view?usp=sharing | X12: Si | Y12: 45056 | Z12: Se entrega el informe de las estadisticas de la sede electrónica: https://drive.google.com/file/d/1AgCnvPHVFqnjvv0lkQgD5ozuTy5lX7Wd/view?usp=sharing
A13: Comunicaciones | B13: Subdirección de Apropiación Social y Relacionamiento con el Ciudadano. | C13: Calidad en las solicitudes de comunicaciones atendidas | D13: Conocer la satisfacción de los usarios internos que solicitan apoyo de comunicaciones. | E13: Efectividad | F13: (# de respuestas positivas dentro del rango establecido / total de respuestas) x 100 por tipo de plataforma | G13: PORCENTAJE | H13: Semestral | I13: ≥ 85% SOBRESALIENTE > 75% ACEPTABLE ≤ 75% DEFICIENTE | J13: Encuestas de satisfacción | Y13: 45166 | Z13: Se está desarrollando la encuesta de satisfacción que los resultados se terminarán de recoger el 15 de septiembre en este enlace:https://es.surveymonkey.com/r/F7B6FD2
A14: Gestión de Tecnologías de la Información | B14: Área Funcional de Tecnologías y Sistemas de Información | C14: Implementación y gestión del PETIC | D14: Cumplir con las actividades propuestas para el logro de los dominios de la estrategia de gobierno digital. | E14: Eficacia | F14: (# actividades cumplidas / # actividades planeadas) x 100 | G14: PORCENTAJE | H14: Anual | I14: ≥ 85% SOBRESALIENTE > 75% ACEPTABLE ≤ 75% DEFICIENTE | J14: Documento de seguimiento PETIC
A15: Gestión de Tecnologías de la Información | B15: Área Funcional de Tecnologías y Sistemas de Información | C15: Funcionamiento efectivo de las plataformas y sistemas de información | D15: Establecer para el Instituto Colombiano de Antropología e Historia los parámetros para la gestión, administración y gobernanza de los servicios de información en alineación con los objetivos institucionales y la adopción del marco legal, con el fin de facilitar el acceso, uso eficiente y seguro de la infraestructura tecnológica de la entidad. | E15: Eficacia | F15: (# horas en funcionamiento mensuales (720 horas)/# de horas de indisponibilidad)*100 de cada plataforma o sistema de información | G15: PORCENTAJE | H15: Mensual | I15: ≥ 94% SOBRESALIENTE > 85% ACEPTABLE | J15: Registro de incidentes para el periodo 2022 | K15: 0 | L15: 0.055555556 | M15: 0.018518519 | N15: 0.096296296 | W15: https://docs.google.com/spreadsheets/d/1COtz9_2zqQdF_xo8WqTLhKybC9Ttg8LM/edit?usp=sharing&ouid=102862204961050268111&rtpof=true&sd=true
A16: Participación, Diálogo Social y Relacionamiento con el Ciudadano | B16: Área de Biblioteca Especializada | C16: Volumen de consultas | D16: Medir la gestión en el préstamo bibliotecario | E16: Eficacia | F16: (Cantidad de solicitudes de material bibliográfico atendidas en la Biblioteca especializada durante el día/ Total de solicitudes de material por día) x 100 *Consolidado por mes. | G16: PORCENTAJE | H16: Trimestral | I16: ≥ 85% SOBRESALIENTE > 75% ACEPTABLE | J16: * Estadística diaria de atención presencial. * Estadística de solicitudes atendidas por correo electrónico. * Aplicativo que informa el número de préstamos atendidos.
A17: Participación, Diálogo Social y Relacionamiento con el Ciudadano | B17: Área de Biblioteca Especializada | C17: Satisfacción del servicio de biblioteca especializada | D17: Medir la satisfacción en la prestación del servicio de la biblioteca especializada. | E17: Efectividad | F17: (# respuestas dentro del rango satisfactorio / total encuestas realizadas) x 100 | G17: PORCENTAJE | H17: Trimestral | I17: ≥ 85% SOBRESALIENTE > 75% ACEPTABLE | J17: Formulario de encuesta
A18: Participación, Diálogo Social y Relacionamiento con el Ciudadano | B18: Área Funcional de Relacionamiento con el Ciudadano | C18: Oportunidad en la atención al ciudadano (PQRSDF) | D18: Garantizar la oportunidad en la respuesta de las PQRSDF realizadas por la ciudadania. | E18: Eficacia | F18: (# de PQRSDF con respuesta dentro de los tiempos establecidos*/ total de PQRSDF del período) x 100 *Tiempos de respuesta legales/reglamentarios *Tiempos establecidos por la entidad. | G18: PORCENTAJE | H18: Trimestral con seguimiento semestral | I18: ≥ 85% SOBRESALIENTE > 70% ACEPTABLE | J18: Sistema de Gestión Documental Base de datos de PQRSDF | M18: 0.964 | W18: https://www.icanh.gov.co/recursos_user/Informe_PQRSDF_primer_trimestre_2023.pdf
A19: Participación, Diálogo Social y Relacionamiento con el Ciudadano | B19: Área Funcional de Relacionamiento con el Ciudadano | C19: Satisfacción de los grupos de valor e interés en la atención a servicios. | D19: Medir la satisfacción por parte de los usuarios en temas de servicio. | E19: Efectividad | F19: (# de respuestas positivas dadas en la encuesta de satisfacción del manejo de trámites y servicios / total de respuestas) x 100 | G19: PORCENTAJE | H19: Anual con seguimiento semestral | I19: ≥ 80% SOBRESALIENTE > 65% ACEPTABLE ≤ 65% DEFICIENTE | J19: Encuesta de percepción a la ciudadana de trámites y servivios
A20: Participación, Diálogo Social y Relacionamiento con el Ciudadano | B20: Área Funcional de Relacionamiento con el Ciudadano | C20: Satisfacción de los grupos de valor e interés en los espacios de participación ejecutados (agilicen, simplifiquen y flexibilicen) | D20: Incentivar espacios de participacion que promuevan la satisfacción de los grupos de valor. | E20: Efectividad | F20: (# de respuestas positivas dadas en los espacios de participacion / total de respuestas de los espacios de participación) x 100 * Por espacio de participación seleccionados. | G20: PORCENTAJE | H20: Anual con seguimiento semestral | I20: ≥ 80% SOBRESALIENTE > 65% ACEPTABLE ≤ 65% DEFICIENTE | J20: Encuesta de evaluación del ejercicio de rendición de cuentas
A21: Gestión del Patrimonio Arqueológico | B21: Grupo de Arqueología | C21: Hallazgos fortuitos | D21: Medir gestión del área frente los reportes de hallazgos fortuitos o casos de afectación del patrimonio arqueológico | E21: Eficacia | F21: (Cantidad de acciones realizadas oportunamente/ Cantidad de reportes de hallazgos fortuitos) x 100 | G21: PORCENTAJE | H21: Mensual con análisis Semestral | I21: ≥ 85% SOBRESALIENTE > 70% ACEPTABLE ≤ 70% DEFICIENTE | J21: Base de datos de hallazgos fortuitos | K21: 0.1 | L21: 0.286 | M21: 0.238 | N21: 0.241 | O21: 0.6 | P21: 0.457 | Q21: 0.702 | R21: 0.805 | S21: 1 | T21: 0.895 | U21: 1 | W21: https://drive.google.com/drive/folders/1Fa1OWJ5HfNoJRvxiUoBis7C2YEbReKTG | Z21: El porcentaje fue aceptable, mostrando una mejora con respecto al segundo semestre de 2022 (67,2%), aunque el porcentaje se vio afectado por demoras en la contratación de los profesionales encargados de atender los reportes de hallazgos fortuitos y denuncias de afectación al patrimonio.
A22: Gestión del Patrimonio Arqueológico | B22: Grupo de Arqueología | C22: Programa de Arqueologia Preventiva. | D22: Determinar la capacidad de respuesta del área frente a la solicitud realizada. | E22: Eficacia | F22: Días transcurridos entre la asignación de la solicitud al evaluador y la notificación de respuesta. (midiendo el tiempo que la Oficina Asesora Jurídica se demora en responder) | G22: DÍAS HÁBILES | H22: Mensual con análisis Semestral | I22: 15 días | J22: Formularios PAP | K22: 11 | L22: 16.2 | M22: 19.3 | N22: 16.2 | O22: 16.8 | P22: 16.4 | Q22: 16 | R22: 12.4 | S22: 14.2 | T22: 16 | U22: 16.8 | W22: https://drive.google.com/drive/folders/1Fa1OWJ5HfNoJRvxiUoBis7C2YEbReKTG | Z22: Los días hábiles indicados (13,9 en promedio), corresponden a la duración de la totalidad del trámite de la solicitud, es decir, desde que fue radicada ante el ICANH hasta que se notificó su respuesta. Los tiempos de respuesta no solo dependen del grupo de arqueología, ya que en el proceso participa la OAJ y el Subdirector de Gestión del Patrimonio. En la medición no se excluyeron los trámites para las cuales se informó al solicitante que nos tomariamos 15 días hábiles adicionales, de conformidad con lo previsto en el CPACA.
A23: Investigación y Publicación | B23: Área Funcional de Publicaciones | C23: Publicaciones Finalizadas. | D23: Medir la productividad editorial del Instituto. | E23: Eficacia | F23: (Cantidad de publicaciones finalizadas / Cantidad de publicaciones planeadas)X 100 | G23: PORCENTAJE | H23: Semestral | I23: ≥ 80% SOBRESALIENTE > 70% ACEPTABLE
A24: Investigación y Publicación | B24: Área Funcional de Publicaciones | C24: Calidad de los manuscritos recibidos | D24: Medir la calidad de los manuscritos recibidos para garantizar los estándares del catálogo editorial del ICANH. | E24: Eficacia | F24: (Número de manuscritos aprobados (word) / Número de manuscritos recibidos en la vigencia) x100% | G24: PORCENTAJE | H24: Anual con seguimiento semestral | I24: ≥ 80% SOBRESALIENTE > 70% ACEPTABLE
A25: Investigación y Publicación | B25: Área Funcional de Publicaciones | C25: Gestión del Plan Editorial | D25: Medir la gestión editorial en términos de tiempos de respuesta dentro del plan editorial de la vigencia. | E25: Eficacia | F25: (Número de libros impresos o ingresados a OMP / libros planeados en la vigencia) x 100 | G25: Porcentaje | H25: Mensual | I25: Anual ≥ 80% SOBRESALIENTE > 70% ACEPTABLE | J25: Actas del Comité Editorial y Plan de acción Institucional. | K25: 0 | L25: 0.0833 | M25: 0.25 | N25: 37.5% | W25: https://drive.google.com/drive/folders/15egmds8rIg7wIpQomBDDsPEuOGf7Ie3p | Y25: 45037 | Z25: La oficina cumple y reporta mensualmente los avances de las publicaciones en OMP. Así en la meta propuesta de 24 obras posibles se establece un avance para el mes de abril de 9 obras, es decir, un 37,5% para el primer trimestre de 2023.
A26: Investigación y Publicación | B26: Área Funcional de Publicaciones | C26: Distribución y visibilidad de la Librería | D26: Medir la eficacia del canal propio de distribución editorial | E26: Eficacia | F26: (Número de ventas en la librería/ Número de ejemplares ingresados al almacén) x 100 | G26: Porcentaje | H26: Anual con seguimiento semestral | I26: ≥ 80% SOBRESALIENTE > 70% ACEPTABLE ≤ 50% DEFICIENTE
A27: Investigación y Publicación | B27: Área Funcional de Publicaciones | C27: Ventas realizadas en los eventos feriales | D27: Establecer el porcentaje de ventas de los ejemplares que se llevan a los diferentes eventos feriales en los que participa el ICANH. | E27: Eficacia | F27: (Número de ejemplares llevados a eventos feriales / Número de ventas) x 100 | G27: Porcentaje | H27: Anual con seguimiento semestral | I27: ≥ 80% SOBRESALIENTE > 70% ACEPTABLE ≤ 50% DEFICIENTE
A28: Investigación y Publicación | B28: Grupo de Investigación | C28: Acogida de las investigaciones y publicaciones del ICANH | D28: Medir el factor de acogida de las investigaciones y publicaciones realizadas por el ICANH en al menos uno de los medios de comunicación oficiales. | E28: Efectividad | F28: (# eventos realizados con visitas esperadas*/ total de eventos realizados) x 100 en el canal YOUTUBE. * Promedio de visualizaciones | G28: PORCENTAJE | H28: Anual Seguimiento semestral | I28: ≥ 80% SOBRESALIENTE > 70% ACEPTABLE ≤ 50% DEFICIENTE | J28: Estadística de visualizaciones por evento en el canal YOUTUBE.
A29: Talento y Desarrollo Humano | B29: Área Funcional de Talento Humano | C29: Satisfacción en el plan de bienestar. | D29: Establecer la satisfacción en las actividades del plan bienestar. | E29: Efectividad | F29: (Cantidad de encuestas con calificación satisfactoria / Total encuestas realizadas)*100 Por cada plan (bienestar) | G29: PORCENTAJE | H29: Anual Seguimiento semestral | I29: ≥ 80% | J29: Formulario de asistencia y encuesta de satisfacción | K29: Formulario de asistencia y encuesta de satisfacción | L29: 0 | M29: 1 | N29: 0 | W29: https://drive.google.com/drive/folders/1qoTIcb2U1B8ov0F4_gpM6dH014ojCwxu?usp=share_link | Z29: Durante el trimestre solicitado no se realizaron encuestas de satisfacción
A30: Talento y Desarrollo Humano | B30: Área Funcional de Talento Humano | C30: Satisfacción en el plan de capacitación. | D30: Establecer la satisfacción en las actividades del plan de capacitación. | E30: Efectividad | F30: (Cantidad de encuestas con calificación satisfactoria / Total encuestas realizadas)*100 Por cada plan (capacitación) | G30: PORCENTAJE | H30: Anual Seguimiento semestral | I30: ≥ 80% | J30: Formulario de encuesta de satisfacción a las capacitaciones recibidas. | K30: Formulario de encuesta de satisfacción a las capacitaciones recibidas. | L30: 0 | M30: 0 | N30: 0 | W30: No Aplica | Z30: Durante el primer trimestre no se presentaron novedades respecto a errores en las liquidaciones de la nómina.
A31: Talento y Desarrollo Humano | B31: Área Funcional de Talento Humano | C31: Calidad en la liquidación de la nómina de la entidad. | D31: Establecer el número de novedades en un peridoso para determinar acciones correctivas con el fin de estabilizar el proceso de liquidación de nómina. | E31: Eficacia | F31: (# de liquidaciones sin novedades o errores / Total de liquidaciones de nómina) x 100 | G31: PORCENTAJE | H31: Anual Seguimiento semestral | I31: ≥ 90% | J31: Correos con la novedad | K31: 0 | L31: 0 | M31: 0 | W31: https://drive.google.com/drive/folders/1ci6RcufTdvYtFsWZWaCdZOtVN1T6Q-QU
A32: Talento y Desarrollo Humano | B32: Área Funcional de Talento Humano - SST | C32: Frecuencia de la accidentalidad | D32: Conocer cuántos accidentes de trabajo se presentaron por cada cien (100) trabajadores que laboraron en el mes con el fin de para establecer una línea base y tomar las medidas necesarias parapara establecer una línea base y para evaluar la mejora continua en el sistema. | E32: Eficacia | F32: (Número de accidentes de trabajo que se presentaron en el mes / Número de trabajadores en el mes) * 100 | G32: PORCENTAJE | H32: Mensual | I32: 0 | J32: Caracterización de accidentalidad | K32: 0 | L32: 0.004 | M32: 0 | W32: https://docs.google.com/spreadsheets/d/1l6nGJpPwax9d347maDYOdF-8giCUxbyn/edit?usp=drive_web&ouid=110331003666022470321&rtpof=true
A33: Talento y Desarrollo Humano | B33: Área Funcional de Talento Humano - SST | C33: Severidad de la accidentalidad | D33: Conocer cuántos días de trabajo se perdieron por accidentes de trabajopor por cada cien (100) trabajadores que laboraron en el mes con el fin de para establecer una línea base y tomar las medidas necesarias para evaluar la mejora continua en el sistema. | E33: Eficacia | F33: (Número de días de incapacidad por accidente de trabajo en el mes + número de días cargados (capacidad laboral) en el mes / Número de trabajadores en el mes) * 100 | G33: PORCENTAJE | H33: Mensual | I33: 0 | J33: Caracterización de accidentalidad | K33: 0 | L33: 0.0001 | M33: 0 | W33: https://docs.google.com/spreadsheets/d/1l6nGJpPwax9d347maDYOdF-8giCUxbyn/edit?usp=drive_web&ouid=110331003666022470321&rtpof=true
A34: Talento y Desarrollo Humano | B34: Área Funcional de Talento Humano - SST | C34: Proporción de accidentes mortales | D34: Conocer en el año el % de accidentes de trabajo que fueron mortales con el fin de establecer una línea base y tomar las medidas necesarias para evaluar la mejora continua en el sistema. | E34: Eficacia | F34: (Número de accidentes de trabajo mortales que se presentaron en el año / Total de accidentes de trabajo que se presentaron en el año ) * 100 | G34: PORCENTAJE | H34: Anual | I34: 0 | J34: Caracterización de accidentalidad | K34: 0 | L34: 0 | M34: 0 | W34: https://docs.google.com/spreadsheets/d/1l6nGJpPwax9d347maDYOdF-8giCUxbyn/edit?usp=drive_web&ouid=110331003666022470321&rtpof=true
A35: Talento y Desarrollo Humano | B35: Área Funcional de Talento Humano - SST | C35: Incidencia de la enfermedad laboral | D35: Conocer el número de casos nuevos de enfermedad laboral en el periodo por cada 100.000 trabajadores con el fin de para establecer una línea base y tomar las medidas necesarias para evaluar la mejora continua en el sistema. | E35: Eficacia | F35: (Número de casos nuevos de enfermedad laboral en el periodo “Z” / Promedio de trabajadores en el periodo “Z”) * 100.000 | G35: VALOR ABOLUTO | H35: Anual | I35: 0 | J35: Caracterización de accidentalidad | K35: 0 | L35: 0 | M35: 0 | W35: https://docs.google.com/spreadsheets/d/1l6nGJpPwax9d347maDYOdF-8giCUxbyn/edit?usp=drive_web&ouid=110331003666022470321&rtpof=true
A36: Talento y Desarrollo Humano | B36: Área Funcional de Talento Humano - SST | C36: Prevalencia de la enfermedad laboral | D36: Conocer el número de casos de enfermedad laboral en el periodo por cada 100.000 trabajadores con el fin de establecer una línea base y tomar las medidas necesarias para evaluar la mejora continua en el sistema. | E36: Eficacia | F36: (Número de casos nuevos y antiguos de enfermedad laboral en el periodo “Z” / Promedio de trabajadores en el periodo “Z”) * 100.000 | G36: VALOR ABOLUTO | H36: Anual | I36: 0 | J36: Caracterización de accidentalidad | K36: 0 | L36: 0 | M36: 0 | W36: https://docs.google.com/spreadsheets/d/1l6nGJpPwax9d347maDYOdF-8giCUxbyn/edit?usp=drive_web&ouid=110331003666022470321&rtpof=true
A37: Talento y Desarrollo Humano | B37: Área Funcional de Talento Humano - SST | C37: Ausentismo por causa médica | D37: Conocer en el mes el % de días de trabajo perdidos por incapacidad médica con el fin de establecer una línea base y tomar las medidas necesarias para evaluar la mejora continua en el sistema. | E37: Eficacia | F37: (Número de días de ausencia por incapacidad laboral o común en el mes / Número de días de trabajo programados en el mes ) * 100 * Solo para funcionarios | G37: PORCENTAJE | H37: Mensual | I37: 0 | J37: Novedades de nómina por incapacidad médica de funcionarios. | K37: 0.9% | L37: 0 | M37: 0.4% | W37: https://drive.google.com/drive/folders/1ci6RcufTdvYtFsWZWaCdZOtVN1T6Q-QU | Z37: Para el mes de febrero no se presentaron incapacidades por enfermedad general
A38: Talento y Desarrollo Humano | B38: Área Funcional de Talento Humano | C38: Oportunidad en la vinculación de Funcionarios en los niveles directivo, profesional y asesor. | D38: Establecer la oportunidad en la vinculación del personal que requiere la entidad | E38: Eficacia | F38: (Fecha de nombramiento y posesión - la fecha del requerimiento) promedio por nivel directivo, asesor y profesional. * Días hábiles. | G38: DÍAS | H38: Anual Seguimiento semestral | I38: ≤ 15 días | J38: Matriz de cubrimiento de una vacancia | K38: Directivo: 0 Asesor: 0 Profesional: 10,6 | L38: Directivo: 0 Asesor: 0 Profesional: 0 | M38: Directivo: 7,5 Asesor: 0 Profesional: 1 | W38: https://drive.google.com/drive/folders/15T5azRQctb4W1VYDj_ywGk-LV9AJ6v1_
A39: Gestión Jurídica | B39: Oficina Asesora Jurídica | C39: Oportunidad en la gestión de los procedimientos administrativos (Grupo de Arqueología) | D39: Establecer la oportunidad en la gestión de los procesos administrativos que realiza la Oficina Asesora Jurídica para el Grupo de Arqueología. | E39: Eficacia | F39: (N° de actos administrativos y comunicaciones del Grupo de Arqueología revisados y tramitados por la OAJ de forma oportuna* / Total de actos administrativos y comunicaciones solicitados por el Grupo de Arqueología) x 100 * 5 días. | G39: PORCENTAJE | H39: Semestral | I39: ≥ 85% | J39: Base de actos administrativos y comunicaciones solicitados por el Grupo de Arqueología.
A40: Gestión Jurídica | B40: Oficina Asesora Jurídica | C40: Oportunidad en la emisión de conceptos jurídicos | D40: Establecer la oportunidad en la emisión de conceptos jurídicos solicitados a la Oficina tanto internos como externos. | E40: Eficacia | F40: (Número de solicitudes, derechos de peticion y conceptos emitidos oportunamente*/ total de solicitudes, derechos de peticion y conceptos requeridos) x 100 * Tiempos de ley acorde a la solicitud. | G40: PORCENTAJE | H40: Semestral | I40: ≥ 85% | J40: Base de solicitudes, derechos de petición y conceptos
A41: Gestión Jurídica | B41: Oficina Asesora Jurídica | C41: Gestión de la Oficina Asesora Jurídica en cuanto a la gestión de la política de prevención del daño antijuridico (PPDA) | D41: Conocer la gestión de la OAJ en cuanto a las tutelas recibidas con respecto a la gestión de la política de prevención del daño antijuridico del año en curso con respecto al año anterior. | E41: Eficacia | F41: Número de fallos en firme en contra de la entidad del año anterior de la causa con PPDA - Número de fallos en firme en contra de la entidad del año en curso de la causa con PPDA. | G41: VALOR ABOLUTO | H41: Anual | I41: ≤ 0 | J41: Demandas causa PPDA
A42: Gestión Documental y Correspondencia | B42: Área de Correspondencia | C42: Gestión de correspondencia | D42: Determinar el cumplimiento del área de correspondencia en cuanto a la distribución de las comunicaciones oficiales recibidas por los diferentes canales. | E42: Eficacia | F42: (# de comunicaciones distribuidas oportunamente* / Total de documentos comunicaciones oficiales recibidas) x 100. * Tiempo definido por el proceso en el Manual de Correspondencia. | G42: PORCENTAJE | H42: Mensual | I42: ≥ 85% SOBRESALIENTE > 75% ACEPTABLE | J42: Sistema de Gestión Documental y formato planilla de control de entrega/recibido correspondencia. | K42: 0.85 | L42: 0.75 | M42: 0.8 | N42: 0.85 | W42: https://drive.google.com/drive/folders/1fL_8zplQW2kkMxMGlOYr6cJLCRNLGi5m?usp=share_link | X42: Si | Y42: 45056
A43: Gestión Documental y Correspondencia | B43: Área de Gestión Documental | C43: Gestion documental | D43: Determinar el cumplimiento de transferencias primarias programadas al archivo central. | E43: Eficacia | F43: (# Transferencias documentales realizadas al Archivo Central en el tiempo establecido* / Transferencias programadas) x 100 * De acuerdo al cronograma establecido. | G43: PORCENTAJE | H43: Anual Seguimiento semestral | I43: ≥ 85% SOBRESALIENTE > 75% ACEPTABLE ≤ 75% DEFICIENTE | J43: Cronograma de transferencias
A44: Gestión Financiera | B44: Área Funcional Presupuesto | C44: Gestión Presupuestal | D44: Cuantificar la ejecución de la gestión presupuestal. | E44: Eficacia | F44: (Monto de compromisos / total de apropiación) x 100 (Monto de obligaciones /total de apropiación) x 100 | G44: PORCENTAJE | H44: Anual Seguimiento semestral | I44: ≥ 97% | J44: Reporte de ejecución (SIIF) | K44: 14% ejecución compromisos 2% ejecución obligaciones | L44: 21% ejecución compromisos 6% ejecución obligaciones | M44: 26% ejecución compromisos 10% ejecución obligaciones | N44: 30% ejecución compromisos 13% ejecución obligaciones | O44: 40% ejecución compromisos 19% ejecución obligaciones | P44: 49% ejecución compromisos 24% ejecución obligaciones | Q44: 63% ejecución compromisos 36% ejecución obligaciones | R44: 69% ejecución compromisos 44% ejecución obligaciones
A45: Gestión Financiera | B45: Área Funcional Presupuesto | C45: Control del gasto de recursos propios | D45: Controlar el gasto contra el recaudo de los recursos propios. | E45: Eficacia | F45: (total del recaudo - total de CDP expedidos recursos propios) | G45: VALOR ABOLUTO | H45: Mensual Seguimiento semestral | I45: ≥ 0 | J45: Reporte de ingresos (SIIF) | K45: $ 279.121.452.80 | L45: $ 486.336.003.70 | M45: $ 754.726.935.70 | N45: $ 1.056.322.367.43 | O45: $ 1.128.094.660.40 | P45: $ 1.093.289.607.45 | Q45: $ 1.351.459.477.80 | R45: $ 2.261.973.694.45 | W45: https://drive.google.com/drive/folders/1FUWy1KSYnUkpnz-d_hnRSXUOgIIjFH9E?usp=share_link | X45: Si | Y45: 45162 | Z45: En los meses de enero a julio se han recaudado en recursos propios un valor mayor al afectado presupuestalmente con expedición de , lo que garantiza disponibilidad de recursos.
A46: Gestión Financiera | B46: Área Funcional Presupuesto | C46: Gestion PAC | D46: Identificar el nivel de cumplimiento del PAC por área o dependencia. | E46: Eficacia | F46: (Valor de recursos ejecutados PAC / recursos programados PAC) x 100 por área o dependencia | G46: PORCENTAJE | H46: Trimestral Seguimiento semestral | I46: ≥ 90% | J46: Reporte PAC del año | K46: gastos de personal 99% gastos generales 98% gastos de inversión 99% | L46: gastos de personal 97% gastos generales 85% gastos de inversión 100% | M46: gastos de personal 88% gastos generales 90% gastos de inversión 100% | N46: gastos de personal 101% gastos generales 57% gastos de inversión 97% | O46: gastos de personal 116% gastos generales 102% gastos de inversión 97% | P46: gastos de personal 104% gastos generales 98% gastos de inversión 94% | Q46: gastos de personal 105% gastos generales 95% gastos de inversión 89% | R46: gastos de personal 95% gastos generales 95% gastos de inversión 84% | W46: https://drive.google.com/drive/folders/1FUWy1KSYnUkpnz-d_hnRSXUOgIIjFH9E?usp=share_link | X46: Si | Y46: 45048 | Z46: En el primer trimestre del año la medición de este indicador se basó en la ejecución del PAC por posiciones de gastos (gastos de personal - gastos generales - gastos de inversión) para el siguiente trimestre se realizará la revisión por áreas mas detalladas para analisis de la ejecución. Por solicitud del grupo PAC del Ministerio de Hacienda se realizó reprogramación del PAC de abril gastos generales debido a que en los meses anteriores se habia solicitado PAC por encima del ritmo de ejecución. En el seguimiento realizado a las solicituddes de PAC del mes de mayo se observa mayor cumplimiento por parte de las áreas.
A47: Gestión Financiera | B47: Área Funcional de Contabilidad | C47: Gestión contable | D47: Establecer la capacidad de trámite de obligaciones. | E47: Eficacia | F47: (Número de obligaciones anuladas/número de obligaciones registradas) x 100 | G47: PORCENTAJE | H47: Semestral | I47: ≤ 2% | J47: Listado de obligaciones (SIIF) | P47: =18/1700 -> 0.010588235
A48: Gestión Contractual | B48: Área funcional de gestión de Contratos y Convenios | C48: Oportunidad en la gestión contractual | D48: Evaluar la oportunidad en la gestión de los contratos con el fin de implementar acciones que garanticen una deacuada operación de la entidad. | E48: Eficacia | F48: (Número de convenios/contratos /órdenes de compra tramitados dentro de los tiempos establecidos /total de solicitudes convenios/ contratos/órdenes recibidas) x 100 | G48: PORCENTAJE | H48: Semestral con seguimiento mensual | I48: ≥ 85%
A49: Evaluación y Control | B49: Oficina de Control Interno | C49: Efectividad de los controles del Sistema de Control Interno | D49: Medir la efectividad del sistema del control interno de la entidad mediante la implementacion de las herramientas dispuestas por el DAFP para tal efecto. | E49: Efectividad | F49: De acuerdo a la matriz definida por DAFP | G49: PORCENTAJE | H49: Semestral | I49: ≥ 75% Opera correctamente > 50% Requiere acciones de mejora ≤ 50% No opera correctamente | J49: Matriz del DAFP
A50: Evaluación y Control | B50: Oficina de Control Interno | C50: Cumplimiento oportuno de las actividades del plan integral | D50: Evaluar la oportunidad del cumplimiento de las actividades del plan integral de auditorias, con el fin de generar alertas tempranas y contribuir con el mejoramiento continuo en la gestión Institucional. | E50: Eficacia | F50: (# actividades cumplidas oportunamente* / total de actividades programas al corte) x 100 *Cronograma establecido | G50: PORCENTAJE | H50: Anual Semestral | I50: ≥ 85% | J50: Cronograma del Plan
A51: Control Disciplinario | B51: Oficina de Control Disciplinario Interno | C51: Percepción por parte de los servidores de la entidad de la estrategia de apropiación del régimen disciplinario | D51: Prevenir la materializacion de investigaciones disciplinarias al interior de la entidad mediante la apropiacion del regimen disciplinario. | E51: Efectividad | F51: Promedio de la calificación de las encuestas de las actividades de prevención que se realicen en el marco del control interno disciplinario | G51: PORCENTAJE | H51: Anual | I51: ≥ 90% SOBRESALIENTE > 70% ACEPTABLE ≤ 70% DEFICIENTE | J51: Formulario de encuesta de satisfacción a las capacitaciones recibidas.
A52: Control Disciplinario | B52: Oficina de Control Disciplinario Interno | C52: Oportunidad en la gestión de las etapas del proceso disciplinario | D52: Adelantar las investigaciones disciplinarias que se puedan generar en contra de los servidores públicos y exservidores, de forma oportuna y diligente, dando aplicación a la normatividad vigente con el fin de proteger el ejercicio de la función pública. | E52: Eficacia | F52: (Número de procesos sin etapa vencida al corte / total de procesos) x 100 | G52: PORCENTAJE | H52: Semestral | I52: ≥ 90% SOBRESALIENTE > 70% ACEPTABLE ≤ 70% DEFICIENTE | J52: Base denominada control de expedientes disciplinarios primera instancia
A53: Gestión Administrativa y Logística | B53: Secretaría General | C53: Eficiencia en el programa de seguros de la entidad | D53: Garantizar el uso eficiente en las pólizas de seguro adquiridas por la entidad. | E53: Eficacia | F53: (Cuantificación de las recuperaciones del periodo / Cuantificación de siniestros reportados en el periodo) *100 | G53: PORCENTAJE | H53: Anual Seguimiento semestral | I53: ≥ 90% SOBRESALIENTE > 70% ACEPTABLE | J53: Certificaciones de recuperaciones
A54: Gestión Administrativa y Logística | B54: Secretaría General | C54: Oportunidad en el mantenimiento de la infraestructura física de la entidad | D54: Evaluar la oportunidad en la gestión las acciones del plan de mantenimiento a la infraestructura de la entidad para generar alertas oportunas ante posibles incumplimientos de carácter prioritario | E54: Eficacia | F54: (Actividades ejecutadas dentro de los plazos establecidos*/ actividades programadas) x 100 * Cronograma | G54: PORCENTAJE | H54: Cuatrimestral | I54: ≥ 90% SOBRESALIENTE > 70% ACEPTABLE | J54: Matriz de seguimiento a las actividades del Plan de Acción del Plan Institucional de Gestión Ambiental
A55: Gestión Administrativa y Logística | B55: Secretaría General | C55: Oportunidad en la gestión del PIGA | D55: Evaluar la oportunidad en la gestión las acciones del PIGA de la entidad para generar alertas oportunas ante posibles incumplimientos de carácter prioritario | E55: Eficacia | F55: (Actividades ejecutadas dentro del tiempo establecido*/ actividades programadas) x 100 * Cronograma | G55: PORCENTAJE | H55: Anual Seguimiento semestral | I55: ≥ 90% SOBRESALIENTE > 70% ACEPTABLE | J55: Matriz de seguimiento a las actividades del Plan de Acción del Plan Institucional de Gestión Ambiental
A56: Gestión Administrativa y Logística | B56: Secretaría General | C56: Gestión de residuos generados por la entidad | D56: Evaluar la gestión adecuada de residuos generados por la Entidad | E56: Eficacia | F56: (Cantidad de Residuos Gestionados Adecuadamente / Cantidad de Residuos Generados) X 100 (Por tipo de residuos) | G56: PORCENTAJE | H56: Mensual | I56: ≥ 90% SOBRESALIENTE > 70% ACEPTABLE | J56: Informes de operadores de recolección y gestión de residuos | K56: 0 | L56: 0 | M56: 0 | W56: No aplica | Z56: Documentos en proceso de aprobación
A57: Gestión Administrativa y Logística | B57: Secretaría General | C57: Gestión en el consumo de recursos (agua y luz) | D57: Cuantificar el consumo de recursos (energía y agua) para lograr una gestión de éstos razonable y acorde al número de personas que los utilizan en cada sede. | E57: Eficiencia | F57: ((KW periodo actual - KW periodo anterior ) / (KW periodo actual)) X 100 ((M3 periodo actual - M3 periodo anterior ) / (M3 periodo actual)) X 100 | G57: PORCENTAJE | H57: Anual Seguimiento semestral | I57: PENDIENTE | J57: Facturas de servicios públicos
A58: Gestión Administrativa y Logística | B58: Área Funcional de Almacén | C58: Gestión de Inventarios | D58: Establecer la gestión oportuna del almacén a través de los inventarios ejecutados | E58: Eficacia | F58: (Número de inventarios verificados sin novedad (perdida o daño no reportado de bienes y activos fisicos) / Número de inventarios verificados) x 100 | G58: PORCENTAJE | H58: Anual Seguimiento semestral | I58: ≥ 90% SOBRESALIENTE > 70% ACEPTABLE | J58: Reporte de inventarios del Modulo de activos del aplicativo contable
B59: =COUNTA(B3:B58) -> 56
A60: CORTE AÑO 2023 | F60: CORTE AÑO 2022
A61: PROCESO | B61: No. INDICADORES | C61: % PARTICIPACIÓN | D61: OBSERVACIONES | F61: PROCESO | G61: No. INDICADORES | H61: % PARTICIPACIÓN | I61: OBSERVACIONES
A62: Talento y Desarrollo Humano | B62: 10 | C62: =+B62/$B$78 -> 0.17241379 | D62: * SST (6). * Capacitación. * Bienestar. * Nómina. * Vinculación. | F62: Talento y Desarrollo Humano | G62: 10 | H62: =+G62/$B$78 -> 0.17241379 | I62: * SST (6). * Capacitación. * Bienestar. * Nómina. * Vinculación.
A63: Gestión Administrativa y Logística | B63: 6 | C63: =+B63/$B$78 -> 0.10344828 | D63: * Seguros * Mtto Infraestructura * Ambiental (PIGA y Residuos). * Ahorro recursos. * Inventarios | F63: Investigación y Publicación | G63: 5 | H63: =+G63/$B$78 -> 0.086206897 | I63: * Publicaciones (5). * Investigaciones (1).
A64: Investigación y Publicación | B64: 6 | C64: =+B64/$B$78 -> 0.10344828 | D64: * Publicaciones (4). * Investigaciones (2). | F64: Participación, Diálogo Social y Relacionamiento con el Ciudadano | G64: 5 | H64: =+G64/$B$78 -> 0.086206897 | I64: * Biblioteca (2) * Servicio (1) * Satisfacción (2)
A65: Participación, Diálogo Social y Relacionamiento con el Ciudadano | B65: 6 | C65: =+B65/$B$78 -> 0.10344828 | D65: * Biblioteca (3) * Servicio (1) * Satisfacción (2) | F65: Gestión Financiera | G65: 4 | H65: =+G65/$B$78 -> 0.068965517 | I65: * Presupuesto (3) * Contabilidad (1)
A66: Gestión Financiera | B66: 5 | C66: =+B66/$B$78 -> 0.086206897 | D66: * Presupuesto (4) * Contabilidad (1) | F66: Comunicaciones | G66: 3 | H66: =+G66/$B$78 -> 0.051724138
A67: Gestión Jurídica | B67: 4 | C67: =+B67/$B$78 -> 0.068965517 | F67: Gestión Jurídica | G67: 3 | H67: =+G67/$B$78 -> 0.051724138
A68: Comunicaciones | B68: 3 | C68: =+B68/$B$78 -> 0.051724138 | F68: Direccionamiento Estratégico y Planeación | G68: 2 | H68: =+G68/$B$78 -> 0.034482759
A69: Direccionamiento Estratégico y Planeación | B69: 3 | C69: =+B69/$B$78 -> 0.051724138 | F69: Articulación y Cooperación Interinstitucional | G69: 2 | H69: =+G69/$B$78 -> 0.034482759
A70: Articulación y Cooperación Interinstitucional | B70: 2 | C70: =+B70/$B$78 -> 0.034482759 | F70: Mejoramiento Continuo | G70: 2 | H70: =+G70/$B$78 -> 0.034482759
A71: Mejoramiento Continuo | B71: 2 | C71: =+B71/$B$78 -> 0.034482759 | F71: Gestión de Tecnologías de la Información | G71: 2 | H71: =+G71/$B$78 -> 0.034482759
A72: Gestión de Tecnologías de la Información | B72: 2 | C72: =+B72/$B$78 -> 0.034482759 | F72: Gestión del Patrimonio Arqueológico | G72: 2 | H72: =+G72/$B$78 -> 0.034482759
A73: Gestión del Patrimonio Arqueológico | B73: 2 | C73: =+B73/$B$78 -> 0.034482759 | F73: Gestión Documental y Correspondencia | G73: 2 | H73: =+G73/$B$78 -> 0.034482759
A74: Gestión Documental y Correspondencia | B74: 2 | C74: =+B74/$B$78 -> 0.034482759 | F74: Evaluación y Control | G74: 2 | H74: =+G74/$B$78 -> 0.034482759
A75: Evaluación y Control | B75: 2 | C75: =+B75/$B$78 -> 0.034482759 | F75: Control Disciplinario | G75: 2 | H75: =+G75/$B$78 -> 0.034482759
A76: Control Disciplinario | B76: 2 | C76: =+B76/$B$78 -> 0.034482759 | F76: Gestión Contractual | G76: 1 | H76: =+G76/$B$78 -> 0.017241379
A77: Gestión Contractual | B77: 1 | C77: =+B77/$B$78 -> 0.017241379 | F77: TOTAL | G77: =SUM(G62:G76) -> 47
A78: TOTAL | B78: =SUM(B62:B77) -> 58
A81: AÑO 2024 | F81: AÑO 2025
A82: PROCESO | B82: No. INDICADORES | C82: Al día | D82: % AVANCE | F82: PROCESO | G82: No. INDICADORES | H82: % APORTE | I82: AGOSTO
A83: Gestión Documental y Correspondencia | B83: 3 | C83: 0 | D83: =+C83/B83 -> 0 | F83: Gestión del Patrimonio Arqueológico | G83: 7 | H83: =+G83/G99 -> 0.10769231 | I83: =+'Gestión Patrimonio'!A10 -> 7 | J83: =+I83-G83 -> 0
A84: Control Disciplinario | B84: 3 | C84: 0 | D84: =+C84/B84 -> 0 | F84: Talento y Desarrollo Humano | G84: 6 | H84: =+G84/G99 -> 0.092307692 | I84: =+'Gestión del TH'!B8 -> Área Funcional de Talento Humano | J84: =+I84-G84 -> #VALUE!
A85: Talento y Desarrollo Humano | B85: 6 | C85: 1 | D85: =+C85/B85 -> 0.16666667 | F85: Gestión Administrativa y Logística | G85: 6 | H85: =+G85/G99 -> 0.092307692 | I85: =+'Gestión Admon y Logística'!A7 -> 4 | J85: =+I85-G85 -> -2
A86: Gestión Administrativa y Logística | B86: 6 | C86: 1 | D86: =+C86/B86 -> 0.16666667 | F86: Investigación y Publicación | G86: 6 | H86: =+G86/G99 -> 0.092307692 | I86: =+'Investigación y Publicación'!A9 -> 6 | J86: =+I86-G86 -> 0
A87: Gestión Jurídica | B87: 4 | C87: 1 | D87: =+C87/B87 -> 0.25 | F87: Participación, Diálogo Social y Relacionamiento con el Ciudadano | G87: 6 | H87: =+G87/G99 -> 0.092307692 | I87: =+'Apropia y Relacionamiento C'!A12 -> 9 | J87: =+I87-G87 -> 3
A88: Gestión del Patrimonio Arqueológico | B88: 3 | C88: 1 | D88: =+C88/B88 -> 0.33333333 | F88: Gestión Financiera | G88: 5 | H88: =+G88/G99 -> 0.076923077 | I88: =+#REF! -> #REF! | J88: =+I88-G88 -> #REF!
A89: Evaluación y Control | B89: 2 | C89: 1 | D89: =+C89/B89 -> 0.5 | F89: Gestión Jurídica | G89: 4 | H89: =+G89/G99 -> 0.061538462 | I89: =+'Gestión Jurídica'!A6 -> 3 | J89: =+I89-G89 -> -1
A90: Gestión Financiera | B90: 5 | C90: 3 | D90: =+C90/B90 -> 0.6 | F90: Gestión Contractual | G90: 4 | H90: =+G90/G99 -> 0.061538462 | I90: =+'Gestión Contractual'!A7 -> 4 | J90: =+I90-G90 -> 0
A91: Investigación y Publicación | B91: 6 | C91: 4 | D91: =+C91/B91 -> 0.66666667 | F91: Comunicaciones | G91: 3 | H91: =+G91/G99 -> 0.046153846 | I91: 3 | J91: =+I91-G91 -> 0
A92: Direccionamiento Estratégico y Planeación | B92: 3 | C92: 2 | D92: =+C92/B92 -> 0.66666667 | F92: Direccionamiento Estratégico y Planeación | G92: 3 | H92: =+G92/G99 -> 0.046153846 | I92: 2 | J92: =+I92-G92 -> -1
A93: Participación, Diálogo Social y Relacionamiento con el Ciudadano | B93: 6 | C93: 6 | D93: =+C93/B93 -> 1 | F93: Gestión de Tecnologías de la Información | G93: 3 | H93: =+G93/G99 -> 0.046153846 | I93: =+'Gestión TI'!A6 -> 3 | J93: =+I93-G93 -> 0
A94: Gestión Contractual | B94: 4 | C94: 4 | D94: =+C94/B94 -> 1 | F94: Gestión Documental y Correspondencia | G94: 3 | H94: =+G94/G99 -> 0.046153846 | I94: =+'Gestión Documental y Corresp'!A7 -> 4 | J94: =+I94-G94 -> 1
A95: Comunicaciones | B95: 3 | C95: 3 | D95: =+C95/B95 -> 1 | F95: Control Disciplinario | G95: 3 | H95: =+G95/G99 -> 0.046153846 | I95: =+'Control Disciplinario'!A6 -> Control Disciplinario | J95: =+I95-G95 -> #VALUE!
A96: Gestión de Tecnologías de la Información | B96: 3 | C96: 3 | D96: =+C96/B96 -> 1 | F96: Evaluación y Control | G96: 2 | H96: =+G96/G99 -> 0.030769231 | I96: =+'Evaluación y Control'!A5 -> 2 | J96: =+I96-G96 -> 0
A97: Articulación y Cooperación Interinstitucional | B97: 2 | C97: 2 | D97: =+C97/B97 -> 1 | F97: Articulación y Cooperación Interinstitucional | G97: 2 | H97: =+G97/G99 -> 0.030769231 | I97: =+'Cooperación - Dirección'!A5 -> 2 | J97: =+I97-G97 -> 0
A98: Mejoramiento Continuo | B98: 2 | C98: 2 | D98: =+C98/B98 -> 1 | F98: Mejoramiento Continuo | G98: 2 | H98: =+G98/G99 -> 0.030769231 | I98: 2 | J98: =+I98-G98 -> 0
A99: TOTAL | B99: =SUM(B83:B98) -> 61 | C99: =SUM(C83:C98) -> 34 | D99: =+C99/B99 -> 0.55737705 | F99: TOTAL | G99: =SUBTOTAL(9,G83:G98) -> 65 | I99: =SUBTOTAL(9,I83:I98) -> #REF!
A100: CORTE ENERO 20/24

Sheet Consolidado sept-23
A1: PROCESO | B1: RESULTADO | L1: CUMPLE | M1: NO CUMPLE | N1: NO SE MIDIO | O1: EN TÉRMINOS | P1: TOTAL
A2: Direccionamiento Estratégico y Planeación | B2: Oportunidad en la formulación de planes estratégicos. | C2: Eficacia en la implementación de los planes institucionales
B3: No | C3: No | M3: 2 | P3: =SUM(L3:O3) -> 2
A4: Articulación y Cooperación Interinstitucional | B4: Avance de las alianzas de cooperación formalizadas | C4: Cobertura temática de la Cooperación
B5: No se midió | C5: En Términos (Anual) | N5: 1 | O5: 1 | P5: =SUM(L5:O5) -> 2
A6: Gestión del Patrimonio Arqueológico | B6: Oportunidad en la gestión de Hallazgos fortuitos | C6: Oportunidad en la gestión del Programa de Arqueologia Preventiva.
B7: Si | C7: Si | L7: 2 | P7: =SUM(L7:O7) -> 2
A8: Investigación y Publicación | B8: Calidad de los manuscritos recibidos | C8: Gestión del Plan Editorial | D8: Distribución y visibilidad de la Librería | E8: Ventas realizadas en los eventos feriales | F8: Acogida de las investigaciones y publicaciones del ICANH
B9: No se midió | C9: No se midió | D9: No se midió | E9: No se midió | F9: No | M9: 1 | N9: 4 | P9: =SUM(L9:O9) -> 5
A10: Participación, Diálogo Social y Relacionamiento con el Ciudadano | B10: Volumen de consultas | C10: Satisfacción del servicio de biblioteca especializada | D10: Oportunidad en la atención al ciudadano (PQRSDF) | E10: Satisfacción de los grupos de valor e interés en la atención a servicios. | F10: Satisfacción de los grupos de valor e interés en los espacios de participación ejecutados (agilicen, simplifiquen y flexibilicen) | P10: =SUM(L10:O10) -> 0
B11: Si | C11: Si | D11: Si | E11: Si | F11: No se midió | L11: 4 | N11: 1 | P11: =SUM(L11:O11) -> 5
A12: Comunicaciones | B12: Oportunidad en la atención a los requerimientos recibidos | C12: Alcance de las publicaciones en la sede electrónica. | D12: Satisfacción en las solicitudes de comunicaciones atendidas | P12: =SUM(L12:O12) -> 0
B13: Si | C13: Si | D13: No se midió | L13: 2 | N13: 1 | P13: =SUM(L13:O13) -> 3
A14: Talento y Desarrollo Humano | B14: Satisfacción en el plan de bienestar. | C14: Satisfacción en el plan de capacitación. | D14: Calidad en la liquidación de la nómina de la entidad. | E14: Frecuencia de la accidentalidad | F14: Severidad de la accidentalidad | G14: Ausentismo por causa médica | H14: Oportunidad en la vinculación | I14: Proporción de accidentes mortales | J14: Incidencia de la enfermedad laboral | K14: Prevalencia de la enfermedad laboral | P14: =SUM(L14:O14) -> 0
B15: No | C15: No se midió | D15: Si | E15: No | F15: No | G15: Si | H15: No se midió | I15: En Términos (Anual) | J15: En Términos (Anual) | K15: En Términos (Anual) | L15: 2 | M15: 3 | N15: 2 | O15: 3 | P15: =SUM(L15:O15) -> 10
A16: Gestión Administrativa y Logística | B16: Eficiencia en el programa de seguros de la entidad | C16: Oportunidad en el mantenimiento de la infraestructura física de la entidad | D16: Oportunidad en la gestión del PIGA | E16: Gestión de residuos generados por la entidad | F16: Gestión en el consumo de recursos (agua y luz) | G16: Gestión de Inventarios | P16: =SUM(L16:O16) -> 0
B17: Si | C17: Si | D17: No | E17: No se midió | F17: No se midió | G17: Si | L17: 3 | M17: 1 | N17: 2 | P17: =SUM(L17:O17) -> 6
A18: Gestión Financiera | B18: Gestión Presupuestal | C18: Control del gasto de recursos propios | D18: Gestion PAC | E18: Gestión contable | P18: =SUM(L18:O18) -> 0
B19: Si | C19: Si | D19: Si | E19: Si | L19: 4 | P19: =SUM(L19:O19) -> 4
A20: Gestión de Tecnologías de la Información | B20: Funcionamiento efectivo de las plataformas y sistemas de información | C20: Implementación y gestión del PETIC | P20: =SUM(L20:O20) -> 0
B21: Si | C21: No | L21: 1 | M21: 1 | P21: =SUM(L21:O21) -> 2
A22: Gestión Contractual | B22: Oportunidad en la gestión contractual | P22: =SUM(L22:O22) -> 0
B23: Si | L23: 1 | P23: =SUM(L23:O23) -> 1
A24: Gestión Documental y Correspondencia | B24: Oportunidad en la Gestión de correspondencia | C24: Cumplimiento en las transferencias programadas | P24: =SUM(L24:O24) -> 0
B25: Si | C25: Si | L25: 2 | P25: =SUM(L25:O25) -> 2
A26: Evaluación y Control | B26: Efectividad de los controles del Sistema de Control Interno | C26: Cumplimiento oportuno de las actividades del plan integral | P26: =SUM(L26:O26) -> 0
B27: Si | C27: Si | L27: 2 | P27: =SUM(L27:O27) -> 2
A28: Gestión Jurídica | B28: Oportunidad en la gestión de los procedimientos administrativos (Grupo de Arqueología) | C28: Oportunidad en la emisión de conceptos jurídicos | D28: Gestión de la Oficina Asesora Jurídica en cuanto a la gestión de la política de prevención del daño antijuridico (PPDA) | P28: =SUM(L28:O28) -> 0
B29: Si | C29: Si | D29: Si | L29: 3 | P29: =SUM(L29:O29) -> 3
A30: Control Disciplinario | B30: Percepción por parte de los servidores de la entidad de la estrategia de apropiación del régimen disciplinario | C30: Oportunidad en la gestión de las etapas del proceso disciplinario | P30: =SUM(L30:O30) -> 0
B31: No se midió | C31: Si | L31: 1 | N31: 1 | P31: =SUM(L31:O31) -> 2
A32: Mejoramiento Continuo | B32: Desempeño Institucional | C32: Eficacia del Sistema de Gestión | P32: =SUM(L32:O32) -> 0
B33: En términos | C33: En términos | O33: 2 | P33: =SUM(L33:O33) -> 2
L35: =SUM(L1:L33) -> 27 | M35: =SUM(M1:M33) -> 8 | N35: =SUM(N1:N33) -> 12 | O35: =SUM(O1:O33) -> 6 | P35: =SUM(P1:P33) -> 53
C37: Cumplen | D37: =+L35 -> 27 | E37: =+D37/$D$41 -> 0.50943396
C38: No se midió | D38: =+N35 -> 12 | E38: =+D38/$D$41 -> 0.22641509
C39: No cumplen | D39: =+M35 -> 8 | E39: =+D39/$D$41 -> 0.1509434
C40: En Términos | D40: 6 | E40: =+D40/$D$41 -> 0.11320755
D41: =SUM(D37:D40) -> 53

Sheet Control de Cambios
A1: CONTROL DE CAMBIOS DE INDICADORES DE GESTIÓN
A2: PROCESO | B2: ÁREA RESPONSABLE | C2: NOMBRE DEL INDICADOR | D2: CAMBIO REALIZADO | E2: FECHA
A3: Articulación y Cooperación Interinstitucional | B3: Dirección General | C3: Avance de las alianzas de cooperación formalizadas | D3: En reunión con la dirección y las subdirecciones técnicas se solicitó ajustar la frecuencia y fórmula del indicador para un mejor resultado, se consideró semestral muy lejano para tomar decisiones. | E3: 45124
A4: Direccionamiento Estratégico y Planeación | B4: Oficina Asesora de Planeación | C4: Oportunidad en la formulación de planes estratégicos. | D4: La frecuencia de medición pasa de ser trimestral a ser anual dado que solo se formulan una única vez. | E4: 45168
A5: Direccionamiento Estratégico y Planeación | B5: Oficina Asesora de Planeación | C5: Cumplimiento de la ejecución presupuestal | D5: En revisión por el Jefe de la OAP se solicita eliminar porque ya se encuentran mapeados en el proceso Financiero | E5: 45168
A6: Direccionamiento Estratégico y Planeación | B6: Oficina Asesora de Planeación | C6: Cumplimiento de la ejecución presupuestal | D6: En revisión por el Jefe de la OAP se solicita eliminar porque ya se encuentran mapeados en el proceso Financiero | E6: 45168
A7: Gestión Contractual | B7: Área funcional de gestión de Contratos y Convenios | C7: Eficacia en la Gestión Contractual | D7: Por solicitud mediante correo de la nueva líder del proceso se elimina dicho indicador ya que se considera no agrega valor al proceso | E7: 45161
A8: Investigación y Publicación | B8: Área Funcional de Publicaciones | C8: Publicaciones Finalizadas. | D8: Por solicitud mediante correo se solicita eliminar este indicador indicador ya que no se ajusta al proceso de planeación de las publicaciones en el año 2023. | E8: 45183
A9: Investigación y Publicación | B9: Área Funcional de Publicaciones | C9: Calidad de los manuscritos recibidos | D9: Por solicitud mediante correo se solicita cambiar el nombre y enfoque del indicador de aprobación a calidad de manuscritos. | E9: 45183
A10: Investigación y Publicación | B10: Área Funcional de Publicaciones | C10: Gestión del Plan Editorial | D10: Por solicitud mediante correo se solicita incluir este indicador para medir todo el proceso editorial. | E10: 45183
A11: Investigación y Publicación | B11: Área Funcional de Publicaciones | C11: Distribución y visibilidad de la Librería | D11: Por solicitud mediante correo se solicita cambiar el nombre y enfoque del indicador. | E11: 45183
A12: Investigación y Publicación | B12: Área Funcional de Publicaciones | C12: Ventas realizadas en los eventos feriales | D12: Por solicitud mediante correo se solicita cambiar el nombre y enfoque del indicador. | E12: 45183
A13: Talento y Desarrollo Humano | B13: Área Funcional de Talento Humano | C13: Satisfacción en el plan de bienestar. Satisfacción en el plan de capacitación | D13: Se continúa con los indicadores de satisfacción tanto de capacitación como de bienestar pero bajo una única encuesta anual para cada uno que permita no solo conocer la satisfacción general de los asistentes frente a dichos planes sino el número de asistencia a cada tema frente al total de la población de la entidad. | E13: 45230
A14: Talento y Desarrollo Humano | B14: Área Funcional de Talento Humano | C14: Calidad en la liquidación de la nómina de la entidad. | D14: La meta del indicador de nómina se cambia de ≥ 90% al 100% ya que en este tema un error implica una inadecuada gestión y obligaría así a planes de acción más contundentes sin importar como tal el número de errores. | E14: 45230
... A70: Gestión Administrativa y Logística | B70: Secretaría General | C70: Gestión de inventarios | D70: Según reunión sostenida con la delegada de la Secretaría General se ajusta el indicador en cuanto a: Objetivo del indicador de "Establecer la pérdida o daño en los activos de la entidad" a "Establecer la gestión de las áreas frente al resultado de los inventarios ejecutados por el área de almacén". Tipo: De eficacia a estadística y meta de 0 a no aplica. | E70: 45909

Sheet Cooperación - Dirección
A1: MATRIZ DE INDICADORES DE GESTIÓN ICANH AÑO 2025 | K1: MEDICIÓN DEL INDICADOR (RESULTADO) | X1: SEGUIMIENTO Y ANÁLISIS LÍDER DE PROCESO O DELEGADO | Z1: OFICINA ASESORA DE PLANEACIÓN
A2: PROCESO | B2: ÁREA RESPONSABLE | C2: NOMBRE DEL INDICADOR | D2: OBJETIVO DEL INDICADOR | E2: TIPO DE INDICADOR | F2: FÓRMULA | G2: UNIDAD DE MEDIDA | H2: FRECUENCIA DE MEDICIÓN | I2: META | J2: FUENTE | K2: Enero | L2: Febrero | M2: Marzo | N2: Abril | O2: Mayo | P2: Junio | Q2: Julio | R2: Agosto | S2: Septiembre | T2: Octubre | U2: Noviembre | V2: Diciembre | W2: RUTA DE EVIDENCIA | X2: Fecha del seguimiento | Y2: Observaciones - Análisis del resultado Se debe describir el análisis de la cifra que se coloca en la medición, la idea es evaluar el desempeño, identificar tendencias y tomar decisiones, determinando la evolución del indicador o variable a lo largo del tiempo, así como los principales aspectos a resaltar (positivos y oportunidades de mejora) así como las acciones que se realizan para lograr mantener y/o mejorar dicho resultado en busca del logro de la meta establecida. | Z2: Cumple la meta establecida | AA2: Fecha del seguimiento | AB2: Observaciones
A3: Articulación y Cooperación Interinstitucional | B3: Dirección General | C3: Avance de las alianzas de cooperación formalizadas | D3: Conocer el avance de los convenios o alianzas de cooperación formalizadas en el instituto. | E3: Eficacia | F3: (# mesas, reuniones o seguimientos ejecutados de forma articulada* / # mesas, reuniones o seguimientos planeadas) x 100 por convenio y por subdirección. * Donde participen las tres subdirecciones y la dirección (mínimo 4 al año). * Indicador acumulado | G3: PORCENTAJE | H3: Trimestral | I3: ≥ 90% SOBRESALIENTE > 85% ACEPTABLE ≤ 70% DEFICIENTE | J3: Cuadro excel - Convenios por Subdirección con evidencias de las reuniones o seguimientos tales como acta, grabación, memoria o lista de asistencia de las reuniones/seguimientos/mesas técnicas ejecutadas. | M3: 0.25 | P3: 0.5 | S3: 0.75 | V3: 1 | W3: https://drive.google.com/drive/folders/1gzE760ANOwzL0WylMMX4sPdKZvZ4tkfU?usp=drive_link | X3: 46014 | Y3: Se realizó la cuarta y última mesa de seguimiento de Alianzas y Convenios del ICANH, de igual forma se ha actualizado la tabla general de Alianzas y Convenios y el procedimiento general. | Z3: Si | AA3: 46036 | AB3: Si bien las reuniones se ejecutan no exactamente en cada trimestre, pero se ejecutan sin embargo el análisis no es suficiente para evidenciar que la articulación mediante este tipo de reuniones permitió la solución de inconvenientes o mejoras u otros aspectos que puedan soportar que este tipo de seguimientos colaboran a un mejor desempeño del proceso.
A4: Articulación y Cooperación Interinstitucional | B4: Dirección General | C4: Cobertura temática de la Cooperación | D4: Determinar la cobertura de las acciones de cooperación formalizadas frente a las temáticas requeridas por la entidad. | E4: Efectividad | F4: (Temáticas abordadas en la alianza o cooperación / total de temáticas institucionales*) x 100 * Objetivos Estratégicos. | G4: PORCENTAJE | H4: Semestral | I4: Anual ≥ 90% SOBRESALIENTE > 85% ACEPTABLE ≤ 70% DEFICIENTE | J4: Cuadro excel - Convenios por Subdirección identificando el OE al cual aporta. | P4: 0.83 | V4: 1 | W4: https://docs.google.com/spreadsheets/d/1pPjZBj4iaGQ1PGxFb-JSyB_d63PHoiOQierpQ9eQSNM/edit?usp=drive_link | X4: 45947 | Y4: Se hace una revisión de la tabla de Alianzas y convenios y se identifica que efectivamente todos los objetivos estratégicos del ICANH están relacionados con al menos una alianza. | Z4: Si | AA4: 46036 | AB4: Si bien se dio el cubrimiento de todos los OE de la entidad llegando al máximo de la meta establecida es importante ahondar en el análisis el cual no es suficiente para evidenciar qué fue lo que permitió conocer este cubrimiento, que solución de inconvenientes o mejoras u otros aspectos que puedan soportar que este tipo de mediciones colaboran a un mejor desempeño del proceso.
A5: =COUNTA(A3:A4) -> 2
A7: =A5+Planeación!A7+'Gestión Financiera'!A6+'Gestión del TH'!A9+'Gestión Contractual'!A7+'Gestión Admon y Logística'!A7+'Gestión TI'!A6+'Gestión Documental y Corresp'!A7+'Gestión Jurídica'!A6+'Evaluación y Control'!A5+'Control Disciplinario'!A7+'Gestión Patrimonio'!A10+'Investigación y Publicación'!A9+'Apropia y Relacionamiento C'!A12 -> 61

Sheet Planeación
A1: MATRIZ DE INDICADORES DE GESTIÓN ICANH AÑO 2025 | K1: MEDICIÓN DEL INDICADOR (RESULTADO) | X1: SEGUIMIENTO Y ANÁLISIS LÍDER DE PROCESO O DELEGADO | Z1: OFICINA ASESORA DE PLANEACIÓN
A2: PROCESO | B2: ÁREA RESPONSABLE | C2: NOMBRE DEL INDICADOR | D2: OBJETIVO DEL INDICADOR | E2: TIPO DE INDICADOR | F2: FÓRMULA | G2: UNIDAD DE MEDIDA | H2: FRECUENCIA DE MEDICIÓN | I2: META | J2: FUENTE | K2: Enero | L2: Febrero | M2: Marzo | N2: Abril | O2: Mayo | P2: Junio | Q2: Julio | R2: Agosto | S2: Septiembre | T2: Octubre | U2: Noviembre | V2: Diciembre | W2: RUTA DE EVIDENCIA | X2: Fecha del seguimiento | Y2: Observaciones - Análisis del resultado Se debe describir el análisis de la cifra que se coloca en la medición, la idea es evaluar el desempeño, identificar tendencias y tomar decisiones, determinando la evolución del indicador o variable a lo largo del tiempo, así como los principales aspectos a resaltar (positivos y oportunidades de mejora) así como las acciones que se realizan para lograr mantener y/o mejorar dicho resultado en busca del logro de la meta establecida. | Z2: Cumple la meta establecida | AA2: Fecha del seguimiento | AB2: Observaciones
A3: Direccionamiento Estratégico y Planeación | B3: Oficina Asesora de Planeación | C3: Eficacia de los planes institucionales. | D3: Medir la gestión de los planes institucionales en cada una de sus etapas con el fin de terminar tanto la oportunidad en la formulación y publicación como la eficacia en la ejecución y seguimiento de los mismos. | E3: Eficacia | F3: Formulación: 15% Publicación: 15% Ejecución: 50 (12.5 por trimestre) Seguimiento: 20 (5 por trimestre | G3: PORCENTAJE | H3: Trimestral Acumulado | I3: Anual > 95% SOBRESALIENTE > 90% ACEPTABLE | J3: https://docs.google.com/spreadsheets/d/1DVVimCqTqzSqcMq9hLeZeF3fhDBygDQW/edit?gid=2100346286#gid=2100346286 | M3: 0.38 | P3: 0.49 | S3: 0.6 | V3: 0.74 | W3: Tablero de control: https://docs.google.com/spreadsheets/d/1DVVimCqTqzSqcMq9hLeZeF3fhDBygDQW/edit?gid=2100346286#gid=2100346286 Soportes de publicación: https://drive.google.com/drive/folders/1USRZoj_eZRTdvXYtBuuAT4Rr182laRVk?usp=drive_link | X3: 45947 | Y3: Si bien este indicador tiene por frecuencia de medición los trimestres de la vigencia se considera relevante informar que con corte al 31 de enero de 2025 los planes institucionales cumplieron con la oportunidad en su formulación y publicación. Lo anterior implica que se ha cumplido con el 30% de dichos aspectos, en los próximos cortes de medición se dará cuenta de su ejecución y seguimiento. Para el tercer trimestre, el indicador alcanzó un 60% de cumplimiento acumulado, evidenciando un avance progresivo respecto a la ejecución de los planes institucionales de los trimestres anteriores. El incremento se asocia, principalmente a la mejora en la ejecución de los planes institucionales, especialmente en aquellos que habían presentado rezagos en periodos anteriores. Se destacan los avances en los planes del Área Funcional de Tecnologías y Sistemas de Información (PETIC y PESI), Plan Institucional de Archivos (PINAR) y Seguridad y Salud en el Trabajo. No obstante, aún se identifican brechas en la ejecución oportuna de algunos planes, los cuales afectan de forma directa la eficacia global del indicador, dado que cada plan contribuye de manera ponderada a la meta consolidada institucional. Para el seguimiento al correspondinte al 4° trismestre 2025, no se ha podido adelantar el seguimiento puesto que no se cuenta con los respectivos reportes de avance entregado por los procesos y areas responsables.(pendiente) | Z3: Si | AA3: 46055 | AB3: Es importante contar con la información completa dentro de los plazos establecidos para poder realizar un análisis de mayor precisión, con la cifra de un 79% de avance implica que el cumplimiento en general de los planes institucionales se encuentra en un nivel de aceptable, especialmente en la etapa de ejecución y seguimiento, importante gestionar con el proceso de TH las estrategias para mejorar lo pertinente.
A4: Direccionamiento Estratégico y Planeación | B4: Oficina Asesora de Planeación | C4: Seguimiento a la programación presupuestal | D4: Medir la ejecución de los recursos frente a lo programado con el propósito de identificar desviaciones para tomar las medidas necesarias y encauzar el rumbo previsto en la planificación del presupuesto. | E4: Eficacia | F4: (Valor comprometido / Valor programado) x 100 | G4: PORCENTAJE | H4: Acumulado trimestral | I4: ≥ 95% SOBRESALIENTE > 85% ACEPTABLE ≤ 85% DEFICIENTE | J4: Programación ppto frente a ejecución de compromisos en SIIF | M4: 99.8% | P4: 0.899 | S4: 0.89 | V4: 0.98 | W4: https://drive.google.com/drive/folders/1JUyvQ4ZP_x66ikoomO577t_ZAsfGDTh7?usp=drive_link | X4: 46043 | Y4: Durante el cuarto trimestre el indicador del cumplimento de ejecución alcanzó un nivel del 98%, lo que representa un desempeño sobresaliente superando la meta, con este cumplimiento se puede deducir que el Instituto ha cumplido la programación presupuestal, lo que permite que la ejecución de los recursos cumpla con el objetivo el cumplimiento de las metas misionales y el normal funcionamiento de la entidad, no hay un cumplimiento del 100% por la restriccion de compromisos con recursos propios por un menor recaudo a lo proyectado y los sobrantes de saldos de apropiacion Meta compromisos: 100% Cumplimiento de compromisos: 98% Resultado: 98% | Z4: Si
A5: Mejoramiento Continuo | B5: Oficina Asesora de Planeación | C5: Desempeño Institucional | D5: Determinar el grado de cumplimiento de la entidad frente a los requisitos establecidos por el MIPG. | E5: Eficacia | F5: Puntaje obtenido en FURAG vigencia actual | G5: NUMÉRICO | H5: Anual | I5: ≥ 90 puntos SOBRESALIENTE entre 80 y 89 puntos ACEPTABLE ≤ 80 puntos DEFICIENTE | J5: DAFP resultados FURAG vigencia | Q5: 81 | W5: https://docs.google.com/spreadsheets/d/1MEadDreoQX_ARBU52kppgY8sngBGzbQ-/edit?usp=drive_link&ouid=115818046596527104393&rtpof=true&sd=true | X5: 45846 | Y5: Se evidencia el resultado del IDI de 81 puntos bajando en 4.5 con respecto al año 2023 con lo cual a pesar de quedar en un resultado aceptable no se logró mantener ni mejorar con respecto a la vigencia anterior. Adelantado a este resultado y con el análisis realizado previamente por la OAP se están trabajando tres políticas con mejoras formales que se encuentran en proceso de ejecución desde el mes de mayo con los responsables de las políticas de SDI, DGI y TRA. Adicionalmente la OAP tomó el liderazgo de la política de GCI con el fin de llevar a cabo la implementación de ésta lo cual debe reflejarse junto con los planes de mejora en un mejor puntaje de las mismas que ayudará a subir el puntaje total del IDI. | Z5: Si | AA5: 46036 | AB5: Las políticas de Gestión del Conocimiento e Innovación y Mejora Normativa.que se encontraban en implementación finalizaron esta fase al 100% lo cual se espera ayude a subir el puntaje final de FURAG para la vigencia 2025.
A6: Mejoramiento Continuo | B6: Oficina Asesora de Planeación | C6: Eficacia del Sistema de Gestión (frente a MIPG) | D6: Determinar las políticas que requieren refuerzo específico frente a los resultados y las metas establecidas | E6: Eficacia | F6: (# políticas con puntaje sobresaliente y aceptable/ total de políticas de la vigencia) x 100 | G6: PORCENTAJE | H6: Anual | I6: > 85% SOBRESALIENTE Entre 75% y 85% ACEPTABLE < 75% DEFICIENTE | J6: DAFP resultados FURAG vigencia | Q6: =10/18 -> 0.55555556 | W6: https://docs.google.com/spreadsheets/d/1MEadDreoQX_ARBU52kppgY8sngBGzbQ-/edit?usp=drive_link&ouid=115818046596527104393&rtpof=true&sd=true | X6: 45846 | Y6: De las 18 políticas que aplican actualmente al ICANH 8 tuvieron un puntaje sobresaliente y 2 un puntaje aceptable para un total de 10 lo que genera un resultado de 10/18= 56% de las políticas con puntaje adecuado. * Políticas con calificación"SOBRESALIENTE" por encima de 85 puntos Participación Ciudadana en la Gestión Pública, Servicio a las ciudadanías, Defensa Jurídica, Planeación Institucional, Seguimiento y Evaluación del Desempeño Institucional, Fortalecimiento Organizacional y Simplificación de Procesos, Transparencia, Acceso a la Información y lucha contra la Corrupción, Compras y Contratación Pública. * Políticas con calificación"ACEPTABLE" entre 75 y hasta 84 puntos Control Interno y Gestión Información Estadística, en cuanto a GES existen bastantes puntos que la entidad no logrará mejorar dada la inversión de recursos que implica y en otros casos las preguntas no aplican de algunos criterios con los que se sigue midiendo a entidades como el ICANH. La política de CIN depende de la ejecución de los demás procesos, sin embargo se revisarán las acciones puntuales a implementar que dependan directamente de la OCI o que se puedan mejorar de forma transversal. * Políticas con calificación "DEFICIENTE" por debajo de 75 puntos Gobierno Digital, Gestión del Conocimiento, Seguridad Digital, Racionalización de Trámites, Gestión Documental, Gestión Estratégica del Talento Humano, Integridad, Gestión Presupuestal y Eficiencia del Gasto Público. En cuanto a las acciones a implementar se observa SDI y GDI ya cuentan con plan de mejora, la política GCI se encuentra en implementación finalizando esta fase esta vigencia, RTR debe formalizar la mejora propuesta de la implementación de la ventanilla única y formalización en el SUIT de los trámites como son PAP y Hallazgos Fortuitos, en cuanto a la GPR es una política con respuestas automáticas del MIN HACIENDA y el tema del la reserva presupuetal que también influyó en el resultado. Frente a la GDO, GTH e INT se revisará puntualmente con el responsable del proceso las acciones que debe implementar como mejoras para lo que resta de este semestre. | Z6: No | AA6: 46036 | AB6: MEJORA 5 Políticas entraron en fase de plan de mejora por su bajo puntaje en FURAG con el siguiente resultado en la implementación de acciones a 31 de diciembre del 2025, la delegada de TH entregó nueva información el 09-01-2025 la cual se está analizando para evidenciar si es suficiente y adecuada para subir los puntajes con los que cerraron en 2025. En cuanto a TI y GDO se espera recibir documentación para el primer comite de enero y saber si el puntaje puede subir. GTH = 42% INT= 75% GDO= 88% GDI-SDI= 98% Con este resultado se espera subir el puntaje final en FURAG aunque no en los puntos esperados debido a que no se cumplió el 100% de las activiades de cada plan.
A7: =COUNTA(A3:A6) -> 4

Sheet Gestión Financiera
A1: MATRIZ DE INDICADORES DE GESTIÓN ICANH AÑO 2025 | K1: MEDICIÓN DEL INDICADOR (RESULTADO) | X1: SEGUIMIENTO Y ANÁLISIS LÍDER DE PROCESO O DELEGADO | Z1: OFICINA ASESORA DE PLANEACIÓN
A2: PROCESO | B2: ÁREA RESPONSABLE | C2: NOMBRE DEL INDICADOR | D2: OBJETIVO DEL INDICADOR | E2: TIPO DE INDICADOR | F2: FÓRMULA | G2: UNIDAD DE MEDIDA | H2: FRECUENCIA DE MEDICIÓN | I2: META | J2: FUENTE | K2: Enero | L2: Febrero | M2: Marzo | N2: Abril | O2: Mayo | P2: Junio | Q2: Julio | R2: Agosto | S2: Septiembre | T2: Octubre | U2: Noviembre | V2: Diciembre | W2: RUTA DE EVIDENCIA | X2: Fecha del seguimiento | Y2: Observaciones - Análisis del resultado Se debe describir el análisis de la cifra que se coloca en la medición, la idea es evaluar el desempeño, identificar tendencias y tomar decisiones, determinando la evolución del indicador o variable a lo largo del tiempo, así como los principales aspectos a resaltar (positivos y oportunidades de mejora) así como las acciones que se realizan para lograr mantener y/o mejorar dicho resultado en busca del logro de la meta establecida. | Z2: Cumple la meta establecida | AA2: Fecha del seguimiento | AB2: Observaciones
A3: Gestión Financiera | B3: Área Funcional Presupuesto | C3: Seguimiento de Compromisos Presupuestales | D3: Cuantificar la ejecución de la gestión presupuestal en cuanto a compromisos | E3: Eficacia | F3: (Monto de compromisos inversión / total de apropiación de inversión) x 100 (Monto de compromisos funcionamiento / total de apropiación funcionamiento) x 100 | G3: PORCENTAJE | H3: Anual Seguimiento mensual | I3: A Diciembre ≥ 97% | J3: Reporte de ejecución (SIIF) | K3: 29%INV 16% FUN | L3: 45%INV 18% FUN | M3: 50%INV 21% FUN | N3: 54%INV 24% FUN | O3: 66%INV 28% FUN | P3: 71%INV 32% FUN (CON $ REDIS) 61% FUN (SIN $ REDIS) | Q3: 76%INV 37% FUN (CON $ REDIS) 67% FUN (SIN $ REDIS) | R3: 81%INV 41% FUN (CON $ REDIS) 74% FUN (SIN $ REDIS) | S3: 87%INV 44% FUN (CON $ REDIS) 79% FUN (SIN $ REDIS) | T3: 88%INV 46% FUN (CON $ REDIS) 80% FUN (SIN $ REDIS) | U3: 90%INV 49% FUN (CON $ REDIS) 83% FUN (SIN $ REDIS) | V3: 99% INV 96% FUN | W3: https://drive.google.com/drive/folders/1epe_KRrZi4A0ms9MgsWEq5ImFdUvWjMJ?usp=drive_link | X3: 46022 | Y3: Se dió cumplimiento a la meta de compromisos en inversión, en cuanto a funcionamiento no se cumplió la meta aunque se registro un nivel considerable de registros presupuestales. | Z3: No | AA3: 46048 | AB3: Si bien en promedio la ejecución de la gestión presupuestal en su conjunto se cumple con la meta en un 98% y específicamente también se cumple en la desagregación de inversión, no sucede lo mismo conla meta para funcionamiento cuyo resultados mes a mes fue muy bajo para finalmente no cumplirse al cierre del año y no se osbervan acciones o estrategias específicas dentro del análisis, especialmente con corte al primer semestre que lleven al proceso, en conjunto con otros, a haber logrado la meta o una calificación aceptable para funcionamiento.
A4: Gestión Financiera | B4: Área Funcional Presupuesto | C4: Gestión Presupuestal Obligaciones | D4: Cuantificar la ejecución de la gestión presupuestal en cuanto a obligaciones desagregado en funcionamiento e inversión. | E4: Eficacia | F4: (obligaciones funcionamiento / total apropiación de funcionamiento) x 100 (obligaciones inversión / total apropiación inversión) x 100 Acumulado mensual con alerta en julio | G4: PORCENTAJE | H4: Anual Seguimiento mensual | I4: A Diciembre ≥Funcionamiento 98% ≥ Inversión 85% | J4: Reporte de ejecución (SIIF) | K4: 3% FUN 0,03% INV | L4: 5% FUN 2% INV | M4: 11% FUN 6% INV | N4: 15% FUN 10% INV | O4: 19% FUN 16% INV | P4: 24% FUN 25% INV | Q4: 30% FUN 32% INV | R4: 33% FUN 41% INV 60% FUN (SIN $ REDIS) | S4: 38% FUN 52% INV 69% FUN (SIN $ REDIS) | T4: 46% FUN 71% INV 81% FUN (SIN $ REDIS) | U4: 46% FUN 71% INV 78% FUN (SIN $ REDIS) | V4: 84% INV 93% FUN | W4: https://drive.google.com/drive/folders/1epe_KRrZi4A0ms9MgsWEq5ImFdUvWjMJ?usp=drive_link | X4: 46022 | Y4: No se dió cumplimiento a la meta de obligaciones en inversión pues alcanzamos el 84 % esto se debe en gran medida a que las cuentas de personas naturales y juridicas del mes de diciembre no pudieron ser obligadas por falta de disponiblidad de pac quedando pendiente por obligar un valor de $2,546 millones, si hubieramos tenido asignado el PAC llegariamos al 92%. En cuanto a funcionamiento no se cumplió la meta pues al cierre de la vigencia se registro un compromiso de $540.000.000 millones de pesos para pago a la CNSC para la apertura de proceso de méritos y este no se pudo pagar dado que no se contaba con la disponibilidad de caja suficiente. Sin embargo, se continuo el trámite de pago dado que no realizar el compromiso de los recursos implicaría multas a la entidad por parte de la CNCS. | Z4: No | AA4: 46048 | AB4: Si bien la ejecución de la gestión presupuestal en cuanto a obligaciones desagregado inversión estuvo solo un punto por debajo de la meta esperada, es importante establecer estrategias más claras con los supervisores de contratos bajo el resultado del primer semestre que lleven de forma preventiva o al menos detectiva al mejoramiento del resultado del indicador en los siguientes periodos. Es un trabajo muy articulado con el Proceso de Gestión Contractual. Para llegar al cumplimiento de la meta del 98% la ejecución de la gestión presupuestal en cuanto a obligaciones desagregadas para funcionamiento, faltaron 3 puntos que no es claro si bajo la tendencia de la medición en el año y conociendo lo que se aproximaba en cuanto al rediseño y al manejo interno y gubernamental, se podía preveer que ese compromiso se daría precisamente para el útlimo mes del año.
A5: Gestión Financiera | B5: Área Funcional Presupuesto | C5: Oportunidad en la información de ejecución de gastos con recursos propios | D5: Generar alertas sobre el gasto contra el recaudo de los recursos propios. | E5: Eficacia | F5: (total del recaudo de recursos propios - total de CDP expedidos de recursos propios) | G5: VALOR ABSOLUTO | H5: Mensual con corte 20 y Seguimiento semestral | I5: ≥ 0 | J5: Reporte de ingresos (SIIF) | K5: -8.9111107e+08 | L5: -7.3977461e+08 | M5: -2.0640181e+09 | N5: -1.8021746e+09 | O5: -1.8319524e+09 | P5: -$ 1.975.437.395,78 | Q5: -1.2274188e+09 | R5: -1.2426264e+09 | S5: -$ 583.483.413.73 | T5: -278067830 | U5: -47658930 | V5: $ 496.290.651,04 | W5: EVIDENCIAS INDICADORES 2025 | X5: 21/12/0206 | Y5: Para el mes de diciembre logramos superar el déficit presentado a lo largo del año y que evidencia los esfuerzos presentados en el último trimestre del año en el cual se detuvo la expedición de CDP por recursos propios y también se incrementó el recaudo lo que nos permite tener disponibilidad de recursos propios para asumir compromisos. | Z5: Si | AA5: 46048 | AB5: El nombre del indicador debe cambiar pero se debe mantener su medición revisando el cumplimiento de su objetivo que es generar alertas pero que se tomen acciones inmediatas para lograr su cumplimiento porque el solo hecho de informar, que en apariencias es lo que se hizo todo el año, no sirve de nada si la entidad no toma medidas oportunas, se observa que todo el año estuvo con tendencia negativa y aumentando y no se evidencia que el correo que se envía esté funcionando para mejorar el indicador.
A6: =COUNTA(A3:A5) -> 3

Sheet Gestión del TH
A1: MATRIZ DE INDICADORES DE GESTIÓN ICANH AÑO 2025 | K1: MEDICIÓN DEL INDICADOR (RESULTADO) | X1: SEGUIMIENTO Y ANÁLISIS I TRIMESTRE LÍDER DE PROCESO O DELEGADO | Z1: OFICINA ASESORA DE PLANEACIÓN
A2: PROCESO | B2: ÁREA RESPONSABLE | C2: NOMBRE DEL INDICADOR | D2: OBJETIVO DEL INDICADOR | E2: TIPO DE INDICADOR | F2: FÓRMULA | G2: UNIDAD DE MEDIDA | H2: FRECUENCIA DE MEDICIÓN | I2: META | J2: FUENTE | K2: Enero | L2: Febrero | M2: Marzo | N2: Abril | O2: Mayo | P2: Junio | Q2: Julio | R2: Agosto | S2: Septiembre | T2: Octubre | U2: Noviembre | V2: Diciembre | W2: RUTA DE EVIDENCIA | X2: Fecha del seguimiento | Y2: Observaciones - Análisis del resultado Se debe describir el análisis de la cifra que se coloca en la medición, la idea es evaluar el desempeño, identificar tendencias y tomar decisiones, determinando la evolución del indicador o variable a lo largo del tiempo, así como los principales aspectos a resaltar (positivos y oportunidades de mejora) así como las acciones que se realizan para lograr mantener y/o mejorar dicho resultado en busca del logro de la meta establecida. | Z2: Cumple la meta establecida | AA2: Fecha del seguimiento | AB2: Observaciones
A3: Talento y Desarrollo Humano | B3: Área Funcional de Talento Humano | C3: Cumplimiento en el plan Estratégico de Talento Humano | D3: Establecer el grado de cumplimiento de los planes asociados a Talento Humano frente a la planeación de cada uno. | E3: Eficacia | F3: (Σ de los resultados del cumplimiento del plan de bienestar,capacitación S&SO, previsión de recursos y vacantes) / # planes) x 100 o Promedio de todos los resultados. | G3: PORCENTAJE | H3: Anual Seguimiento semestral | I3: ≥ 85% SOBRESALIENTE > 75% ACEPTABLE ≤ 75% DEFICIENTE | J3: Plan Estratégico de Talento Humano | M3: =AVERAGE(M4:M7) -> 0.29643317 | P3: =AVERAGE(P4:P7) -> 0.37263317 | S3: =AVERAGE(S4:S7) -> 0.65245926 | V3: =AVERAGE(V4:V7) -> 0.93970926 | W3: https://drive.google.com/drive/folders/1_eMX4isSWWYkn5PJtD9mGd1LmXEaCdnQ | X3: 46022 | Y3: Aplicando la fórmula, se reporta avance integral con base en el cumplimiento de los planes estratégicos del Área Funcional de Gestión del Talento Humano Para el segundo trimestre se incremento el porcentaje de avance frente al ponderado general de los planes estratégicos proyectados por el área funcional de Talento Humano. Para el tercer trimestre se incremento el porcentaje de avance frente al ponderado general de los planes estratégicos proyectados por el área funcional de Talento Humano. Para el cuarto trimestre se incremento el porcentaje de avance frente al ponderado general de los planes estratégicos proyectados por el área funcional de Talento Humano, con un cierre sobresaliente en la gestión general y la medición de la satisfacción de temas clave como la oferta de bienestar institucional, la calidad de contenidos de capacitaciones, el clima laboral y la mejora de las condiciones laborales de todos los colaboradores del instituto, aunque también influye la contingencia y cambios que representa el rediseño institucional.
A4: Talento y Desarrollo Humano | B4: Área Funcional de Talento Humano | C4: Cumplimiento en el plan de bienestar. | D4: Establecer el grado de cumplimiento del plan de bienestar frente a la planeación del mismo. | E4: Eficacia | F4: (Cantidad de actividades de bienestar ejecutadas / Total actividades de bienestar planeadas)*100 | G4: PORCENTAJE | H4: Trimestral Acumulable | I4: ANUAL ≥ 85% SOBRESALIENTE > 75% ACEPTABLE ≤ 75% DEFICIENTE Mínimo 25% cada trimestre | J4: Plan de bienestar. | M4: =1/25 -> 0.04 | P4: =21.9%+M4 -> 0.259 | S4: =P4+14% -> 0.399 | V4: =60%+S4 -> 0.999 | W4: PLAN DE BIENESTAR | X4: 46022 | Y4: En el transcurso de los primeros tres meses del año, se gestionaron, planificaron y ejecutaron acciones correspondientes a Bienestar. Entre estas, se destaca la conmemoración del Día Internacional de la Mujer, actividad que contó con la particpación activa de funcionarios del ICANH. Asimismo, se aplicó un instrumento de caracterización diseñado para identificar las pasiones, intereses y preferencias individuales de los funcionarios, con el propósito de fortalecer su desarrollo personal en equilibrio con su desempeño laboral. Los resultados de este ejercicio permitirán orientar de manera más focalizada las estrategias del área garantizando acciones pertinentes y ajustadas a las necesidades del equipo de trabajo. El instrumento se encuentra en proceso de sistematización para tener la información mucho más detallada y completa. En el segundo trimestre se continuó la realización de las siguientes actividades de Bienestar: Para el mes de ABRIL: Celebración día del niño, Celebración día de la secretaria, Celebración de cumpleaños de los servidores, Otorgamiento de Incentivos que constituyen salario emocional En el mes de MAYO: Se realizó la Celebración de cumpleaños de los servidores, Desarrollo de actividades Estilos de vida Saludables y Otorgamiento de Incentivos que constituyen salario emocional En el mes de JUNIO: se realizó la Celebración día del servidor público, Celebración de cumpleaños de los servidores, Divulgación reconocimiento días internacionales de profesiones y efemérides, Desarrollo de actividades Estilos de vida Saludables, Otorgamiento de Incentivos que constituyen salario emocional Resultado: 12/18=22% Para el trimestre de las jornadas de actividades realizadas13/58=22,4% Para el año Para este trimestre se adiciona una acción de balande y autodiagnóstico que consistió en la elaboración de un instrumento de caractrización de contratistas y funcionarios de planta que incluyó información sobre las preferencias y otros datos asociados al talento humano. En el tercer trimestre se continuó con el desarrollo de las siguientes actividades: JULIO: Socialización de resultados de Clima Organizacional, Celebración de cumpleaños de los servidores, Divulgación reconocimiento días internacionales de profesiones y efemérides. AGOSTO: Participación en los juegos deportivos de integración de la función pública, Socialización resultados de clima organizacional, Celebración de cumpleaños de los servidores, Divulgación reconocimiento días internacionales de profesiones y efemérides. SEPTIEMBRE: Desarrollo de actividades Estilos de vida Saludables, Celebración de cumpleaños de los servidores, Divulgación reconocimiento días internacionales de profesiones y efemérides, Actividad "El Cofre de la gratitud" que impactó 3 actividades reprogramadas: el día de la madre, el día del padre y el día de la secretaria. Los retrasos y cambios en la programación de actividades se debe a la falta de la contratación del personal idóneo para la realización de talleres y actividades relacionadas con conocimientos específicos de salud mental y bienestar laboral, por lo cual no se podían llevar a cabo cuando fue programado, además se presentaron retrasos con la entrada en vigencia y ejecución del Contrato de Suministro para la ejecucuón de acciones de Bienestar No. 424 de 2025. En el cuarto trimestre se culminó la vigencia con el desarrollo de las siguientes actividades: OCTUBRE: Celebración fiesta de disfraces, Celebración día del trabajo decente, celebración de cumpleaños de los servidores, Divulgación reconocimiento días internacionales de profesiones y efemérides, NOVIEMBRE: Difusión de campaña del día Internacional de la no violencia contra la mujer 25N, celebración de cumpleaños de los servidores, Divulgación reconocimiento días internacionales de profesiones y efemérides, DICIEMBRE: Desarrollo de actividades Estilos de vida Saludables, Celebración de cumpleaños de los servidores, Divulgación reconocimiento días internacionales de profesiones y efemérides, Realización evento Cierre de Gestión: otorgamiento de incentivos - reconocimiento quinquenios, mejores funcionarios, por trayectoria, mejores equipos de trabajo, gestores del conocimiento, Desarrollo de novenas navideñas. Finalizando la vigencia, se reporta un total de 26 actividades desarrolladas a satisfacción de acuerdo a las 26 actividades planteadas en el cronograma del Gestión del Talento Humano. De acuerdo con las actividades planeadas para el cuarto trimestre de la vigencia, se ejecutaron 8 actividades del Plan de Bienestar, correspondientes a las acciones realizadas en los meses de octubre, noviembre y diciembre. (8x100) / 26 =30,8% En consecuencia, el porcentaje de cumplimiento correspondiente a lo programado para el cuarto trimestre es del 31%, de acuerdo con las evidencias y soportes aportados. Aunque cabe resaltar que se registran soportes para un total de 15 actividades reportadas para el cuarto y último trimestre, correspondientes a un 60% de avance en la gestión y entregas finales; fruto de la eficiente gestión del equipo que se consolidó para el segundo semestre, y con ello, la programación y realización de otras actividades rezagadas de otros trimestres que habían sido reprogramadas por diferentes causas, incluso de disponibilidad presupuestal. Antes del final de la vigencia estas fueron registradas y reportadas. Es necesario tener en cuenta que, para la ponderación del total de actividades, en específico de las "programadas para todos los meses" tales como; Celebración de cumpleaños de los servidores, Divulgación reconocimiento días internacionales de profesiones y efemérides, Desarrollo de actividades Estilos de vida Saludables y Otorgamiento de Incentivos que constituyen salario emocional, resultaron acciones que al final no se realizaron todos los meses porque dependió de la demanda institucional o necesidad específica de cada mes. Que aunque estén programadas para llevarse a cabo mensualmente, y eso repercute en el 100% de actividades de la vigencia, se consideran cumplidas, toda vez que se realizó la gestión del tema de cada actividad y se registra el seguimiento de las necesidades, aunque no se hayan generado solicitudes o no se haya creado la necesidad de emitir comunicaciones de cumplimiento mensuales. Además, Se anexan los resultados de la medición del grado de satisfacción de las actividades del Plan de Bienestar y sus opiniones de mejora continua como insumo para la planeación y construcción del Plan de Bienestar del 2026.
A5: Talento y Desarrollo Humano | B5: Área Funcional de Talento Humano | C5: Cumplimiento en el plan de capacitación. | D5: Establecer el grado de cumplimiento del plan de capacitación frente a la planeación del mismo. | E5: Eficacia | F5: (Cantidad de actividades de capacitación ejecutadas / Total actividades de capacitación planeadas)*100 | G5: PORCENTAJE | H5: Trimestral Acumulable | I5: ANUAL ≥ 85% SOBRESALIENTE > 75% ACEPTABLE ≤ 75% DEFICIENTE Mínimo 25% cada trimestre | J5: Plan de capacitación. | M5: =1/27 -> 0.037037037 | P5: =14.58%+M5 -> 0.18283704 | S5: =31.8%+P5 -> 0.50083704 | V5: =35.9%+S5 -> 0.85983704 | W5: https://drive.google.com/drive/u/0/folders/1c-_4YcCyHc3hToSYw9S7-vzW9Z1reeN9 | X5: 46022 | Y5: Durante el primer trimestre del año se inicio con la ejecucion del plan de capacitación, en este primer trimestre se han desarrollado las actividades programadas de las actividades planteadas. Donde se desarrollaron capacitaciones de vital importancia con el fin de fortalecer las competencias de los funcionarios del Icanh. Para el segundo trimestre se tenian programadas 12 capacitaciones de las cuales se realizaron 8. teniendo como resultado el 66.6% y en el acumulado para la vigencia se alcanza un 34,6% - 9/26 capacitaciones en total. En general se evidencio gran participacion por parte de los funcionarios y contratistas de la entidad en las capacitaciones programadas, con aproximadamente 450 personas que asistieron a las diferentes capacitaciones, de modo presencial y virtual. Las capacitaciones que no se llevaron a cabo fueron: Realizar Inducción General dirigida a los nuevos funcionarios públicos en el Icanh, Taller práctico sobre Inteligencia Emocional control del estrés, dirigida a todo el personal de la entidad, Capacitación servicios y usos de la Biblioteca. Dirigida a todo el personal de la entidad y Capacitación sobre Situaciones Administrativas; las cuales serán reprogramadas para septiembre. Durante el tercer trimestre se continuo con la ejecucion del plan se realizarón 7 capacitaciones de las 12 planeadas, tambien se incluye evidencia de dos capacitaciones realizadas en el segundo y tercer semestre y que no se tuvieron en cuenta y hace parte del plan, (Capacitación de Presupuesto y Taller práctico sobre Inteligencia Emocional control del estrés), lo cual nos da un resultado del 16% para este trimestre que sumado al anterior nos da un 34,3% de ejecucion de la vigencia, por otra parte de las capacitaciones pendientes del segundo semestre se lograron llevar a cabo algunas, las demas seran realizadas en el ultimo trimestre de la vigencia, (Inducción General dirigida a los nuevos funcionarios públicos, Capacitación sobre Situaciones Administrativas). Las capacitaciones que no se llevaron a cabo dentro del tercer trimestre de la vigencia son: Capacitación en Lenguaje Inclusivo, Aula Virtual Moodle TI, Capacitación sobre Actualización Tributaria, Capacitación sobre gestión sindical, las cuales las realizaremos en el ultimo trimestre de la vigencia. Para cuarto trimestre se tenían planeadas 4 capacitaciones de las cuales realizamos 3 que son las siguientes: - Talleres Prácticos sobre el uso de herramientas ofimáticas: Estos talleres estuvieron a cargo y desarrollados por el área de Tecnologías. - Capacitación Gestión del conocimiento: esta actividad se desarrolló con una feria de servicios dirigida a toda la comunidad del Instituto. - Capacitación de la Biblioteca. Durante el Cuarto trimestre también se desarrollaron las siguientes capacitaciones que estaban pendientes del tercer trimestre las cuales son: - Inducción y Reinducción: Las cuales fueron 4 jornadas donde se presentaron los temas más importantes de cada dependencia. - Capacitación en Lenguaje Inclusivo: Esta capacitación fue dictada por el INCI, gracias al apoyo de la Subdirección de Relacionamiento con el Ciudadano. - Capacitación en Aula Virtual: Esta capacitación estuvo a cargo del área de Tecnologías. - Capacitación Actualización tributaria, esta capacitación fue impartida por el área de contabilidad y el grupo financiero. Adicionalmente, para el cuarto trimestre se recopilaron las evidencias de las capacitaciones que se llevaron a cabo, aunque no necesariamente en las fechas establecidas en el plan, pero que sí fueron efectivamente realizadas, las cuales se pueden evidenciar en el Link compartido de las evidencias, podemos evidenciar que de las 22 capacitaciones planeadas en el PIC-V2 fueron realizadas 19 Capacitaciones. Teniendo en cuenta lo mencionado podemos identificar un avance en gran medida del plan de capacitación obteniendo un 35,9% para este ultimo trimestre. También es importante mencionar que durante la vigencia 2025 no se asignó presupuesto específico para actividades de capacitación, como consecuencia, se dejaron de realizar capacitaciones orientadas al fortalecimiento de competencias, oportunidades de actualización y mejora continua.
A6: Talento y Desarrollo Humano | B6: Área Funcional de Talento Humano | C6: Cumplimiento en el plan de previsión de recursos y de vacantes | D6: Establecer el grado de cumplimiento en el cubrimiento de vancantes que tenga la entidad dentro de la vigencia | E6: Eficacia | F6: (Cantidad de vacantes cubiertas / Total vacantes generadas en el periodo)*100 | G6: PORCENTAJE | H6: Trimestral Acumulable | I6: ≥ 85% SOBRESALIENTE > 75% ACEPTABLE ≤ 75% DEFICIENTE | J6: Informe de vacantes | M6: =1/1 -> 1 | P6: 0.5 | S6: 1 | V6: 1 | W6: https://drive.google.com/drive/folders/1hINU48VvYpHyPFVYH7UajqUB2uAczj8d | X6: 46022 | Y6: En el primer trimestre se cubrieron 3 vacancias definitivas, de las cuales 1 era LNR (asesor de despacho código 1020 grado 06 en enero) y 2 nombramientos en provisionalidad en el mes de enero. Para el mes de febrero, no aplica el indicador, porque no hay actividad programada en el plan. Para el mes de marzo se consolida información para informe trimestral a la secretaría general en el mes de abril. En el segundo trimestre se cubrieron 3 vacantes definitivas, 1 de LNR correspondiente al empleo Subdirector de Investigaciones y 2 vacantes de carrera administrativa, las cuales fueron ocupadas en provisionalidad. Se presenta 1 vacante temporal por encargo del titular del empleo en otro empleo. Siguen vacantes de jefe de oficina de control interno y trabajador oficial. En el informe se detallan las situaciones de las vacantes. En el tercer trimestre se expiden y publican los decretos 0993 de 0994 de 2025, por los cuales se modifica la estructura del ICANH y se establece la planta de personal del ICANH. En el informe queda las situación actual de las vacantes existentes del ICANH con corte a set. 30 Durante el cuarto trimestre se presentó la renuncia de la Secretaria General, código 0037, grado 16, Dra. Sandra Milena Montoya Amariles, efectiva a partir del 10 de octubre de 2025, la cual fue aceptada mediante la Resolución No. 1344 del 09 de octubre de 2025. Posteriormente, se efectuó la vinculación de la señora Ana Silvia Olano Aponte en el cargo de Secretaria General, código 0037, grado 16, a partir del 18 de noviembre de 2025, conforme a lo establecido en el Acta No. 272 de la misma fecha. Adicionalmente, si bien el Ministerio de Hacienda y Crédito Público procederá al descongelamiento de los recursos correspondientes al rediseño institucional aprobado mediante los Decretos Nos. 0993 y 0994 de 2025, de manera previa se adelantaron los procesos de encargo de servidores públicos con derecho preferencial de Carrera Administrativa, en atención a la normativa vigente.
A7: Talento y Desarrollo Humano | B7: Área Funcional de Talento Humano | C7: Cumplimiento en el plan de seguridad y salud en el trabajo | D7: Establecer el grado de cumplimiento del plan de seguridad y salud en el trabajo frente a la planeación del mismo. | E7: Eficacia | F7: (Cantidad de actividades de SST ejecutadas / Total actividades de SST planeadas)*100 | G7: PORCENTAJE | H7: Trimestral Acumulable | I7: ANUAL ≥ 85% SOBRESALIENTE > 75% ACEPTABLE ≤ 75% DEFICIENTE Mínimo 25% cada trimestre | J7: Plan de seguridad y salud en el trabajo | M7: =5/46 -> 0.10869565 | P7: =M7+44% -> 0.54869565 | S7: 0.71 | V7: 0.9 | W7: PLAN DE SEGURIDAD Y SALUD EN EL TRABAJO | X7: 46022 | Y7: Durante el primer trimestre se ejecutaron 28 de las 29 actividades programadas. La actividad pendiente corresponde a la gestión de capacitación del personal de los parques arqueológicos, con énfasis en el mantenimiento preventivo de herramientas de potencia (guadañas y motosierras). Esta capacitación deberá coordinarse con el equipo de Infraestructura, dado que su contenido es de carácter técnico especializado. Durante el segundo trimestre se ejecutaron 30 de las 41 actividades programadas, que, sumadas a las 28 del primer trimestre, arrojan un total de 58 actividades ejecutadas de las 163 contempladas para la vigencia. Las actividades no realizadas fueron reprogramadas para el mes de agosto, debido a que dependen de trámites en curso con otras áreas (Infraestructura y Contratos). En los soportes adjuntos se presentan los avances mensuales por tema, y en la carpeta correspondiente al mes de junio se encuentra el consolidado acumulado con la información comprendida entre enero y junio. Durante el tercer trimestre se ejecutaron 91 de las 127 actividades programadas. Las actividades pendientes corresponden principalmente a inducción y reinducción, las cuales se ejecutarán en el mes de octubre. Asimismo, se reprogramaron actividades relacionadas con la entrega de elementos de protección personal y dotación del personal. Aunque el contrato se encuentra en proceso de ejecución, estas actividades permanecen pendientes mientras se adelantan las etapas de recepción, clasificación y envío a cada uno de los parques arqueológicos. Durante el cuarto trimestre se ejecutaron ciento diecisiete (117) de las ciento veintisiete (127) actividades programadas, lo que representa un nivel de avance significativo frente a la planeación establecida. Las actividades pendientes corresponden principalmente a la entrega de informes consolidados de gestión, los cuales se encuentran en proceso de validación y firma por parte de la Secretaría General. Adicionalmente, se tenían programadas capacitaciones que no fueron ejecutadas, debido a la realización de una auditoría externa liderada por el área de Planeación, la cual demandó la priorización de gestiones operativas y administrativas, impactando los tiempos disponibles para el desarrollo de las actividades previstas. No obstante, considerando el volumen de actividades ejecutadas y el cumplimiento de la normativa vigente a nivel nacional, el nivel de cumplimiento del plan se considera satisfactorio frente a la proyección realizada. En este contexto, se recomienda fortalecer el equipo encargado de la implementación y ejecución del SG-SST mediante la vinculación de al menos una (1) persona adicional, con el fin de garantizar la atención oportuna del plan de mejoramiento, el plan de trabajo 2026 y las actividades operativas recurrentes propias del Sistema de Gestión de Seguridad y Salud en el Trabajo.
A8: Talento y Desarrollo Humano | B8: Área Funcional de Talento Humano | C8: Cumplimiento de la política de Integridad | D8: Establecer el grado de implementación y mejora de la política MIPG de integridad en la entidad | E8: Eficacia | F8: De acuerdo a la formulación establecido por el DAFP para la calificación de la política de integridad | G8: Puntos | H8: Anual | I8: ≥ 90 puntos SOBRESALIENTE entre 80 y 89 puntos ACEPTABLE ≤ 80 puntos DEFICIENTE | J8: FURAG política INT Resultado IDI de la política INT | P8: 63.2 | W8: https://drive.google.com/file/d/1yz446PS1WA_-2PRmJKioeSTeJjoqoTuZ/view?ts=68780f36 | X8: 46022 | Y8: El Índice de Integridad del ICANH presenta un resultado de 63,2 puntos, situándose significativamente por debajo del promedio de su grupo par, que es de 84,2 puntos. Se evidencia una brecha de 21 puntos, lo cual revela que la integridad es una de las áreas de mayor vulnerabilidad institucional dentro del Modelo Integrado de Planeación y Gestión (MIPG) y la generación de compromisos de mejora continua. El ICANH enfrenta un riesgo reputacional y operativo derivado de una cultura de integridad no consolidada y poco apropiada, entre otras cosas por el poco tiempo de divulgación y consolidación del código de integridad (en la vigencia 2025). Se recomienda priorizar estrategias de pedagogía vivencial y liderazgo colaborativo para cerrar la brecha del cambio cultural con respecto a la transparencia y la integridad, que actualmente es el principal reto del índice general del ICANH y las mejoras acumuladas y sustanciales en el índice general de desempeño en el FURAG 2025. La entidad ha logrado blindarse documentalmente (altos puntajes en riesgos y transparencia pasiva), pero ha descuidado el factor humano, la adherencia institucional y la gestión para el cambio de paradigmas, generando una cultura donde se cumplen las normas por compromiso normativo (conflicto de interés) y no por convicción y/o apropiación de los valores del código de integridad (cambio cultural). SOPORTE DEL ANÁLISIS: Análisis del Índice de Integridad | Z8: No | AA8: 46048 | AB8: El plan de mejora que se tenía asociado a lograr mejorar el futuro puntaje de esta política se cumplió solo en un 71% por ende y si mantienen lo que ya habían logrado avanzar en esta política se espera que almenos suba a esta misma calificación pero no a un nivel de aceptable como se esperaba con el cumplimiento total de las actividades del plan previamente planteado.
A9: =COUNTA(A3:A8) -> 6

Sheet Gestión Contractual
A1: MATRIZ DE INDICADORES DE GESTIÓN ICANH AÑO 2025 | K1: MEDICIÓN DEL INDICADOR (RESULTADO) | X1: SEGUIMIENTO Y ANÁLISIS LÍDER DE PROCESO O DELEGADO | Z1: OFICINA ASESORA DE PLANEACIÓN
A2: PROCESO | B2: ÁREA RESPONSABLE | C2: NOMBRE DEL INDICADOR | D2: OBJETIVO DEL INDICADOR | E2: TIPO DE INDICADOR | F2: FÓRMULA | G2: UNIDAD DE MEDIDA | H2: FRECUENCIA DE MEDICIÓN | I2: META | J2: FUENTE | K2: Enero | L2: Febrero | M2: Marzo | N2: Abril | O2: Mayo | P2: Junio | Q2: Julio | R2: Agosto | S2: Septiembre | T2: Octubre | U2: Noviembre | V2: Diciembre | W2: RUTA DE EVIDENCIA | X2: Fecha del seguimiento | Y2: Observaciones - Análisis del resultado Se debe describir el análisis de la cifra que se coloca en la medición, la idea es evaluar el desempeño, identificar tendencias y tomar decisiones, determinando la evolución del indicador o variable a lo largo del tiempo, así como los principales aspectos a resaltar (positivos y oportunidades de mejora) así como las acciones que se realizan para lograr mantener y/o mejorar dicho resultado en busca del logro de la meta establecida. | Z2: Cumple la meta establecida | AA2: Fecha del seguimiento | AB2: Observaciones
A3: Gestión Contractual | B3: Área funcional de gestión de Contratos y Convenios | C3: Oportunidad en la gestión contractual con Persona Natural | D3: Realizar el seguimiento a la gestión contractual con persona natural con el fin de adelantar la adecuada y oportuna operación de la entidad. | E3: Eficacia | F3: (Número de contratos de prestación de servicios profesionales y de apoyo a la gestión con persona natural tramitados dentro de los quince días calendarios siguientes a la fecha de radicación por correo electrónico al área funcional de contratos y convenios / total de solicitudes contratos de prestación de servicios profesionales y de apoyo a la gestión con persona natural) x 100 | G3: PORCENTAJE | H3: Mensual con seguimiento semestral | I3: ≥ 85% | J3: Registro de trámites / base de contratación 2024/ SECOP II | K3: 0.9815 | L3: 0.9583 | M3: 0.81 | N3: 0.9615 | O3: 0.9444 | P3: 1 | Q3: 1 | R3: 1 | S3: 1 | T3: 1 | U3: 1 | V3: 1 | W3: SOPORTE INDICADORES PN2025.xlsx | X3: 46022 | Y3: Se evidencia que el área funcional de contratos y convenios cumple con los tiempos establecidos en la gestión de los procesos de contratación de persona naturales. | Z3: Si | AA3: 46048 | AB3: Indicador a revisar frente a la realidad del proceso ya que solo mide el final del mismo y no desde su inicio lo que puede estar generano una diferencia que no se está mapeando y puede estar desvirtuando el indicador.
A4: Gestión Contractual | B4: Área funcional de gestión de Contratos y Convenios | C4: Oportunidad en la gestión contractual con Persona Jurídica | D4: Realizar el seguimiento a la gestión contractual con persona jurídica de manera oportuna para adelantar la operación de la entidad. | E4: Eficacia | F4: (Número de procesos con persona jurídica publicados en SECOP II / número de procesos radicados por ORFEO publicados ocho días calendario en SECOP II) x 100 | G4: PORCENTAJE | H4: Mensual con seguimiento semestral | I4: ≥ 85% | J4: Base de trámites / Base de seguimiento procesos. | K4: N/A | L4: 0.923 | M4: 0.875 | N4: N/A | O4: 1 | P4: 1 | Q4: 1 | R4: 1 | S4: 1 | T4: 0.666 | V4: 1 | W4: SOPORTE INDICADORES PROCESOS2025.xlsx | X4: 46022 | Y4: Para el mes de enero y noviembre no se llevaron a cabo procesos de contratación con personas jurídicas. El área funcional de contratos y convenios ha demostrado una gestión que cumple con los tiempos establecidos para la publicación de los procesos de contratación. No obstante, es importante considerar las intermitencias presentadas en la plataforma SECOP II, las cuales generaron inconvenientes en la gestión contractual de la entidad para los meses de febrero y marzo. Para el mes de octubre se evidencia un porcetaje del 66,6% debido a que se presento un reproceso con el área para la suscrición de una contratación directa. | Z4: Si | AA4: 46048 | AB4: Indicador a revisar frente a la realidad del proceso ya que solo mide el final del mismo y no desde su inicio lo que puede estar generano una diferencia que no se está mapeando y puede estar desvirtuando el indicador.
A5: Gestión Contractual | B5: Área funcional de gestión de Contratos y Convenios | C5: Eficacia en la ejecución presupuestal de convenios con recursos | D5: Realizar seguimiento al cumplimiento de la ejecución presupuestal de los convenios con recursos y firmados *oportunamente, con el fin de generar las alertas oportunas con el fin de tomar las medidas pertinentes. * Firmados hasta el mes de junio | E5: Eficacia | F5: (valor desembolsado/ valor programado) x 100 desagregado por área/dependencia | G5: PORCENTAJE | H5: Trimestral | I5: ≥ 84% Satisfactorio >70 y 84 Aceptable ≤ 70 Deficiente | J5: Base de convenios contra lo planeado por las áreas. | M5: N/A | P5: 1 | S5: 1 | V5: 0.7928 | W5: Soporte indicador ejecución presupuestal de convenios con recursos.xlsx | X5: 46022 | Y5: Se evidencia que la ejecución presupuestal de los convenios suscritos a la fecha del 30 de septiembre de 2025, muestra un cumplimiento del 100% conforme a las formas de pago pactadas. Adicionalmente, se ha emitido una alerta a los supervisores para el seguimiento de los pagos de convenios que se encuentran dentro del plazo acordado. Para el cuarto trimestre de la vigencia se evidencia un cumplimiento del 79% en la ejecución presupuestal relacionada con los recursos para convenios. Es necesario señalar que el 21% restante se pagará contra la reserva presupuestal y los respectivos informes finales que debe incluir el mes de diciembre deacuerdo a la forma de pago pactada, dando cumplimiento al 100% del pago total de los convenios suscritos. | Z5: Si | AA5: 46042 | AB5: Se debe continuar la medición haciendo la retroalimentación al proceso de Articulación y cooperación interinstitucional para que se gestionen a tiempo los recursos de las alianzas que apliquen.
A6: Gestión Contractual | B6: Área funcional de gestión de Contratos y Convenios | C6: Seguimiento a las modificaciones del Plan Anual de Adquisiciones - PAA | D6: Monitorear y comparar la cantidad de modificaciones solicitadas al Plan Anual de Adquisiciones por las áreas, con el fin de identificar acciones de mejora en la planificación del PAA. | E6: Eficiencia | F6: (Total de líneas modificadas* por área / total de líneas programadas en el Plan Anual de Adquisiciones) x 100 *aprobadas en cómite de contratación | G6: PORCENTAJE | H6: Mensual con seguimiento trimestral | I6: ≤ 20% Aceptable | J6: Solicitud Modificación PAA y matriz consolidada | K6: 0.2769 | L6: 0.1263 | M6: 0.1747 | N6: 0.0269 | O6: 0.1586 | P6: 0.0672 | Q6: 0.0376 | R6: 0.0699 | S6: 0.0484 | T6: 0.0269 | V6: 0.0161 | W6: SOPORTE INDICADOR PAA | X6: 46022 | Y6: El indicador muestra un desempeño promedio, manteniéndose generalmente por debajo de 20%, sin embargo, se observa que, para el mes de enero (27%) y mayo (15%), se hace notable el aumento significativo que llevó a un mayor número de modificaciones del PAA en estos meses, debido al flujo de procesos de contratación en donde es normal la posibilidad de ajustes a ítems como los siguientes: Inclusión de nuevas líneas, Eliminación de líneas, Modificaciones de valor, Modificaciones de plazo y fecha de contratación. Esto evidendicia que se debe mejorar la planeación inicial por parte de las dependencias que normalmente se realiza en los meses finales de la vigencia anterior. Se Identifica que las áreas con recurrencia en solicitudes son Gestión del Patrimonio, Secretaría General, Subdirección de Investigaciones y Subdirección de Apropiación. Para lo sucedido en el tercer y cuatro trimestre se evidencia que en los demás meses las solicitudes de modificación por una u otra causa enunciada se mantuvieron por debajo de la meta del indicador, correspondiente a menor al 20%. Sólo se destaca secundariamente el mes de agosto con un 7%. A partir de la constancia en el control y seguimiento sin mayores novedades; se reitera la necesidad de la eliminación de este indicador que no está directamente relacionado con la iniciativa en la gestión del área funcional, ya que aunque haya un compromiso previo para el cargue del PAA a la plataforma del SECOP, este es el último paso de una cadena de gestiones de otras áreas. Además, teniendo en cuenta las prácticas que se registran en otras entidades a través del modelo del MIPG se entiende que es la OAP quien hace la desagregación presupuestal y la respectiva asignación y validación de recursos a las áreas funcionales y subdirecciones, por lo cual a la fecha este indicador depende de un seguimiento apartado de los directos responsables de los puntos de control en la consolidación del PAA final. | Z6: Si | AA6: 46042 | AB6: No se está realizando un análisis profundo y adecuado del resultado del indicador. Según la evidencia cargada las modificaciones al PAA de quien el responsable es el Proceso de Gestión Contractual, durante el 2025 fueron 383 que si bien en porcentaje y frente a la meta planteada la cual se estableció para determinar una línea base, es decir no sobre hechos reales, no se supera sino en el mes de enero, si se logra evidenciar una clara inadecuada planeación de las áreas que en el análisis de este indicador es lo que se esperaría encontrar especificarse e informarse para que en conjunto se logre mejorar ir bajando este tipo de prácticas inadecuadas de modificar y mover una y otra vez lo inicialmente organizado por las áreas como se observa tomando los dos puntajes más altos en cada mes: Enero: Patrimonio 48 y Secretaría 32 Febrero: Apropiación: 12 - Secretaría: 12 Marzo: Subdireccion de Investigaciones 19, Secretaría 16 Abril: Subdireccion de Investigaciones 6, Secretaría 4 Mayo: Subdireccion de Investigaciones 18, Secretaría 19 Junio: Secretaría 10, Apropiación 8 Julio: Secretaría 6, Patrimonio 3 Agosto: Patrimonio 18, Secretería 4 Septiembre: Secretería 9, Patrimonio 8 Octubre: Secretería 6, Patrimonio 3 Noviembre: Comite del 28 y sin información Diciembre: Secretería 5, Patrimonio 1 Si es necesario articular acciones o estrategia a implementar con otros procesos se debe documentar en estos análisis y en conjunto entregar información para que al menos desde la alta dirección definan si toman o no decisiones al respecto de las cifras compartidas, de lo contrario solo es un trámite administrativo sin valor alguno.
A7: =COUNTA(A3:A6) -> 4

Sheet Gestión Admon y Logística
A1: MATRIZ DE INDICADORES DE GESTIÓN ICANH AÑO 2025 | K1: MEDICIÓN DEL INDICADOR (RESULTADO) | X1: SEGUIMIENTO Y ANÁLISIS LÍDER DE PROCESO O DELEGADO | Z1: OFICINA ASESORA DE PLANEACIÓN
A2: PROCESO | B2: ÁREA RESPONSABLE | C2: NOMBRE DEL INDICADOR | D2: OBJETIVO DEL INDICADOR | E2: TIPO DE INDICADOR | F2: FÓRMULA | G2: UNIDAD DE MEDIDA | H2: FRECUENCIA DE MEDICIÓN | I2: META | J2: FUENTE | K2: Enero | L2: Febrero | M2: Marzo | N2: Abril | O2: Mayo | P2: Junio | Q2: Julio | R2: Agosto | S2: Septiembre | T2: Octubre | U2: Noviembre | V2: Diciembre | W2: RUTA DE EVIDENCIA | X2: Fecha del seguimiento | Y2: Observaciones - Análisis del resultado Se debe describir el análisis de la cifra que se coloca en la medición, la idea es evaluar el desempeño, identificar tendencias y tomar decisiones, determinando la evolución del indicador o variable a lo largo del tiempo, así como los principales aspectos a resaltar (positivos y oportunidades de mejora) así como las acciones que se realizan para lograr mantener y/o mejorar dicho resultado en busca del logro de la meta establecida. | Z2: Cumple la meta establecida | AA2: Fecha del seguimiento | AB2: Observaciones
A3: Gestión Administrativa y Logística | B3: Secretaría General | C3: Oportunidad en el mantenimiento de la infraestructura física de la entidad | D3: Medir el cumplimiento de las actividades del mantenimiento de la infraestructura | E3: Eficacia | F3: (No. Actividades del plan de mantenimiento ejecutadas dentro de los tiempos establecidos*/ actividades programadas) x 100 *Cronograma establecido en el plan de mantenimiento | G3: PORCENTAJE | H3: Cuatrimestral Acumulado | I3: ≥ 90% SOBRESALIENTE ≥ 75% ACEPTABLE ≥ 70 DEFICIENTE Como mínimo 33,33% en cada cuatrimestre | J3: Plan de mantenimiento | N3: 0.3218 | R3: =N3+31.82% -> 0.64 | V3: =R3+26.73% -> 0.9073 | W3: https://drive.google.com/drive/u/1/folders/1sQR8zxfX6tvxBLbxCiEb_YGSyIm2RHVS | X3: 46022 | Y3: PRIMER CUATRIMESTRE Según el Plan de Mantenimineto se programaron 29 actividades, y al cierre de la gestión realizada en el primer cuatrimestre de la vigencia 2025, se realizaron 28 actividades, lo cual representa un nivel de ejecucion del 96,55% y un avance del 32,18% de las 184 actividades programadas en el plan de mantenimiento para la vigencia 2025. De acuerdo al cronograma y seguimiento se reportaran los mantenimientos en equipos y herramientas a partir del 2do semestre 2025, por otra parte de acuerdo al cronograma correspondiente a proyectos estrategicos relacionados en el plan de mantenimiento vigencia 2025 se realizaron las 2 actividades programadas para este trimestre, mesas de trabajos y levantamiento de necesidades espaciales correspondientes a la adecuacion y modernización de la bodega en el parque arqueologico Santa Maria de la Antigua del Darién. Para el primer cuatrimestre 2025 de acuerdo al cronograma en el mantenimiento de vehiculos se tenian programadas 5 actividades las cuales deberan reprogramarse teniendo encuenta que se estan adelantando las gestiones para el proceso contractual correspondiente. Es importante destacar que el plan se encuentra actualmente en proceso de revisión y aprobación por parte de la OAP, para el reporte se toman las actividades del cronograma que hace parte constitutiva del plan con el fin de garantizar que las actividades contempladas respondan eficazmente a las necesidades operativas en sedes administrativas y parques arqueologicos. Una vez aprobado, se continuará con la implementación y seguimiento riguroso para asegurar la optimización y conservación adecuada de la infraestructura. Así mismo, y según lo establecido en el cronograma de mantenimiento del parque automotor de la entidad, se han venido realizando acciones de gestión contractual necesarias para desarrollar as actividades programadas para el segundo semestre. Cabe resaltar que dicha actividad ha llevado más tiempo del previsto por las complicaciones que ha presentado el mercado ante la falta de cotizaciones por parte de oferentes para adelantar el proceso contractual respectivo. SEGUNDO CUATRIMESTRE Durante el segundo cuatrimestre de 2025 se programaron 44 actividades de mantenimiento de infraestructura, de las cuales se ejecutaron 42, alcanzando un nivel de cumplimiento del 95,45 % y un avance del 31,82% de las 184 actividades programadas en el plan de mantenimiento para la vigencia 2025. Las actividades desarrolladas permitieron garantizar la conservación, el adecuado funcionamiento y la mejora continua de las instalaciones, contribuyendo al cumplimiento de las condiciones técnicas y operativas requeridas para la prestación del servicio institucional. Así mismo, durante este periodo se adjudicaron los contratos No. 385-2025 y No. 389-2025, correspondientes al mantenimiento del parque automotor y al mantenimiento de equipos y herramientas, respectivamente. En el marco de estos contratos se iniciaron las gestiones de coordinación con los proveedores para la ejecución de las actividades previstas, las cuales contemplan el mantenimiento preventivo y correctivo de los vehículos del parque automotor y maquinaria amarilla del ICANH, incluyendo el suministro de repuestos originales y la actualización de la certificación tecnomecánica, así como el mantenimiento preventivo y correctivo de los equipos de bombeo, generadores eléctricos, sistemas de aire acondicionado, sistema RCI y sistemas de detección de incendios de las sedes del ICANH a nivel nacional, con suministro de repuestos, fortaleciendo las condiciones de seguridad, operatividad y sostenibilidad de la infraestructura institucional. TERCER CUATRIMESTRE Durante el tercer cuatrimestre de 2025 se programaron 111 actividades de mantenimiento de infraestructura, de las cuales se ejecutaron 89, alcanzando un nivel de ejecución del 80,18 %. Este resultado representa un avance del 26,73 % frente al total de 184 actividades contempladas en el Plan de Mantenimiento de la vigencia. Las actividades no ejecutadas durante el periodo obedecen principalmente a la falta de insumos y repuestos requeridos para el desarrollo de las labores de mantenimiento, situación que hizo necesario ajustar la programación inicialmente establecida. En consecuencia, dichas actividades fueron reprogramadas para el primer cuatrimestre de la vigencia 2026. De igual manera, se informa que durante el tercer cuatrimestre se ejecutó el mantenimiento preventivo de los vehículos, actividades que fueron desarrolladas de conformidad con el cronograma establecido y en el marco de la ejecución del Contrato No. 385-2025. Dichas intervenciones permitieron garantizar el adecuado funcionamiento, la seguridad operativa y la prolongación de la vida útil del parque automotor, contribuyendo así al cumplimiento oportuno de las actividades misionales de la entidad. Así mismo, se reporta la ejecución del mantenimiento preventivo de los equipos especiales y herramientas, se cumplio al 100% las actividades y se realizan conforme a lo programado y en cumplimiento de las obligaciones derivadas del Contrato No. 389-2025. Estas acciones permitieron asegurar su correcto funcionamiento, disponibilidad operativa y condiciones óptimas de seguridad, garantizando la continuidad y eficiencia en el desarrollo de las labores institucionales. CONCLUSION El análisis de la ejecución de las actividades de mantenimiento (Infraestructura) evidencia un alto nivel de cumplimiento en las sedes ubicadas en Bogotá, donde se alcanzó un 95% de ejecución, reflejando una adecuada planificación, disponibilidad oportuna de recursos y condiciones logísticas favorables para el desarrollo de las intervenciones programadas. Para el mantenimidento (infraestctura), en los parques arqueológicos se registró un nivel de ejecución del 57,14%,de 49 actividades programadas, solo se desarrollaron 28. Situación atribuible a diversos factores operativos, logísticos y ambientales. Entre los principales condicionantes se encuentran la dificultad en el traslado de insumos y materiales hacia sedes ubicadas en zonas de acceso limitado, así como las condiciones climáticas adversas, las cuales impiden el desarrollo de ciertas actividades de mantenimiento por razones técnicas y de seguridad. Estas circunstancias han requerido ajustes en la programación y reprogramación de actividades, priorizando aquellas intervenciones críticas y garantizando el uso eficiente de los recursos disponibles. No obstante, las actividades no ejecutadas no representan un incumplimiento del plan, sino una reorganización técnica de la programación, orientada a asegurar que las intervenciones se realicen en condiciones adecuadas que garanticen su calidad, durabilidad y seguridad. Por otra parte, se identifica que los tiempos de ejecución asociados al mantenimiento de vehículos, así como al mantenimiento de equipos y herramientas, pueden presentar variaciones, en razón de los procedimientos administrativos y técnicos requeridos para la contratación de mano de obra calificada, indispensable para la correcta ejecución de este tipo de servicios. En este sentido, si bien durante el primer cuatrimestre de la vigencia se adelantaron de manera integral las etapas del proceso precontractual, la ejecución de las actividades se materializó principalmente en los cuatrimestres siguientes, conforme a los tiempos necesarios para la formalización contractual y el inicio efectivo de las obligaciones por parte de los contratistas. Esta dinámica responde a la naturaleza especializada de los servicios requeridos y no afecta el cumplimiento de los objetivos del plan de mantenimiento, toda vez que permite asegurar la idoneidad técnica del personal contratado, la calidad de las intervenciones y el adecuado uso de los recursos institucionales | Z3: Medición inadecuada | AA3: 46044 | AB3: En general no es fácil realizar el seguimiento del plan y se observa que la totalidad de acciones cambia en el tiempo lo cual no es coherente pues la programación no se debe modificar, se sugieren revisar esto y contar el avance de cada medición frente a un total que no cambie y frente a una gran actvidad no desglosada y estipulada en el plan inicial (no se deben contar las veces que se ejecuta una misma actividad en varios meses, ni cambiar la totalidad de las actividades del plan). Lo más importante es que se esté gestionando con dicha cifra y que las reprogramaciones se vean en la siguiente vigencia con el debido sustento.
A4: Gestión Administrativa y Logística | B4: Secretaría General | C4: Oportunidad en la gestión del PIGA | D4: Evaluar la oportunidad en la gestión las acciones del PIGA de la entidad para generar alertas oportunas ante posibles incumplimientos de carácter prioritario | E4: Eficacia | F4: (Actividades ejecutadas dentro del tiempo establecido*/ actividades programadas) x 100 * Cronograma PIGA | G4: PORCENTAJE | H4: Trimestral Acumulado | I4: ANUAL ≥ 90% SOBRESALIENTE ≥ 75% ACEPTABLE ≥ 70 DEFICIENTE | J4: Matriz de seguimiento a las actividades del Plan de Acción del Plan Institucional de Gestión Ambiental | M4: 0.071 | P4: =28.5%+M4 -> 0.356 | S4: =7%+P4 -> 0.426 | V4: =21.42%+S4 -> 0.6402 | W4: https://drive.google.com/drive/folders/19UxH-ss1sUvCeRy7A0pqjehSMzIplYoL?usp=sharing | X4: 46022 | Y4: Para el tercer trimestre, se registra un avance del 7% en la ejecución del plan de actividades. Durante este mismo periodo, el Comité Directivo aprobó la propuesta del Plan de Actividades, junto con su objeto y alcance, lo que permitió consolidar de manera significativa los avances en la identificación del consumo de agua y energía en cada una de las sedes del ICANH. Asimismo, se llevó a cabo la socialización de los resultados mediante una capacitación virtual, orientada a fortalecer el conocimiento y la participación del personal en torno a la gestión ambiental institucional. Estos resultados constituyen un insumo clave para la planeación estratégica y el plan de trabajo del componente ambiental, ya que el diagnóstico desarrollado servirá como base para la proyección y consolidación del ICANH como una entidad sostenible, comprometida con la eficiencia en el uso de los recursos y con un alto sentido de apropiación hacia la cultura ambiental. De cara al cuarto trimestre, se prevé el cierre de las actividades programadas, enfocando los esfuerzos en la implementación de acciones de mejora continua y en el seguimiento a los indicadores de consumo, con el propósito de fortalecer el desempeño ambiental institucional y garantizar el cumplimiento integral de los objetivos propuestos para la vigencia. | Z4: No | AA4: 46044 | AB4: Se observa incumplimiento en la meta del indicador y dentro del análisis no se evidencia acciones contundentes para mejorar, adicionalmente se observa incumplimiento en varios aspectos de la política ambiental dentro del cual está su actualización anual,el diagnóstico de brechas y el mejoramiento contínuo, adicionalmente el responsable asignado por la dirección, estructuralmente hablando, quedo en la política a cargo del área de TH cuando existe un Proceso de Gestión Administrativa y Logística en donde se documentó dicha activida. Tampoco se evidencia el Plan de Gestión del Riesgo de Desastreses, ni las matrices de aspectos e impactos ambientales y matriz legal con relación a la Gestión Ambiental. Este indicador lleva en incumplimiento más de tres años y se necesita de forma urgente tomar medidas correctivas al respecto.
A5: Gestión Administrativa y Logística | B5: Área Funcional de Almacén | C5: Gestión de Inventarios | D5: Establecer la gestión de las áreas frente al resultado de los inventarios ejecutados por el área de almacén | E5: Estadística | F5: Número de inventarios reportados sin novedad de pérdida o daño de bienes y activos de la entidad | G5: VALOR ABSOLUTO | H5: SEMESTRAL | I5: No aplica | J5: Reporte de inventarios del Módulo de activos del aplicativo contable | P5: 10 | V5: 6 | W5: https://drive.google.com/drive/folders/1AwrIfSrdLL_EV5u6gdJWbD20Wz3OGHV0?usp=drive_link | X5: 46022 | Y5: Durante el primer trimestre se realizaron 3 inventarios: Sede administrativa, Sede Misional y a la Bodega Boyacá Real. En el ejercicio de verificación de los inventarios no se encontró ninguna novedad. Durante el mes de mayo se llevaron a cabo los inventarios correspondientes a las áreas de Gestión Documental y Casa Nueva. En el mes de junio, se realizaron los inventarios en las oficinas regionales de Santa Marta y Tumaco, para el mes de julio, se tiene programada la ejecución del inventario en el parque de Teyuna, con el fin de verificar y actualizar el inventario del parque. Además se realizó un inventario de contingencia para el caso de Carlos Reina del Grupo de Parimonio dado el cambio de coordinador del área que se presentó. Sumando esta contingencia, para el cierre del primer semestre de la vigencia se reportan un total de 10 inventarios. En cuanto a los inventarios actualizados correspondientes al segundo semestre, se completaron un total de 6 inventarios de bienes devolutivos, estos se realizaron en las siguientes fechas y sedes, principalmente en parques arqueológicos. Julio: Ciudad Perdida - Teyuna Agosto: Tierradentro y San Jose del Guaviare Septiembre: (Alto de Ídolos y Piedras) y San Agustín. Diciembre: Santa María de la Antigua del Darién | Z5: Si | AA5: 46044 | AB5: El tema de activos es vital en la entidad y este indicador no genera mejora continua ni cumple algún aspecto de control que permita tomar acciones frente al riesgo que se tiene documentado, se debe cambiar
A6: Gestión Administrativa y Logística | B6: Secretaría General | C6: Oportunidad en la expedición de los tiquetes | D6: Medir la oportunidad* en la expedición de los tiquetes solicitados a la Secretaria General *Plazo de dos días hábiles antes del viaje. | E6: Eficiencia | F6: (Número de tiquetes expedidos oportunamente/Número de tiquetes solicitados) *100 | G6: PORCENTAJE | H6: Trimestral | I6: ≥ 90% SOBRESALIENTE ≥ 75% ACEPTABLE ≥ 70 DEFICIENTE | J6: Matriz de seguimiento interno, interno a la soicitud de comisiones. | M6: =85/86 -> 0.98837209 | P6: 1 | S6: 0.95 | V6: 0.91 | W6: https://drive.google.com/drive/folders/1QAFmH9TfSVKhEtQEPmOEb9EQkyvsa8PA?usp=sharing | X6: 46022 | Y6: Para el primer trimestre de la vigencia 2025, se presenta un cumplimiento del 98%, toda vez que durante el primer trimestre se solicitaron 86 tiquetes desde las áreas, y se expidieron 85 tiquetes antes de dos dias de la fecha de viaje. No se requirió una acción correctiva frente al tiquete que no cumplio con lo establecido en el indicador , toda vez que su ocurrencia obedeció a un caso de fuerza mayor, debidamente justificado y autorizado por la Subdirectora de Apropiación. Como evidencia del cumplimiento reportado se anexa- Matriz de seguimiento interno a la solicitud de comisiones. (formato exel) y justificación remitida por la Subdirección de apropiación. Para el segundo trimestre de la vigencia 2025, se presenta un cumplimiento del 100 %, toda vez que durante el segundo trimestre se solicitaron 335 tiquetes desde las áreas, y se expidieron 335 tiquetes antes de dos dias de la fecha de viaje cumpliendo con el objetivo del indicador de medir la oportunidad con la solicitud mínimo de 2 días hábiles antes del viaje. Seguimiento tercer trimestre: Para el tercer trimestre de la vigencia 2025, se presenta un cumplimiento del 95 %, toda vez que durante el tercer trimestre se solicitaron 216 tiquetes desde las áreas, y se expidieron 205 tiquetes antes de dos dias de la fecha de viaje. No se requirió una acción correctiva frente a los 11 tiquetes no expedidos en dos dias antes del viaje, toda vez que su ocurrencia obedeció a tres casos de invitados a los cuales se tuvieron que compar tiquetes con el inicio del nuevo contrato y 5 casos de agendas directivas y 3 tiquetes en los cuales se realizó cambio de itinerario. Seguimiento cuarto trimestre: Para el cuarto trimestre de la vigencia 2025, se presenta un cumplimiento del 91%, toda vez que durante el periodo reportado se solicitaron 223 tiquetes desde las áreas, y se expidieron 223 tiquetes antes de dos días de la fecha de viaje. No se requirió una acción correctiva frente a los 20 tiquetes no expedidos en dos días antes del viaje, toda vez que su ocurrencia obedeció a un (1) caso de un invitado, quien confirmo el itinerario un día antes del evento, tres (3) tiquetes que tuvieron cambio de itinerario, debido a modificaciones en las agendas inicialmente programadas, cinco (5) tiquetes correspondientes a la atención de una agenda directiva, siete (7) tiquetes de la Subdirección de Patrimonio en los cuales la solicitud obedeció a la confirmación de la agenda por parte de la entidad organizadora del evento, con menos de dos días. (4) tiquetes de la Subdirección de Apropiación social, para los cuales se encontró disponibilidad de vuelos con menos de dos días de inicio de la comisión. | Z6: Si | AA6: 46044 | AB6: si bien está midiendo la eficacia de la actividad es importante revisar la medición frente al cumplimiento de los 8 días en que se deben solicitar los tiquetes por parte de las áreas ya que es un tema más crítico de cara al plan de austeridad y se observa dentro del archivo de evidencias que se incumplen dichos tiempos por varias áreas lo que está generando sobrecostos; si bien pueden seguir midiéndolo deben buscar uno que lleve a la mejora continua de la entidad y a la austeridad en el gasto.
A7: =COUNTA(A3:A6) -> 4

Sheet Gestión TI
A1: MATRIZ DE INDICADORES DE GESTIÓN ICANH AÑO 2025 | K1: MEDICIÓN DEL INDICADOR (RESULTADO) | X1: SEGUIMIENTO Y ANÁLISIS LÍDER DE PROCESO O DELEGADO ITRIMESTRE | Z1: OFICINA ASESORA DE PLANEACIÓN
A2: PROCESO | B2: ÁREA RESPONSABLE | C2: NOMBRE DEL INDICADOR | D2: OBJETIVO DEL INDICADOR | E2: TIPO DE INDICADOR | F2: FÓRMULA | G2: UNIDAD DE MEDIDA | H2: FRECUENCIA DE MEDICIÓN | I2: META | J2: FUENTE | K2: Enero | L2: Febrero | M2: Marzo | N2: Abril | O2: Mayo | P2: Junio | Q2: Julio | R2: Agosto | S2: Septiembre | T2: Octubre | U2: Noviembre | V2: Diciembre | W2: RUTA DE EVIDENCIA | X2: Fecha del seguimiento | Y2: Observaciones - Análisis del resultado Se debe describir el análisis de la cifra que se coloca en la medición, la idea es evaluar el desempeño, identificar tendencias y tomar decisiones, determinando la evolución del indicador o variable a lo largo del tiempo, así como los principales aspectos a resaltar (positivos y oportunidades de mejora) así como las acciones que se realizan para lograr mantener y/o mejorar dicho resultado en busca del logro de la meta establecida. | Z2: Cumple la meta establecida | AA2: Fecha del seguimiento | AB2: Observaciones
A3: Gestión de Tecnologías de la Información | B3: Área Funcional de Tecnologías y Sistemas de Información | C3: Funcionamiento efectivo de las plataformas y sistemas de información | D3: Establecer para el Instituto Colombiano de Antropología e Historia los parámetros para la gestión, administración y gobernanza de los servicios de información en alineación con los objetivos institucionales y la adopción del marco legal, con el fin de facilitar el acceso, uso eficiente y seguro de la infraestructura tecnológica de la entidad. | E3: Eficacia | F3: (# horas en funcionamiento mensuales (720 horas)/# de horas de indisponibilidad)*100 de cada plataforma o sistema de información | G3: PORCENTAJE | H3: Mensual | I3: ≥ 94% SOBRESALIENTE > 85% ACEPTABLE | J3: Registro de incidentes para el periodo 2024 | K3: 0.96 | L3: 0.99 | M3: 1 | N3: 0.98 | O3: 0.99 | P3: 1 | Q3: 1 | R3: 0.99 | S3: 1 | T3: 0.99 | U3: 1 | V3: 1 | W3: https://docs.google.com/spreadsheets/d/1COtz9_2zqQdF_xo8WqTLhKybC9Ttg8LM/edit?pli=1&gid=1046128378#gid=1046128378 | X3: 46022 | Y3: 1. Durante el primer trimestre de 2025: - Para el mes de enero se presento caida en el servicio de internet por fallas de fibra optica del proveedor externas y agendas a la entidad. - Para el mes de febrero se presento fallas en el sistema de información de Orfeo lo cual fue necesario montar de nuevo el servicio en un nuevo servidor, por otro lado se presento caidas en el servicio de internet por reparaciones y configuraciones externas del proveedor - Para el mes de marzo se presento caida en el servicio de red e internet por cambio de servidores controladores de dominio. Es importante destacar que, con el seguimiento realizado y reportado en la matriz adjunta al reporte, se logró dar solución efectiva a las diferentes fallas presentadas. En tal sentido, durante el primer trimestre del año 2025, en promedio se tuvo un funcionamiento efectivo de los servicios TI, las plataformas y sistemas de información del 98%. 2. Durante el segundo trimestre de 2025: - Para el mes de abril se presento varias caidas en las plataformas de la entidad por temas de seguridad correspondiente a boots que realizaban peticiones recurrentes, se implemto el servicio WAF para bloquear dichas peticiones. - Para el mes de mayo se presento una caida en el servicio de telefonia por falla del plan movil que se contrato para la casita del museo. Se proporciono 2 SIM CARD por parte del proveedor. - Para el mes de Junio no se presento caidas en ningun servicio de TI Es importante destacar que, con el seguimiento realizado y reportado en la matriz adjunta al reporte, se logró dar solución efectiva a las diferentes fallas presentadas. En tal sentido, durante el segundo trimestre del año 2025, en promedio se tuvo un funcionamiento efectivo de los servicios TI, las plataformas y sistemas de información del 99%. Durante el segundo trimestre de 2025, los servicios de tecnologías de la información de TI presentaron un excelente desempeño en cuanto a disponibilidad, alcanzando un promedio del 99%, lo que garantiza una continuidad operativa. Aunque se registraron 414 horas de indisponibilidad en los 25 servicios evaluados, este dato refleja una gestión efectiva de incidentes y una alta confiabilidad en las plataformas y sistemas institucionales. Para continuar mejorando y mantener estos altos niveles de servicio, estamos trabajando en la optimización de nuestros sistemas de información, reduciendo riesgos de fallas y mejorando aspectos clave como la conectividad, mediante la implementación de respaldos y redundancias que nos permitan estar completamente preparados ante cualquier posible interrupción. 3. Durante el tercer trimestre de 2025: - Para el mes de Julio no se presentó caídas en ningún servicio de TI. - Para el mes de agosto (04) se presentó caída en el servicio de internet principal por fallas eléctricas en el centro de datos de la sede principal afectando el servicio de red LAN y WAN. Adicionalmente se presenta de nuevo caída el 27 de agosto en el servicio de internet por malas configuraciones realizadas por el proveedor, aun así, se mitigo la indisponibilidad del servicio a través del Internet backup contratado con el proveedor de Espacios y Redes - Para el mes de septiembre no se presentó caídas en ningún servicio prestado desde TI. 4. Durante el cuarto trimestre - En el mes de Octubre se presento caida e indisponibilidad en el servicio de internte y VPN por la instalacion de un equipo router con el fin de realizar la unión de dos o más enlaces de internet para que funcionen como uno solo y la velocidad de navegacion sea mayor; y la otra caida prentada por bloqueo en pueto WAN del firewall. Por otro lado, se presento caida en la en el sitio de estimulos por una instalacion realizada en ambiente productivo. - En el mes de noviembre se presentó una caída en el servicio de internet principal, lo que afectó los trámites bancarios del grupo financiero. No obstante, la navegación fue respaldada y el servicio continuó funcionando con normalidad gracias a la activación del canal de respaldo (backup). Por otro lado, tras la caída del servicio principal, se presentó una afectación en la conexión VPN, ya que esta solo enrutaba a través del canal principal. En consecuencia, se realizó la actualización correspondiente para permitir su funcionamiento también a través del canal de respaldo. - En el mes de diciembre se presento caida en lo sitios de Biblioteca y Geovisor afectando la disponibilidad y consulta de los sitios, esta falla debido al vencimiento del certificado SSL a lo que se tramito con el proveedor la expedicion de nuevo del certificado SSL. Aunque se vieron afectados dos plataformas ambas no presentaron el 95% de indisponibilidad durante el mes. Durante el segundo semestre, los servicios tecnológicos mantuvieron niveles altos de disponibilidad, sin impactos criticos manteniendo los niveles de disponibilidad superiores al 95%, cumpliendo con los estándares operativos definidos. Las indisponibilidades presentadas fueron puntuales, controladas y mitigadas oportunamente, sin generar afectaciones críticas prolongadas a los servicios de la entidad. Aunque se presentaron eventos, la operación funcionó adecuadamente. La redundancia de conectividad demostró ser un control clave para la entidad. Se concluye que la disponibilidad promedio estimada fue del 99% – 100%, cumpliendo ampliamente los indicadores de servicio. | Z3: Si | AA3: 46048 | AB3: Si bien se cumple con la meta del indicador a pesar de que varias plataformas continuan presentando indisponibilidades que no afectan la operación de la entidad, es adecuado revisar otros posibles controles dentro de la documentación que mitigen al menos las causas que de alguna manera son predecibles y evitar reportes de los usuarios como materializaciones de riesgos mientras se puede continuar con la pedagogía de este tipo de riesgos e incluso del mismo indicador y de las acciones de mejora que elárea implementa durante la vigencia para que todos los funcionarios y contratistas de la entidad entiendan y conozcan todo lo que se hace frente a los incidentes que les pueden estar afectando en tiempo cortos pero que para usuario externo puede llegar a ser de impacto medio o alto.
A4: Gestión de Tecnologías de la Información | B4: Área Funcional de Tecnologías y Sistemas de Información | C4: Implementación y gestión del PETIC | D4: Cumplir con las actividades propuestas para el logro de los dominios de la estrategia de gobierno digital. | E4: Eficacia | F4: (# actividades cumplidas / # actividades planeadas) x 100 Acumulado | G4: PORCENTAJE | H4: Semestral acumulable | I4: Cumplimiento Anual ≥ 85% SOBRESALIENTE > 75% ACEPTABLE ≤ 75% DEFICIENTE | J4: Documento de seguimiento PETIC | K4: 0.24 | L4: 0.24 | M4: 0.24 | N4: 0.57 | O4: 0.57 | P4: 0.57 | Q4: 0.76 | R4: 0.76 | S4: 0.76 | T4: 1 | U4: 1 | V4: 1 | W4: 01_TSI_FORTALECIMIENTO DE LA GESTIÓN DE TECNOLOGÍAS DE LA INFORMACIÓN | X4: 46022 | Y4: 1. Durante el primer trimestre de 2025, el Plan Estratégico de Tecnologías de la Información (PETI) del ICANH alcanzó un avance global del 24%, reflejando un progreso sostenido en áreas clave de los servicios tecnológicos institucionales. Conectividad: Se culminaron exitosamente las etapas precontractual y contractual para la provisión del servicio de Internet en los parques arqueológicos del ICANH, junto con la entrega regular de informes mensuales sobre la calidad del servicio. Estas acciones aseguran la continuidad operativa en sitios patrimoniales estratégicos como San Agustín y Teyuna. Mesa de Ayuda: Este servicio alcanzó un desempeño sobresaliente, registrando una tasa de resolución del 100% en los casos escalados y un 95% de satisfacción por parte de los usuarios. La implementación de un nuevo aplicativo mejoró significativamente la gestión de solicitudes, consolidando la Mesa de Ayuda como un pilar fundamental en la atención de incidentes tecnológicos dentro del ICANH. Sistemas de Información: Con un avance del 37.5%, se evidencian progresos relevantes en el diseño, actualización y sostenibilidad de plataformas institucionales como Orfeo, Ventanilla Única, Sede Electrónica, Cerarco, Colecciones, Atlas y Estímulos. Durante este periodo se completaron la ficha técnica, estudios previos y la solicitud del Certificado de Disponibilidad Presupuestal (CDP), así como la definición de requerimientos técnicos y funcionales, y la elaboración del cronograma de desarrollo. Seguridad: Los servicios de seguridad demostraron un alto nivel de confiabilidad y desempeño, garantizando la disponibilidad del acceso remoto vía VPN y el funcionamiento óptimo del Firewall y el antivirus Sophos. Estos mecanismos operaron al 100%, protegiendo estaciones de trabajo y servidores ante amenazas, y asegurando un control eficiente del tráfico de red. Gestión de Recursos: Con un avance del 48%, el Plan de Capacitaciones y el Plan de Comunicaciones alcanzaron hitos importantes como la implementación de un aula virtual y el despliegue de estrategias de difusión efectivas. Estos logros reflejan el compromiso del ICANH con el uso y apropiación tecnológica. 2. Durante el segundo trimestre de 2025, el Plan Estratégico de Tecnologías de la Información (PETI) del ICANH alcanzó un avance global del 57%, reflejando un progreso sostenido en áreas clave de los servicios tecnológicos institucionales. Conectividad: Se alcanzó un 53.75% de cumplimiento, con avances significativos en iniciativas estratégicas como la renovación del licenciamiento de los Access Points y de la plataforma de correo Google Suite, mediante sus respectivos procesos contractuales. Por otra parte, el servicio de internet en los parques arqueológicos operó con una disponibilidad del 100%, sin reportes de incidentes críticos y en cumplimiento de los Acuerdos de Nivel de Servicio (SLA) pactados. En cuanto a la telefonía IP Webex Calling, el servicio se mantuvo con niveles de calidad superiores al 97%, y aunque se presentaron fallas puntuales, estas fueron atendidas con prontitud por el proveedor, asegurando la continuidad y eficiencia en las comunicaciones institucionales. Seguridad: Los servicios de seguridad mantuvieron un alto nivel de eficacia, garantizando el acceso remoto vía VPN y el funcionamiento óptimo del firewall perimetral, sin registrar incidentes críticos. Se avanzó en el proceso de renovación de licencias de seguridad y se ejecutaron de forma periódica las copias de seguridad de los servidores y cuentas de correo institucionales estratégicas, alcanzando una cobertura del 100% y asegurando la disponibilidad de la información. Adicionalmente, se optimizó el uso de la nube mediante ajustes en la arquitectura de AWS, lo que permitió mejorar la eficiencia operativa y reducir los costos del servicio. Mesa de Ayuda: Se logró una atención del 100% de los 290 requerimientos recibidos a través de la Mesa de Ayuda, con un 98% de satisfacción por parte de los usuarios. La implementación del nuevo aplicativo de Mesa de Ayuda fortaleció los procesos de clasificación, asignación y cierre de casos, mejorando la eficiencia y calidad del servicio prestado. Sistemas de Información: Se avanzó en la sostenibilidad de los sistemas de información mediante la elaboración de estudios técnicos y presupuestales para la contratación una casa de desarrollo de software. Asimismo, se documentó la arquitectura y el código fuente de los sistemas de información, y se actualizó funcionalmente la aplicación APP PARK, incorporando mejoras en los módulos de almacén, parques y financiero. Gestión de Recursos: Se lograron avances significativos en la ejecución del Plan de Capacitaciones y del Plan de Comunicaciones del área de TI, fortaleciendo la apropiación institucional de las herramientas digitales. Se implementó un curso piloto en la plataforma Moodle sobre el proceso PQRSD y se desarrolló capacitación en seguridad de la información dirigida a funcionarios. Además, se promovió la cultura de ciberseguridad mediante la difusión de piezas informativas y educativas, fomentando buenas prácticas tecnológicas dentro de la entidad. 3. Durante el tercer trimestre de 2025, el Plan Estratégico de Tecnologías de la Información (PETI) del ICANH alcanzó un avance global del 76%, reflejando un progreso sostenido en áreas clave de los servicios tecnológicos institucionales. Conectividad: Con un cumplimiento promedio del 77%, se aseguraron servicios de red estables y de alta disponibilidad. Se destaca la renovación de licencias de Access Point con RedNeet, garantizando conectividad Wi-Fi en las tres sedes del ICANH con 20 equipos Huawei, y la disponibilidad total del Internet en los parques arqueológicos operados por IESCOM e INTERED. La gestión de Google Workspace mantuvo 456 cuentas activas y 100% de disponibilidad, promoviendo el uso de Meet y Chat. Finalmente, el servicio de telefonía Webex Calling operó sin interrupciones, con más del 97% de llamadas de buena calidad. Seguridad: Este componente alcanzó un 76% de cumplimiento, destacando la estabilidad y protección de la infraestructura institucional. La VPN funcionó con un 95,4% de éxito en más de 1.200 conexiones; el Firewall Sophos XG y el antivirus Sophos Intercept X controlaron más de 40.000 eventos de seguridad con licencias activas hasta 2026. Los servicios de Backup garantizaron la integridad de la información con respaldos automáticos diarios, y los servidores de dominio mantuvieron 100% de disponibilidad. Además, la gestión en la nube AWS aseguró la sostenibilidad y disponibilidad de las aplicaciones críticas. Mesa de Ayuda: Con un 75% de cumplimiento, la Mesa de Ayuda gestionó 212 casos con un 91% de resolución efectiva y 100% de atención a los de alta prioridad. Se redujeron los tiempos de respuesta (promedio de 3,46 días) y no se reportaron incidentes críticos. El sistema GLPI se consolidó como canal único de gestión, alcanzando una satisfacción de usuario de 4.9/5, reflejando eficiencia y calidad del servicio. Sistemas de Información: Se logró un 75% de cumplimiento, avanzando en la continuidad y mejora de los sistemas Orfeo, Cerarco y Odoo mediante el Contrato 416-2025. Se completaron fases de planificación y documentación técnica, y se fortaleció la gestión del código fuente con la migración del repositorio a AWS, garantizando desarrollo seguro y estandarizado. Además, se avanzó en el proceso contractual para la adquisición de software especializado (AutoCAD, Recap Pro, Streamyard, entre otros), asegurando la continuidad operativa y la sostenibilidad tecnológica. Gestión de Recursos: Este componente alcanzó un 75% de cumplimiento, con avances notables en capacitación y comunicación interna. Se ejecutó el Plan de Capacitaciones 2025 con énfasis en Google Workspace e Inteligencia Artificial, alcanzando calificaciones superiores a 4.4/5. Asimismo, el Plan de Comunicaciones TI fortaleció la apropiación digital mediante boletines, fondos de pantalla y campañas sobre uso de Google Drive, prevención de phishing y promoción de la Mesa de Ayuda, contribuyendo a la transformación digital y modernización institucional del ICANH. 3. Durante el cuarto trimestre de 2025: El Plan Estratégico de Tecnologías de la Información (PETI) del ICANH alcanzó un avance global del 100%, reflejando un progreso sostenido en áreas clave de los servicios tecnológicos institucionales. Conectividad y telefonia: Con un cumplimiento promedio del 83%, se aseguraron servicios de red estables y de alta disponibilidad. Adicionalmente, se realizaron adiciones y prórrogas a los contratos de servicio de internet de los parques Huila, Tierra Adentro, Teyuna, Unguía y de la sede principal de Bogotá, con el fin de garantizar la continuidad del servicio durante los meses de enero y febrero. El 17% restante de la ejecución contractual se completará en el año 2026. El servicio de telefonía Webex Calling operó sin interrupciones, con más del 97% de llamadas de buena calidad. Suite Google: La gestión de Google Workspace mantuvo 454 cuentas asignadas con el 100% de disponibilidad, promoviendo el uso de Meet y Chat, y 16 cuentas disponibles. Seguridad: Este componente alcanzó un 76,36% de cumplimiento, destacando la estabilidad y protección de la infraestructura institucional. La VPN funcionó con un 98,1% de éxito en más de 1.000 conexiones y el 1.9% por intentos fallidos principalmente por errores de autenticacion; el Firewall Sophos XG y el antivirus Sophos Intercept X controlaron más de 30.000 eventos de seguridad algunas de ellas se relacionan como falsos positivos. Mesa de Ayuda: Se logró una atención del 100% de los 163 requerimientos recibidos a través de la Mesa de Ayuda, con un 98% de satisfacción por parte de los usuarios. Sistemas de información: Se implementó una nueva infraestructura de servidores para la actualización, migración de la información y el paso a producción del Gestor Documental ORFEO, actividades que quedaron programadas para su finalización en enero de 2026. De igual forma, para el sitio de revistas se desplegó la infraestructura correspondiente y se configuraron las reglas de seguridad, quedando pendiente la migración y la salida a producción, previstas también para enero de 2026. Copias de seguridad: Se garantizó la ejecución de copias de seguridad de las plataformas y sistemas de información mediante respaldos automáticos diarios, semanales y mensuales, asegurando la disponibilidad e integridad de los datos. Este servicio se encuentra soportado a través de una herramienta en la nube, incluyendo el almacenamiento seguro de la información respaldada. Se destaca la renovación de licencias de Access Point con el proveedor RedNeet, garantizando conectividad Wi-Fi en las tres sedes del ICANH con 20 equipos Huawei, la adquisión de licencias para streaming y de comunicaciones digitales, edicion de multimedia y desarrollo de software (STREAMYARD, Epidemic Sound, Runway, Envato Elements, Brevosend, Elementor, Cap cut pro, Linkr.com Pro, Copilot Pro, Google Play Console, Sketchfab Premium, SketchUp); Asi como la renovacion de licenciamiento ArcGis para el funcionamiento normal del sistema de información geo.icanh.gov.co. | Z4: Si
A5: Gestión de Tecnologías de la Información | B5: Área Funcional de Tecnologías y Sistemas de Información | C5: Implementación y gestión del PESI | D5: Establecer el grado de cumplimiento de las actividades establecidas en el PESI: Planes de Tratamiento de Riesgos de Seguridad y Privacidad de la Información y Seguridad y Privacidad de la Información. | E5: Eficacia | F5: (# actividades cumplidas / # actividades planeadas) x 100 Acumulado | G5: PORCENTAJE | H5: Trimestral Acumulable | I5: Cumplimiento Anual ≥ 85% SOBRESALIENTE > 75% ACEPTABLE ≤ 75% DEFICIENTE | J5: Planes de Tratamiento de Riesgos de Seguridad y Privacidad de la Información y Seguridad y Privacidad de la Información (o seguimientos realizados a estos temas). | K5: 0.21 | L5: 0.21 | M5: 0.21 | N5: 0.52 | O5: 0.52 | P5: 0.52 | Q5: 0.69 | R5: 0.69 | S5: 0.69 | T5: 1 | U5: 1 | V5: 1 | W5: https://drive.google.com/drive/folders/1IpjjG9Sf6CEuWIs1nU2BMnLzZOlSVKVx?ts=68114a3f&usp=drive-dynamite https://drive.google.com/drive/folders/16UutGVWs-eFsOdIIy9M1rJiOAYpFolBi | X5: 46022 | Y5: 1. Para el primer trimestre de la vigencia 2025: Se desarrolló y presento ante el Comité de Gestión y Desempeño los documentos: PLAN ESTRATÉGICO DE SEGURIDAD Y PRIVACIDAD DE LA INFORMACION y actualización de PLAN DE TRATAMIENTO DE RIESGOS DE SEGURIDAD Y PRIVACIDAD DE LA INFORMACIÓN, los cuales fueron aprobados por el Comité. • Se construyó el documento “PLAN DE CAPACITACIONES 2025 ÁREA FUNCIONAL DE TECNOLOGÍAS Y SISTEMAS DE LA INFORMACIÓN” el cual en su objetivo incorpora la capacitación a los funcionarios del ICANH promoviendo una cultura de seguridad informática y buenas prácticas en ciberseguridad y protección de datos. Adicionalmente se construyeron piezas digitales que posteriormente serán puestas a disposición en los equipos y fondos de pantalla de los equipos del ICANH. • Se elaboró el Informe de Incidentes de Seguridad I Trimestre 2025 que detalla la gestión de incidentes de ciberseguridad (phishing y malware) reportados durante el primer trimestre de 2025 al Área Funcional de Tecnología y Sistemas de Información. 2. Durante el segundo trimestre de 2025: Se realizaron reuniones con las subdirecciones y la Secretaría General para socializar la matriz de activos de información 2025 y llevar a cabo la actualización del nuevo modelo, alineado con los lineamientos del MinTIC. • Se gestionaron 13 incidentes de seguridad relacionados con correos electrónicos sospechosos, principalmente phishing y malware, con un 57% de los casos asociados al phishing. Todas las amenazas fueron atendidas oportunamente, evitando impactos en la infraestructura institucional. • Se llevó a cabo una capacitación en seguridad de la información, con la participación de 24 funcionarios. El 81% de los participantes expresó alta satisfacción con la claridad del contenido impartido. • Se actualizó la matriz de riesgos de TI, identificando nuevos riesgos y vulnerabilidades, especialmente en áreas como la seguridad perimetral y la disponibilidad de los servicios de red. 3. Durante el tercer trimestre de 2025: Se avanzó en la ejecución de las actividades previstas en el Plan Estratégico de Seguridad de la Información (PESI) y el Plan de Tratamiento riesgos de Seguridad de la Información (PTRSI). A continuación, se destacan las principales acciones realizadas: • Actualización de documentos del Modelo de Seguridad y Privacidad de la Información (MPSI): Se actualizaron la Matriz de Activos de Información, la Matriz de Riesgos de Seguridad de la Información y el Plan de Restauración de TI. • Sensibilización y cultura de ciberseguridad: Se desarrollaron y difundieron campañas de concientización mediante fondos de pantalla, boletines y piezas digitales, enfocadas en promover buenas prácticas de seguridad y prevenir amenazas como phishing y malware. • Gestión de incidentes: Se atendieron 12 incidentes de seguridad de la información reportados al Área de TI, implementando acciones correctivas y preventivas, con el fin de mitigar riesgos y evitar recurrencias. • Pruebas de vulnerabilidad: Se realizaron evaluaciones de seguridad sobre la infraestructura crítica del Data Center y los sistemas institucionales, identificando y abordando posibles vulnerabilidades. 3. Durante el cuarto trimestre de 2025: • Se acogieron las recomendaciones allegadas de la matriz de riesgos de seguridad, en la cual se identificaron y definieron ocho (8) riesgos principales, entre ellos los relacionados con los servicios de conectividad, los sistemas de información, la infraestructura y de seguridad. Dicha matriz se encuentra aprobada e incluida dentro de la Matriz de Riesgos General de la entidad. • Se actualizó el procedimiento de respaldo de información y restauración de copias de seguridad, y se creó el formato Bitácora de Copias de Respaldo para el registro, control y seguimiento de las mismas. • Sensibilización y cultura de ciberseguridad: Se desarrollaron y difundieron campañas de concientización mediante fondos de pantalla, piezas digitales, enfocadas en promover buenas prácticas de seguridad y prevenir amenazas como phishing y malware. • Pruebas de vulnerabilidad: Se realizaron análisis de vulnerabilidades sobre la infraestructura crítica del Data Center, las plataformas web y los sistemas de información. Como resultado, se generaron planes de remediación y se implementaron las acciones correctivas recomendadas. • Se elaboro la Politica para la Gestion de Carpetas Compartidas Google Drive, a través de la cual se establece lineamientos del uso compartido de la información institucional y las responsabilidades de las diferentes Áreas/Oficinas/Dependencias. | Z5: Si | AA5: 46048 | AB5: Se debe mantener este resultado para las siguientes vigencias y sobre todo articularlo con la implementación y mejora de la matriz de aplicabilidad ISO 27001 del que se dió la siguiente retroalimentación al proceso: En cuanto al diagnóstico y documentación de la matriz de aplicabilidad ISO 27001 se recomienda llevar al comité institucional de gestión y desempeño las acciones que se deben implementar para mejorar el puntaje de los controles en cada dominio especialmente el denominado "controles tecnológico" que se encuentra por debajo del 80% y revisar qué otras acciones se pueden implementar durante 2026 y de qué dominios para lograr mejorar la calificación de la entidad en cuanto a dos grandes aspectos como son los siguientes: Modelo de Operación (PHVA): Puntaje del 61% y Mejores prácticas en ciberseguridad Brechas NIST, específicamente en las calificaciones de las funciones que estuvieron por debajo del 80%.
A6: =COUNTA(A3:A5) -> 3
Y8: =LOWER(X8)

Sheet Gestión Documental y Corresp
A1: MATRIZ DE INDICADORES DE GESTIÓN ICANH AÑO 2025 | K1: MEDICIÓN DEL INDICADOR (RESULTADO) | X1: SEGUIMIENTO Y ANÁLISIS LÍDER DE PROCESO O DELEGADO | Z1: OFICINA ASESORA DE PLANEACIÓN
A2: PROCESO | B2: ÁREA RESPONSABLE | C2: NOMBRE DEL INDICADOR | D2: OBJETIVO DEL INDICADOR | E2: TIPO DE INDICADOR | F2: FÓRMULA | G2: UNIDAD DE MEDIDA | H2: FRECUENCIA DE MEDICIÓN | I2: META | J2: FUENTE | K2: Enero | L2: Febrero | M2: Marzo | N2: Abril | O2: Mayo | P2: Junio | Q2: Julio | R2: Agosto | S2: Septiembre | T2: Octubre | U2: Noviembre | V2: Diciembre | W2: RUTA DE EVIDENCIA | X2: Fecha del seguimiento | Y2: Observaciones - Análisis del resultado Se debe describir el análisis de la cifra que se coloca en la medición, la idea es evaluar el desempeño, identificar tendencias y tomar decisiones, determinando la evolución del indicador o variable a lo largo del tiempo, así como los principales aspectos a resaltar (positivos y oportunidades de mejora) así como las acciones que se realizan para lograr mantener y/o mejorar dicho resultado en busca del logro de la meta establecida. | Z2: Cumple la meta establecida | AA2: Fecha del seguimiento | AB2: Observaciones
A3: Gestión Documental y Correspondencia | B3: Área de Correspondencia | C3: Eficacia en el envío de paquetería. | D3: Medir la eficacia del servicio de envíos de paquetería a través del proveedor postal, evaluando el cumplimiento de los plazos establecidos. | E3: Eficacia | F3: (N° de envíos entregados a tiempo* / Total de envíos realizados) × 100 por municipio * Tiempo estipulado en la propuesta comercial del proveedor | G3: PORCENTAJE | H3: Trimestral | I3: ≥ 95% SOBRESALIENTE ≥ 85% ACEPTABLE ≤ 75% DEFICIENTE | J3: Matriz de relación de Envíos vs tiempos del contrato por área | K3: N/A | L3: N/A | M3: N/A | P3: 0.9565 | S3: 0.9565 | V3: 0.88 | W3: https://drive.google.com/drive/folders/1b9rwWYYBEzDOD6cH2TpVF-v1U99VvcvF?usp=drive_link | X3: 46022 | Y3: Cálculo del Indicador: Total de envíos realizados en el trimestre: 161 Envíos entregados a tiempo: Abril: Todos marcados como "SI" (19 envíos), excepto 1 en UNGUIA ("NO"). Mayo: Todos marcados como "SI" (53 envíos), excepto 1 en ORITO ("NO"). Junio: Todos marcados como "SI" (84 envíos). Total de envíos a tiempo: 19 (Abril) + 53 (Mayo) + 84 (Junio) - 2 incumplimientos (ORITO y UNGUIA) = 154 envíos a tiempo. 2. Cálculo de Eficacia Fórmula: (N° de envíos a tiempo / Total de envíos) × 100 Resultado: (154 / 161) × 100 = 95.65% de eficacia. 3. Mayor incumplimiento: ORITO (Mayo): 1 envío no entregado a tiempo. UNGUIA (Abril): 1 envío no entregado a tiempo. Municipios con mayor volumen y 100% de cumplimiento: Popayán_Cauca (46 envíos en Mayo). Santa Marta_Magdalena (44 envíos, con 1 en Abril y 43 en Junio). 4. Conclusión El proveedor postal alcanzó una eficacia del 95.65%, con solo 2 incumplimientos en 161 envíos. MEDICION III TRIMESTRE Cálculo del Indicador: Total, de envíos realizados en el trimestre: 246 Envíos entregados a tiempo: Julio: Todos marcados como "SI" (46 envíos), excepto 1 en UNGUIA ("NO"). Agosto: Todos marcados como "SI" (49 envíos), excepto 2 Internacionales ("NO"). Septiembre: Todos marcados como "SI" (146 envíos). excepto 2 Internacionales ("NO"). Total, de envíos a tiempo: 46 (Julio) + 49 (agosto) + 146 (septiembre) - 5 incumplimientos (Unguia y Internacional) = 241 envíos a tiempo. 2. Cálculo de Eficacia Fórmula: (N° de envíos a tiempo / Total de envíos) × 100 Resultado: (154 / 161) × 100 = 97.96% de eficacia. 3. Mayor incumplimiento: Unguia Choco (Julio): 1 envío no entregado a tiempo. Internacional (agosto y septiembre): 4 envíos no entregados a tiempo. Municipios con mayor volumen y 100% de cumplimiento: Huila (45 envíos en el trimestre). Nariño - Pasto (29 envíos en el trimestre). 4. Conclusión El proveedor postal alcanzó una eficacia del 97.96%, con solo 5 incumplimientos en 246 envíos, sin embargo los envíos internacionales tuvieron retrasos por temas aeroportuarios. MEDICION IV TRIMESTRE Total, de envíos realizados en el trimestre: 227 Envíos entregados a tiempo: 200 OCTUBRE: Todos marcados como "SI" (60 envíos), excepto 4 Internacionales ("NO"). NOVIEMBRE: Todos marcados como "SI" (71 envíos), excepto 2 Internacionales y 4 Guaviare ("NO"). DICIEMBRE: Todos marcados como "SI" (69 envíos). excepto 2 Internacionales y 3 Unguia ("NO"). Total, de envíos a tiempo: 60 (Octubre) + 71 (noviembre) + 69 (diciembre) - 27 incumplimientos (Guaviare, Unguia y Internacional) = 200 envíos a tiempo. 2. Cálculo de Eficacia Fórmula: (N° de envíos a tiempo / Total de envíos) × 100 Resultado: (227 / 200) × 100 = 88.10% de eficacia. 3. Mayor incumplimiento: Unguia Choco (noviembre): 12 envíos no entregados a tiempo. Internacional (octubre, noviembre y diciembre): 8 envíos no entregados a tiempo. Municipios con mayor volumen y 100% de cumplimiento: Huila (44 envíos en el trimestre). Santa Marta (56 envíos en el trimestre). 4. Conclusión El proveedor postal alcanzó una eficacia del 88.10%, con 27 incumplimientos en 227 envíos, sin embargo los envíos internacionales tuvieron retrasos por temas aeroportuarios. | Z3: Si | AA3: 46055 | AB3: Se deben establecer estrategias para subir del nivel de aceptable a sobresaliente especialmente en aquellos envíos que se consideran de carácter crítico y que estén afectando la operación de la entidad.
A4: Gestión Documental y Correspondencia | B4: Área de Gestión Documental | C4: Seguimiento a la entrega de las transferencias documentales programadas | D4: Garantizar la correcta transferencia documental primaria por parte de las dependencias al archivo central, para facilitar su disponibilidad y consulta. | E4: Eficacia | F4: (No. de transferencias documentales aceptadas por el archivo central / No. de transferencias documentales recibidas) *100 | G4: PORCENTAJE | H4: Seguimiento semestral | I4: Anual ≥ 85% SOBRESALIENTE > 75% ACEPTABLE ≤ 75% DEFICIENTE | J4: Actas de Mesas de trabajo con las dependencias. Registro de Transferencia | K4: N/A | L4: N/A | M4: N/A | N4: N/A | O4: N/A | P4: 0.85 | Q4: N/A | R4: N/A | S4: N/A | T4: N/A | U4: N/A | V4: 0.85 | W4: https://drive.google.com/drive/folders/1TWyeHsb-RhJlBFLS5fm4J0bTTIQk8m05?usp=drive_link | X4: 46022 | Y4: Resultados del Semestre: Total transferencias recibidas: 7 Publicaciones: 1 (inicialmente rechazada por errores, luego corregida y aceptada). Correspondencia: 3 (todas aceptadas). Biblioteca Especializada: 2 (todas aceptadas). Patrimonio: 1 (aceptada). Transferencias aceptadas: 7 (tras corrección de Publicaciones). Indicador final: 100% (pero con un rechazo temporal). Hallazgos Clave: 1.Problema focalizado: Solo el área de Publicaciones presentó errores en su transferencia, lo que sugiere falta de capacitación. 2.Proceso correctivo efectivo: El rechazo inicial permitió identificar y solucionar los errores antes de la aceptación final. 3.Indicador "perfecto" con matices: Aunque el resultado final es 100%, el rechazo temporal revela fragilidades. Nota: El indicador cumple su objetivo, pero el rechazo inicial evidencia la necesidad de mejorar los controles preventivos para evitar retrasos y reprocesos. MEDICION III TRIMESTRE NO APLICA ES SEMESTRAL SEGUNDO SEMESTRE Resultados del Semestre: Total, transferencias recibidas: 8 Investigaciones: 1 (inicialmente rechazada por errores, luego corregida y aceptada). Jurídica: 2 (inicialmente rechazada por errores, luego corregida y aceptada). Control Interno: 1 (inicialmente rechazada por errores, luego corregida y aceptada). Almacén: 1 (inicialmente rechazada por errores, luego corregida y aceptada). Patrimonio: 1 (todas aceptadas). Biblioteca Especializada: 1 (aceptada). Antropología Social: 1 (aceptada). Transferencias aceptadas: 8 (tras corrección se legalizaron). Indicador final: 100% (pero con un rechazo temporal). Hallazgos Clave: 1.Problema focalizado: Se presentaron errores en transferencia, lo que sugiere falta de capacitación. 2.Proceso correctivo efectivo: El rechazo inicial permitió identificar y solucionar los errores antes de la aceptación final. 3.Indicador con matices: Aunque el resultado final es 100%, el rechazo temporal revela fragilidades. Nota: El indicador cumple su objetivo, pero el rechazo inicial evidencia la necesidad de mejorar los controles preventivos para evitar retrasos y reprocesos | Z4: Si | AA4: 46055 | AB4: Revisar si la meta esta acorde con lo requerido en el tema de transferencias de cara a la criticidad de esta actividad y generar estrategias para continuar subiendo el resultado.
A5: Gestión Documental y Correspondencia | B5: Área de Gestión Documental | C5: Cumplimiento del sistema de gestión documental | D5: Seguimiento a la ejecución de las actividades planteadas en el PINAR durante la vigencia | E5: Eficacia | F5: (Cantidad de actividades ejecutadas / Total actividades planeadas)*100 | G5: PORCENTAJE | H5: Trimestral Acumulada | I5: Anual ≥ 85% SOBRESALIENTE > 75% ACEPTABLE ≤ 75% DEFICIENTE | J5: PINAR | M5: 0.1667 | P5: =M5+16.67% -> 0.3334 | S5: 0.6667 | V5: 0.83 | W5: https://drive.google.com/drive/folders/14yLEc04qTkjkTHk4-6k8u3z4CHVzlQde?usp=drive_link | X5: 46022 | Y5: En el primer trimestre del año: Se realizaron las capacitaciones sobre diligenciamiento cuenta de cobro, capacitación de orfeo para usuarios nuevos, y se actualizaron el formato TRD, FUID y el de clasificación documental. Así mismo se actualizó la plantilla para implementar el expediente electrónico de archivo en el ICANH. Como parte del seguimiento al Plan Institucional de Archivos (PINAR), durante el primer trimestre se ejecutaron dos acciones estratégicas alineadas con los objetivos planteados: 1. Capacitación y Gestión del Cambio Se realizaron dos capacitaciones dirigidas al personal del ICANH: Manejo del SGD ORFEO (Sistema de Gestión Documental). Presentación de cuentas mediante el SGD ORFEO. En cumplimiento del Acuerdo 01 de 2024 del Archivo General de la Nación (AGN), se iniciaron las sesiones de trabajo para la actualización de las Tablas de Retención Documental (TRD). Como parte de este proceso, se revisarán y ajustarán los siguientes formatos: Formato de TRD. Cuadro de Clasificación Documental. Formato Único de Inventario Documental (FUID). 2. Implementación del Expediente Electrónico de Archivo Se elaboró el Procedimiento de Gestión de Documentos Electrónicos, el cual actualmente se encuentra en etapa de correcciones y ajustes. Conclusión Con estas acciones, el area funcional de gestion documental y corresondencia avanza en el cumplimiento de las metas proyectadas para el primer trimestre dentro del marco del PINAR, reforzando la gestión documental y la transición hacia procesos digitales eficientes. Nota: Este informe refleja el progreso según lo planeado, con ajustes pendientes en curso para garantizar el alineamiento con las normativas vigentes. Porcentaje de avance=(6/2)×100%= 31×100%≈33.33% Como parte del seguimiento al Plan Institucional de Archivos (PINAR), durante el segundo trimestre se ejecutaron tres acciones estratégicas alineadas con los objetivos planteados: 1. Plan de elaboración de las tablas de valoración documental TVD: Se formalizo en el comité de mayo la aprobación del Plan organización y descripción FDA (adjunto) 2. Capacitación y Gestión del Cambio en el mes de mayo Se realizó una capacitación dirigida al personal del ICANH: Manejo del SGD ORFEO (Sistema de Gestión Documental), presentación de cuentas mediante el SGD ORFEO. 3. Elaboración Tablas de Retención Documental periodos 2023-2024: En cumplimiento del Acuerdo 01 de 2024 del Archivo General de la Nación (AGN), se iniciaron las sesiones de trabajo para la actualización de las Tablas de Retención Documental (TRD). Como parte de este proceso, Para el presente seguimiento se realizaron las siguientes cesiones de actualización de las tablas de retención documental: 1. Dirección General 2. Oficina asesora de Planeación 3. Oficina asesora jurídica 4. Oficina de Control Interno 5. Subdirección de Investigación y Producción Científica 6. Área funcional de Publicaciones 7. Área funcional de librería Porcentaje de avance= 3/6= 50% de forma acumulada. Conclusión Con estas acciones, el área funcional de gestión documental y correspondencia avanza en el cumplimiento de las metas proyectadas para el segundo trimestre dentro del marco del PINAR, reforzando la gestión documental. Nota: Este informe refleja el progreso según lo planeado, con ajustes pendientes en curso para garantizar el alineamiento con las normativas vigentes MEDICION III TRIMESTRE El presente informe da cuenta del seguimiento y avance en la ejecución del Plan Institucional de Archivos (PINAR) durante el tercer trimestre de 2025: Porcentaje de Avance Acumulado Fórmula: (Actividades completadas / Total actividades programadas) × 100 Cálculo: 4 / 6 = 66.67% Detalle de Actividades por Estado ACTIVIDADES COMPLETADAS (4): 1. ✓ Plan de Elaboración de las Tablas de Valoración Documental (TVD) 2. ✓ Capacitación y Gestión del Cambio (3 capacitaciones ejecutadas) 3. ✓ Implementación del Expediente Electrónico de Archivo en el ICANH 4. ✓ Capacitación y Sensibilización en Atención de Emergencias en Archivo ACTIVIDADES EN DESARROLLO (2): 5. Elaboración de Tablas de Retención Documental periodos 2023-2024 (actividad permanente) 6. Plan de Auditoría y Control para la Gestión Documental MEDICION IV TRIMESTRE El presente informe da cuenta del seguimiento y avance en la ejecución del Plan Institucional de Archivos (PINAR) durante el cuarto trimestre de 2025: Porcentaje de Avance Acumulado Fórmula: (Actividades completadas / Total actividades programadas) × 100 Cálculo: 5 / 6 = 83.33% Detalle de Actividades por Estado ACTIVIDADES COMPLETADAS (4): 1. ✓ Plan de Elaboración de las Tablas de Valoración Documental (TVD) 2. ✓ Capacitación y Gestión del Cambio (3 capacitaciones ejecutadas) 3. ✓ Implementación del Expediente Electrónico de Archivo en el ICANH 4. ✓ Capacitación y Sensibilización en Atención de Emergencias en Archivo 5. Elaboración de Tablas de Retención Documental periodos 2023-2024 (actividad permanente) ACTIVIDADES EN DESARROLLO (1): 6. Plan de Auditoría y Control para la Gestión Documental (No se aprobó por el comité de gestión y desempeño por tiempo) CONCLUSION El Área Funcional de Gestión Documental y Correspondencia ha alcanzado un avance significativo del 83.3% en el cumplimiento de las metas establecidas en el PINAR para el cuarto trimestre de 2025, evidenciando: Mejora en las competencias técnicas del equipo a través de capacitaciones especializadas Avance sostenido en la actualización normativa de instrumentos archivísticos (TRD) Consolidación de lineamientos para la gestión de documentos electrónicos Las actividades pendientes mantienen su desarrollo programado, garantizando el alineamiento con las normativas vigentes y el cumplimiento de los compromisos establecidos en el Plan Institucional de Archivos para la próxima vigencia. | Z5: Si | AA5: 46055 | AB5: No se alcanza la meta de sobresaliente, definir claras estrategias que permitan seguir aumentando la medición siempre de cara a la criticidad del tema.
A6: Gestión Documental y Correspondencia | B6: Área de Gestión Documental | C6: Gestión en la digitalización del archivo del ICANH | D6: Medir el nivel de digitalización del archivo central del instituto, garantizando la preservación, accesibilidad y control del patrimonio documental institucional. | E6: Eficacia | F6: (Número de cajas digitalizadas / Total de cajas que llegan al archivo central del instituto) × 100 | G6: PORCENTAJE | H6: Trimestral Acumulada | I6: Anual ≥ 85% SOBRESALIENTE > 75% ACEPTABLE ≤ 75% DEFICIENTE | J6: Matriz de digitalización ICANH | V6: 0.76 | W6: https://drive.google.com/drive/folders/1UDwo45Ke5RRx5f7kcZRcGCbAe-L1q8-e?usp=sharing | X6: 46036 | Y6: Cálculo del Indicador trimestral Datos: • Cajas digitalizadas: 194 • Total de cajas que llegaron con proceso completo al archivo central: 255 Resultado: (194 / 255) × 100 = 76.08% Calificación del Desempeño Estado: ACEPTABLE Información para el Reporte • Cajas recibidas en el período: 255 cajas • Cajas digitalizadas: 194 cajas • Imágenes digitalizadas: 96,659 imágenes • Promedio de imágenes por caja: 498 imágenes aproximadamente • Porcentaje de cumplimiento: 76.08% Observación El indicador alcanza el nivel ACEPTABLE superando la meta mínima del 75%. El alto volumen de imágenes digitalizadas (96,659) demuestra un procesamiento amplio del acervo documental. Acciones a realizar: El indicador actual no refleja la carga de trabajo efectiva del equipo Las 96,659 imágenes digitalizadas representan un volumen de trabajo considerable Se propone Nueva Fórmula Fórmula: (Imágenes digitalizadas / Total de imágenes recibidas) × 100 Índice de Digitalización de Imágenes Esto debido a que Permite identificar con mayor detalle el avance del proceso y se adapta mejor a variaciones en el volumen de recepción | Z6: Si | AA6: 46043 | AB6: Se observa análisis del indicador con un resultado de aceptable según la meta planteada la cual se debe ir aumentando hasta llegar a un nivel satisfactorio con el fin de lograr el objetivo planteado por el indicador el cual debe garantizar la preservación, accesibilidad y control del patrimonio documental institucional. Importante especificar las acciones que van a implementar para alcanzar la meta respectiva.
A7: =COUNTA(A3:A6) -> 4 | Y7: .

Sheet Gestión Jurídica
A1: MATRIZ DE INDICADORES DE GESTIÓN ICANH AÑO 2025 | K1: MEDICIÓN DEL INDICADOR (RESULTADO) 2025 | X1: SEGUIMIENTO Y ANÁLISIS LÍDER DE PROCESO O DELEGADO | Z1: OFICINA ASESORA DE PLANEACIÓN
A2: PROCESO | B2: ÁREA RESPONSABLE | C2: NOMBRE DEL INDICADOR | D2: OBJETIVO DEL INDICADOR | E2: TIPO DE INDICADOR | F2: FÓRMULA | G2: UNIDAD DE MEDIDA | H2: FRECUENCIA DE MEDICIÓN | I2: META | J2: FUENTE | K2: Enero | L2: Febrero | M2: Marzo | N2: Abril | O2: Mayo | P2: Junio | Q2: Julio | R2: Agosto | S2: Septiembre | T2: Octubre | U2: Noviembre | V2: Diciembre | W2: RUTA DE EVIDENCIA | X2: Fecha del seguimiento | Y2: Observaciones - Análisis del resultado Se debe describir el análisis de la cifra que se coloca en la medición, la idea es evaluar el desempeño, identificar tendencias y tomar decisiones, determinando la evolución del indicador o variable a lo largo del tiempo, así como los principales aspectos a resaltar (positivos y oportunidades de mejora) así como las acciones que se realizan para lograr mantener y/o mejorar dicho resultado en busca del logro de la meta establecida. | Z2: Cumple la meta establecida | AA2: Fecha de seguimiento | AB2: Observaciones
A3: Gestión Jurídica | B3: Oficina Asesora Jurídica | C3: Oportunidad en la gestión de los procedimientos administrativos (Grupo de Arqueología) | D3: Establecer la oportunidad en la gestión de los procesos administrativos que realiza la Oficina Asesora Jurídica para el Grupo de Arqueología. | E3: Eficacia | F3: (N° de actos administrativos y comunicaciones del Grupo de Arqueología revisados y tramitados por la OAJ de forma oportuna* / Total de actos administrativos y comunicaciones solicitados por el Grupo de Arqueología) x 100 * 3 días. | G3: PORCENTAJE | H3: Semestral | I3: ≥ 85% | J3: Base de actos administrativos y comunicaciones solicitados por el Grupo de Arqueología. | M3: 0.495 | P3: 1 | S3: 0.8404 | V3: 0.8419 | W3: https://docs.google.com/spreadsheets/d/1cndV-TJfGcQGlLkCWAcMS7HgYwte7syw/edit?gid=273876646#gid=273876646 | X3: 46022 | Y3: De 282 solicitudes de revisión en Arqueología, 45 (15,96%) se tramitaron fuera del término. Aunque el 84,04% se atendió oportunamente, se requiere fortalecer el seguimiento de plazos y la coordinación interáreas para reducir retrasos y mantener la eficiencia en la gestión.
A4: Gestión Jurídica | B4: Oficina Asesora Jurídica | C4: Elaboración de conceptos para la fijación definitiva de los lineamientos jurídicos de la Entidad | D4: Determinar la gestión de la Oficina Jurídica en la elaboración de conceptos para la interpretación y aplicación de las normas, y el diseño de estrategias para mitigar el riesgo antijurídico en los procedimientos internos a cargo de las demás dependencias. | E4: Eficacia | F4: (Número de conceptos internos emitidos por la oficina jurídica a otras dependencias en los diez días hábiles siguientes a la fecha de recepción de la solicitud / total de solicitudes de concepto interno x 100 | G4: PORCENTAJE | H4: Trimestral | I4: ≥ 90% | J4: Base de datos trámites OAJ. | M4: 0.8876 | P4: 0.95 | S4: 0.9873 | V4: 96.73% | W4: https://docs.google.com/spreadsheets/d/1SJbEZvtGOpTDaAnedS6cD5EAZgCU5ABa/edit?usp=drive_link&ouid=115776357105162415345&rtpof=true&sd=true | X4: 46022 | Y4: El indicador muestra un alto nivel de cumplimiento en la emisión oportuna de conceptos internos, evidenciando una gestión eficiente pese al volumen de solicitudes. Los pocos casos vencidos no afectan el desempeño general y permiten identificar oportunidades de mejora asociadas a la priorización y seguimiento de casos complejos. Se realizan controles de tiempos y redistribución de cargas para mantener y mejorar el resultado.
A5: Gestión Jurídica | B5: Oficina Asesora Jurídica | C5: Atención a solicitudes externas de la Entidad por parte de la Oficina Jurídica | D5: Determinar la gestión de la Oficina Jurídica en la elaboración de conceptos para la atención a consultas externas de la Entidad tales como la rendición de cuentas, el test de proporcionalidad y consulta previa, y la radicación de proyectos legislativos. | E5: Eficacia | F5: (Número de gestiones externas realizadas por la oficina jurídica en los quince días hábiles siguientes a la fecha de recepción de la solicitud / total de solicitudes de gestión externa x 100 | G5: PORCENTAJE | H5: Trimestral | I5: ≥ 90% | J5: Base de datos trámites OAJ. | M5: 0.9504 | P5: 1 | S5: 0.9873 | V5: 99.06% | W5: https://docs.google.com/spreadsheets/d/1rN0FB4wqbQn7QCOiT8N6FzFrbA5GM6rP/edit?usp=drive_link&ouid=115776357105162415345&rtpof=true&sd=true | X5: 46022 | Y5: El indicador presenta un leve incumplimiento de la meta, que no evidencia un deterioro sustancial del desempeño, sino posibles debilidades en el registro y conteo de términos, así como en la precisión de la información reportada. Se identifica la necesidad de revisar la metodología de medición, en particular la contabilización de plazos y la calidad del registro de fechas, con el fin de asegurar que el indicador refleje de manera fiel la gestión realizada. Como acción de mejora, se fortalecerá el control y estandarización del registro de términos para optimizar el cumplimiento del indicador.
A6: =COUNTA(A3:A5) -> 3

Sheet Evaluación y Control
A1: MATRIZ DE INDICADORES DE GESTIÓN ICANH AÑO 2025 | K1: MEDICIÓN DEL INDICADOR (RESULTADO) | X1: SEGUIMIENTO Y ANÁLISIS LÍDER DE PROCESO O DELEGADO | Z1: OFICINA ASESORA DE PLANEACIÓN
A2: PROCESO | B2: ÁREA RESPONSABLE | C2: NOMBRE DEL INDICADOR | D2: OBJETIVO DEL INDICADOR | E2: TIPO DE INDICADOR | F2: FÓRMULA | G2: UNIDAD DE MEDIDA | H2: FRECUENCIA DE MEDICIÓN | I2: META | J2: FUENTE | K2: Enero | L2: Febrero | M2: Marzo | N2: Abril | O2: Mayo | P2: Junio | Q2: Julio | R2: Agosto | S2: Septiembre | T2: Octubre | U2: Noviembre | V2: Diciembre | W2: RUTA DE EVIDENCIA | X2: Fecha del seguimiento | Y2: Observaciones - Análisis del resultado Se debe describir el análisis de la cifra que se coloca en la medición, la idea es evaluar el desempeño, identificar tendencias y tomar decisiones, determinando la evolución del indicador o variable a lo largo del tiempo, así como los principales aspectos a resaltar (positivos y oportunidades de mejora) así como las acciones que se realizan para lograr mantener y/o mejorar dicho resultado en busca del logro de la meta establecida. | Z2: Cumple la meta establecida | AA2: Fecha del seguimiento | AB2: Observaciones
